Workbook

Sheet Matriz Riesgo
A1: #VALUE! | D1: GESTIÓN ESTARTEGICA | R1: Código: GE- FOR-07
D2: MATRIZ DE GESTION DE RIESGOS SAGRILAFT | R2: Versión: 03
R3: Fecha: 30/08/2025 | AI3: =SUMIF(AH6:AH51,">0") -> 0 | AJ3: =COUNTIF(AH6:AH51,">0") -> 0
B4: =COUNTA(B6:B51) -> 22 | M4: =SUBTOTAL(101,M6:M21) -> 6.1875 | U4: =AVERAGE(U6:U21) -> 0.47645833 | AE4: RIESGO RESIDUAL PROMEDIO | AG4: =ROUND(AG3,0) -> 0
A5: No. | B5: Proceso/Area | C5: Riesgo | D5: Causa | E5: Riesgo Asociado | F5: Factor de Riesgo | G5: Probabilidad | H5: Calificación | J5: Impacto | K5: Calificación | M5: Riesgo Inherente | N5: Control1 | O5: Control2 | P5: Control3 | Q5: Disminuye | U5: Efectividad | W5: P1 | X5: P2 | Y5: Total de Probabilidad | Z5: Total de Probabilidad | AB5: I1 | AC5: I2 | AD5: Total de Impacto | AE5: Total de Impacto | AG5: Riesgo Residual
A6: 1 | B6: Gerencia Comercial | C6: Vinculación de contrapartes con identidad falsa | D6: Deficiencias en identificación de cliente/contraparte. | E6: Legal | F6: contraparte / cliente | G6: Posible | H6: =IF(G6="Raro",1,IF(G6="Poco Probable",2,IF(G6="Posible",3,IF(G6="Muy Probable",4,IF(G6="Casi seguro",5," "))))) -> 3 | J6: Bajo | K6: =IF(J6="Muy Bajo",1,IF(J6="Bajo",2,IF(J6="Medio",3,IF(J6="Alto",4,IF(J6="Muy Alto",5," "))))) -> 2 | M6: =IFERROR(+H6*K6," ") -> 6 | N6: Formato de Vinculación | O6: Visita Entrevista | P6: Validación Listas | Q6: PROBABILIDAD | R6: =IFERROR(VLOOKUP(N6,'Calificación Controles'!$B$8:$AB$37,27,0)," ") -> 76.5 | S6: =IFERROR(VLOOKUP(O6,'Calificación Controles'!$B$8:$AB$37,27,0)," ") -> 76.5 | T6: 0 | U6: =IFERROR(((R6+S6+T6)/3)/100," ") -> 0.51 | W6: =IFERROR(IF(Q6="PROBABILIDAD",H6-(H6*U6),H6), " ") -> 1.47 | X6: =IFERROR(IF(Q6="PROBABILIDAD E IMPACTO",H6*U6,0), " ") -> 0 | Y6: =IFERROR(+W6-X6, " ") -> 1.47 | Z6: =IFERROR(ROUND(IF(Y6<=1,1,IF(Y6>1,Y6," ")),0)," ") -> 1 | AB6: =IFERROR(IF(Q6="IMPACTO",K6-(K6*U6),K6), " ") -> 2 | AC6: =IFERROR(IF(Q6="PROBABILIDAD E IMPACTO",K6*U6,0)," ") -> 0 | AD6: =IFERROR(+AB6-AC6," ") -> 2 | AE6: =IFERROR(ROUND(IF(AD6<=1,1,IF(AD6>1,AD6," ")),0)," ") -> 2 | AG6: =IFERROR(ROUNDUP(+Z6*AE6,0),0) -> 2
A7: =A6+1 -> 2 | B7: Gerencia de Gestión Humana | C7: Vinculación de contrapartes con identidad falsa | D7: Inadecuada o inexistente capacitación de funcionarios en prevención de LAFT. | E7: Legal | F7: contraparte / cliente | G7: Posible | H7: =IF(G7="Raro",1,IF(G7="Poco Probable",2,IF(G7="Posible",3,IF(G7="Muy Probable",4,IF(G7="Casi seguro",5," "))))) -> 3 | J7: Bajo | K7: =IF(J7="Muy Bajo",1,IF(J7="Bajo",2,IF(J7="Medio",3,IF(J7="Alto",4,IF(J7="Muy Alto",5," "))))) -> 2 | M7: =IFERROR(+H7*K7," ") -> 6 | N7: Formato de Vinculación | O7: Visita Entrevista | P7: Validación Listas | Q7: PROBABILIDAD | R7: =IFERROR(VLOOKUP(N7,'Calificación Controles'!$B$8:$AB$37,27,0)," ") -> 76.5 | S7: =IFERROR(VLOOKUP(O7,'Calificación Controles'!$B$8:$AB$37,27,0)," ") -> 76.5 | T7: 0 | U7: =IFERROR(((R7+S7+T7)/3)/100," ") -> 0.51 | W7: =IFERROR(IF(Q7="PROBABILIDAD",H7-(H7*U7),H7), " ") -> 1.47 | X7: =IFERROR(IF(Q7="PROBABILIDAD E IMPACTO",H7*U7,0), " ") -> 0 | Y7: =IFERROR(+W7-X7, " ") -> 1.47 | Z7: =IFERROR(ROUND(IF(Y7<=1,1,IF(Y7>1,Y7," ")),0)," ") -> 1 | AB7: =IFERROR(IF(Q7="IMPACTO",K7-(K7*U7),K7), " ") -> 2 | AC7: =IFERROR(IF(Q7="PROBABILIDAD E IMPACTO",K7*U7,0)," ") -> 0 | AD7: =IFERROR(+AB7-AC7," ") -> 2 | AE7: =IFERROR(ROUND(IF(AD7<=1,1,IF(AD7>1,AD7," ")),0)," ") -> 2 | AG7: =IFERROR(ROUNDUP(+Z7*AE7,0),0) -> 2
A8: =A7+1 -> 3 | B8: Gerencia Financiera y Contable | C8: Vinculación de contrapartes con identidad falsa | D8: Inadecuados o inexistentes procedimientos de validación de listas Restrictivas. | E8: Reputacional | F8: contraparte / cliente | G8: Posible | H8: =IF(G8="Raro",1,IF(G8="Poco Probable",2,IF(G8="Posible",3,IF(G8="Muy Probable",4,IF(G8="Casi seguro",5," "))))) -> 3 | J8: Medio | K8: =IF(J8="Muy Bajo",1,IF(J8="Bajo",2,IF(J8="Medio",3,IF(J8="Alto",4,IF(J8="Muy Alto",5," "))))) -> 3 | M8: =IFERROR(+H8*K8," ") -> 9 | N8: Formato de Vinculación | O8: Visita Entrevista | P8: Validación Listas | Q8: PROBABILIDAD | R8: =IFERROR(VLOOKUP(N8,'Calificación Controles'!$B$8:$AB$37,27,0)," ") -> 76.5 | S8: =IFERROR(VLOOKUP(O8,'Calificación Controles'!$B$8:$AB$37,27,0)," ") -> 76.5 | T8: 0 | U8: =IFERROR(((R8+S8+T8)/3)/100," ") -> 0.51 | W8: =IFERROR(IF(Q8="PROBABILIDAD",H8-(H8*U8),H8), " ") -> 1.47 | X8: =IFERROR(IF(Q8="PROBABILIDAD E IMPACTO",H8*U8,0), " ") -> 0 | Y8: =IFERROR(+W8-X8, " ") -> 1.47 | Z8: =IFERROR(ROUND(IF(Y8<=1,1,IF(Y8>1,Y8," ")),0)," ") -> 1 | AB8: =IFERROR(IF(Q8="IMPACTO",K8-(K8*U8),K8), " ") -> 3 | AC8: =IFERROR(IF(Q8="PROBABILIDAD E IMPACTO",K8*U8,0)," ") -> 0 | AD8: =IFERROR(+AB8-AC8," ") -> 3 | AE8: =IFERROR(ROUND(IF(AD8<=1,1,IF(AD8>1,AD8," ")),0)," ") -> 3 | AG8: =IFERROR(ROUNDUP(+Z8*AE8,0),0) -> 3
A9: =A8+1 -> 4 | B9: Gerencia Comercial | C9: Vinculación de clientes relacionados en delitos de Lavado de Activos, Financiación del Terrorismo y proliferación de Armas | D9: Deficiencias en identificación de cliente/contraparte. | E9: Legal | F9: contraparte / cliente | G9: Posible | H9: =IF(G9="Raro",1,IF(G9="Poco Probable",2,IF(G9="Posible",3,IF(G9="Muy Probable",4,IF(G9="Casi seguro",5," "))))) -> 3 | J9: Bajo | K9: =IF(J9="Muy Bajo",1,IF(J9="Bajo",2,IF(J9="Medio",3,IF(J9="Alto",4,IF(J9="Muy Alto",5," "))))) -> 2 | M9: =IFERROR(+H9*K9," ") -> 6 | N9: Validación Listas | O9: Reporte Inusuales | P9: Sin Control | Q9: PROBABILIDAD | R9: =IFERROR(VLOOKUP(N9,'Calificación Controles'!$B$8:$AB$37,27,0)," ") -> 76.5 | S9: =IFERROR(VLOOKUP(O9,'Calificación Controles'!$B$8:$AB$37,27,0)," ") -> 63 | T9: 0 | U9: =IFERROR(((R9+S9+T9)/3)/100," ") -> 0.465 | W9: =IFERROR(IF(Q9="PROBABILIDAD",H9-(H9*U9),H9), " ") -> 1.605 | X9: =IFERROR(IF(Q9="PROBABILIDAD E IMPACTO",H9*U9,0), " ") -> 0 | Y9: =IFERROR(+W9-X9, " ") -> 1.605 | Z9: =IFERROR(ROUND(IF(Y9<=1,1,IF(Y9>1,Y9," ")),0)," ") -> 2 | AB9: =IFERROR(IF(Q9="IMPACTO",K9-(K9*U9),K9), " ") -> 2 | AC9: =IFERROR(IF(Q9="PROBABILIDAD E IMPACTO",K9*U9,0)," ") -> 0 | AD9: =IFERROR(+AB9-AC9," ") -> 2 | AE9: =IFERROR(ROUND(IF(AD9<=1,1,IF(AD9>1,AD9," ")),0)," ") -> 2 | AG9: =IFERROR(ROUNDUP(+Z9*AE9,0),0) -> 4
A10: =A9+1 -> 5 | B10: Gerencia de Postventa | C10: Vinculación de clientes relacionados en delitos de Lavado de Activos, Financiación del Terrorismo y proliferación de Armas | D10: Inadecuados o inexistentes procedimientos de validación de listas Restrictivas. | E10: Legal | F10: contraparte / cliente | G10: Muy Probable | H10: =IF(G10="Raro",1,IF(G10="Poco Probable",2,IF(G10="Posible",3,IF(G10="Muy Probable",4,IF(G10="Casi seguro",5," "))))) -> 4 | J10: Medio | K10: =IF(J10="Muy Bajo",1,IF(J10="Bajo",2,IF(J10="Medio",3,IF(J10="Alto",4,IF(J10="Muy Alto",5," "))))) -> 3 | M10: =IFERROR(+H10*K10," ") -> 12 | N10: Validación Listas | O10: Consulta RUNT | P10: Sin Control | Q10: PROBABILIDAD | R10: =IFERROR(VLOOKUP(N10,'Calificación Controles'!$B$8:$AB$37,27,0)," ") -> 76.5 | S10: =IFERROR(VLOOKUP(O10,'Calificación Controles'!$B$8:$AB$37,27,0)," ") -> 63 | T10: 0 | U10: =IFERROR(((R10+S10+T10)/3)/100," ") -> 0.465 | W10: =IFERROR(IF(Q10="PROBABILIDAD",H10-(H10*U10),H10), " ") -> 2.14 | X10: =IFERROR(IF(Q10="PROBABILIDAD E IMPACTO",H10*U10,0), " ") -> 0 | Y10: =IFERROR(+W10-X10, " ") -> 2.14 | Z10: =IFERROR(ROUND(IF(Y10<=1,1,IF(Y10>1,Y10," ")),0)," ") -> 2 | AB10: =IFERROR(IF(Q10="IMPACTO",K10-(K10*U10),K10), " ") -> 3 | AC10: =IFERROR(IF(Q10="PROBABILIDAD E IMPACTO",K10*U10,0)," ") -> 0 | AD10: =IFERROR(+AB10-AC10," ") -> 3 | AE10: =IFERROR(ROUND(IF(AD10<=1,1,IF(AD10>1,AD10," ")),0)," ") -> 3 | AG10: =IFERROR(ROUNDUP(+Z10*AE10,0),0) -> 6
A11: =A10+1 -> 6 | B11: Gerencia General | C11: Vinculación de clientes relacionados en delitos de Lavado de Activos, Financiación del Terrorismo y proliferación de Armas | D11: Falta de recursos económicos, físicos, tecnológicos y humanos. | E11: Operacional | F11: contraparte / cliente | G11: Posible | H11: =IF(G11="Raro",1,IF(G11="Poco Probable",2,IF(G11="Posible",3,IF(G11="Muy Probable",4,IF(G11="Casi seguro",5," "))))) -> 3 | J11: Bajo | K11: =IF(J11="Muy Bajo",1,IF(J11="Bajo",2,IF(J11="Medio",3,IF(J11="Alto",4,IF(J11="Muy Alto",5," "))))) -> 2 | M11: =IFERROR(+H11*K11," ") -> 6 | N11: Validación Listas | O11: Actualización Información | P11: Sin Control | Q11: PROBABILIDAD | R11: =IFERROR(VLOOKUP(N11,'Calificación Controles'!$B$8:$AB$37,27,0)," ") -> 76.5 | S11: =IFERROR(VLOOKUP(O11,'Calificación Controles'!$B$8:$AB$37,27,0)," ") -> 61.5 | T11: 0 | U11: =IFERROR(((R11+S11+T11)/3)/100," ") -> 0.46 | W11: =IFERROR(IF(Q11="PROBABILIDAD",H11-(H11*U11),H11), " ") -> 1.62 | X11: =IFERROR(IF(Q11="PROBABILIDAD E IMPACTO",H11*U11,0), " ") -> 0 | Y11: =IFERROR(+W11-X11, " ") -> 1.62 | Z11: =IFERROR(ROUND(IF(Y11<=1,1,IF(Y11>1,Y11," ")),0)," ") -> 2 | AB11: =IFERROR(IF(Q11="IMPACTO",K11-(K11*U11),K11), " ") -> 2 | AC11: =IFERROR(IF(Q11="PROBABILIDAD E IMPACTO",K11*U11,0)," ") -> 0 | AD11: =IFERROR(+AB11-AC11," ") -> 2 | AE11: =IFERROR(ROUND(IF(AD11<=1,1,IF(AD11>1,AD11," ")),0)," ") -> 2 | AG11: =IFERROR(ROUNDUP(+Z11*AE11,0),0) -> 4
A12: =A11+1 -> 7 | B12: Gerencia de Postventa | C12: Usar los canales de distribución con fines ilícitos | D12: No existen políticas ni procedimientos para la prevención de LAFT. | E12: Operacional | F12: Canales | G12: Posible | H12: =IF(G12="Raro",1,IF(G12="Poco Probable",2,IF(G12="Posible",3,IF(G12="Muy Probable",4,IF(G12="Casi seguro",5," "))))) -> 3 | J12: Bajo | K12: =IF(J12="Muy Bajo",1,IF(J12="Bajo",2,IF(J12="Medio",3,IF(J12="Alto",4,IF(J12="Muy Alto",5," "))))) -> 2 | M12: =IFERROR(+H12*K12," ") -> 6 | N12: Vinculación Proveedores | O12: Actualización Información | P12: Sin Control | Q12: PROBABILIDAD | R12: =IFERROR(VLOOKUP(N12,'Calificación Controles'!$B$8:$AB$37,27,0)," ") -> 48 | S12: =IFERROR(VLOOKUP(O12,'Calificación Controles'!$B$8:$AB$37,27,0)," ") -> 61.5 | T12: 0 | U12: =IFERROR(((R12+S12+T12)/3)/100," ") -> 0.365 | W12: =IFERROR(IF(Q12="PROBABILIDAD",H12-(H12*U12),H12), " ") -> 1.905 | X12: =IFERROR(IF(Q12="PROBABILIDAD E IMPACTO",H12*U12,0), " ") -> 0 | Y12: =IFERROR(+W12-X12, " ") -> 1.905 | Z12: =IFERROR(ROUND(IF(Y12<=1,1,IF(Y12>1,Y12," ")),0)," ") -> 2 | AB12: =IFERROR(IF(Q12="IMPACTO",K12-(K12*U12),K12), " ") -> 2 | AC12: =IFERROR(IF(Q12="PROBABILIDAD E IMPACTO",K12*U12,0)," ") -> 0 | AD12: =IFERROR(+AB12-AC12," ") -> 2 | AE12: =IFERROR(ROUND(IF(AD12<=1,1,IF(AD12>1,AD12," ")),0)," ") -> 2 | AG12: =IFERROR(ROUNDUP(+Z12*AE12,0),0) -> 4
A13: =A12+1 -> 8 | B13: Gerencia Comercial | C13: Clientes que separan vehiculos con abonos en efectivo y no regresan o regresan despues a deshacer el negocio | D13: Inadecuadas polìticas de separación de vehículos | E13: Legal | F13: contraparte / cliente | G13: Posible | H13: =IF(G13="Raro",1,IF(G13="Poco Probable",2,IF(G13="Posible",3,IF(G13="Muy Probable",4,IF(G13="Casi seguro",5," "))))) -> 3 | J13: Medio | K13: =IF(J13="Muy Bajo",1,IF(J13="Bajo",2,IF(J13="Medio",3,IF(J13="Alto",4,IF(J13="Muy Alto",5," "))))) -> 3 | M13: =IFERROR(+H13*K13," ") -> 9 | N13: Entidad Financiera | O13: Reporte Inusuales | P13: Sin Control | Q13: IMPACTO | R13: =IFERROR(VLOOKUP(N13,'Calificación Controles'!$B$8:$AB$37,27,0)," ") -> 82.5 | S13: =IFERROR(VLOOKUP(O13,'Calificación Controles'!$B$8:$AB$37,27,0)," ") -> 63 | T13: 0 | U13: =IFERROR(((R13+S13+T13)/3)/100," ") -> 0.485 | W13: =IFERROR(IF(Q13="PROBABILIDAD",H13-(H13*U13),H13), " ") -> 3 | X13: =IFERROR(IF(Q13="PROBABILIDAD E IMPACTO",H13*U13,0), " ") -> 0 | Y13: =IFERROR(+W13-X13, " ") -> 3 | Z13: =IFERROR(ROUND(IF(Y13<=1,1,IF(Y13>1,Y13," ")),0)," ") -> 3 | AB13: =IFERROR(IF(Q13="IMPACTO",K13-(K13*U13),K13), " ") -> 1.545 | AC13: =IFERROR(IF(Q13="PROBABILIDAD E IMPACTO",K13*U13,0)," ") -> 0 | AD13: =IFERROR(+AB13-AC13," ") -> 1.545 | AE13: =IFERROR(ROUND(IF(AD13<=1,1,IF(AD13>1,AD13," ")),0)," ") -> 2 | AG13: =IFERROR(ROUNDUP(+Z13*AE13,0),0) -> 6
A14: =A13+1 -> 9 | B14: Gerencia Comercial | C14: Operaciones con clientes ubicados en zonas de alto riesgo Lavado de Activos, Financiación del Terrorismo y proliferación de Armas | D14: No existen políticas ni procedimientos para la prevención de LAFT. | E14: Operacional | F14: Jurisdicción | G14: Poco Probable | H14: =IF(G14="Raro",1,IF(G14="Poco Probable",2,IF(G14="Posible",3,IF(G14="Muy Probable",4,IF(G14="Casi seguro",5," "))))) -> 2 | J14: Bajo | K14: =IF(J14="Muy Bajo",1,IF(J14="Bajo",2,IF(J14="Medio",3,IF(J14="Alto",4,IF(J14="Muy Alto",5," "))))) -> 2 | M14: =IFERROR(+H14*K14," ") -> 4 | N14: Visita Entrevista | O14: Monitoreo de Transacciones | P14: Sin Control | Q14: PROBABILIDAD | R14: =IFERROR(VLOOKUP(N14,'Calificación Controles'!$B$8:$AB$37,27,0)," ") -> 76.5 | S14: =IFERROR(VLOOKUP(O14,'Calificación Controles'!$B$8:$AB$37,27,0)," ") -> 62.5 | T14: 0 | U14: =IFERROR(((R14+S14+T14)/3)/100," ") -> 0.46333333 | W14: =IFERROR(IF(Q14="PROBABILIDAD",H14-(H14*U14),H14), " ") -> 1.0733333 | X14: =IFERROR(IF(Q14="PROBABILIDAD E IMPACTO",H14*U14,0), " ") -> 0 | Y14: =IFERROR(+W14-X14, " ") -> 1.0733333 | Z14: =IFERROR(ROUND(IF(Y14<=1,1,IF(Y14>1,Y14," ")),0)," ") -> 1 | AB14: =IFERROR(IF(Q14="IMPACTO",K14-(K14*U14),K14), " ") -> 2 | AC14: =IFERROR(IF(Q14="PROBABILIDAD E IMPACTO",K14*U14,0)," ") -> 0 | AD14: =IFERROR(+AB14-AC14," ") -> 2 | AE14: =IFERROR(ROUND(IF(AD14<=1,1,IF(AD14>1,AD14," ")),0)," ") -> 2 | AG14: =IFERROR(ROUNDUP(+Z14*AE14,0),0) -> 2
A15: =A14+1 -> 10 | B15: Gerencia Financiera y Contable | C15: Realizar operaciones con documentos falsos | D15: Deficiencias en identificación de cliente/contraparte. | E15: Legal | F15: contraparte / cliente | G15: Posible | H15: =IF(G15="Raro",1,IF(G15="Poco Probable",2,IF(G15="Posible",3,IF(G15="Muy Probable",4,IF(G15="Casi seguro",5," "))))) -> 3 | J15: Bajo | K15: =IF(J15="Muy Bajo",1,IF(J15="Bajo",2,IF(J15="Medio",3,IF(J15="Alto",4,IF(J15="Muy Alto",5," "))))) -> 2 | M15: =IFERROR(+H15*K15," ") -> 6 | N15: Vinculación Proveedores | O15: Validación Listas | P15: Sin Control | Q15: PROBABILIDAD | R15: =IFERROR(VLOOKUP(N15,'Calificación Controles'!$B$8:$AB$37,27,0)," ") -> 48 | S15: =IFERROR(VLOOKUP(O15,'Calificación Controles'!$B$8:$AB$37,27,0)," ") -> 76.5 | T15: 0 | U15: =IFERROR(((R15+S15+T15)/3)/100," ") -> 0.415 | W15: =IFERROR(IF(Q15="PROBABILIDAD",H15-(H15*U15),H15), " ") -> 1.755 | X15: =IFERROR(IF(Q15="PROBABILIDAD E IMPACTO",H15*U15,0), " ") -> 0 | Y15: =IFERROR(+W15-X15, " ") -> 1.755 | Z15: =IFERROR(ROUND(IF(Y15<=1,1,IF(Y15>1,Y15," ")),0)," ") -> 2 | AB15: =IFERROR(IF(Q15="IMPACTO",K15-(K15*U15),K15), " ") -> 2 | AC15: =IFERROR(IF(Q15="PROBABILIDAD E IMPACTO",K15*U15,0)," ") -> 0 | AD15: =IFERROR(+AB15-AC15," ") -> 2 | AE15: =IFERROR(ROUND(IF(AD15<=1,1,IF(AD15>1,AD15," ")),0)," ") -> 2 | AG15: =IFERROR(ROUNDUP(+Z15*AE15,0),0) -> 4
A16: =A15+1 -> 11 | B16: Gestión Humana | C16: Realizar operaciones con documentos falsos | D16: Inadecuada o inexistente capacitación de funcionarios en prevención de LAFT. | E16: Operacional | F16: contraparte / cliente | G16: Posible | H16: =IF(G16="Raro",1,IF(G16="Poco Probable",2,IF(G16="Posible",3,IF(G16="Muy Probable",4,IF(G16="Casi seguro",5," "))))) -> 3 | J16: Bajo | K16: =IF(J16="Muy Bajo",1,IF(J16="Bajo",2,IF(J16="Medio",3,IF(J16="Alto",4,IF(J16="Muy Alto",5," "))))) -> 2 | M16: =IFERROR(+H16*K16," ") -> 6 | N16: Visita Entrevista | O16: Validación Listas | P16: Sin Control | Q16: PROBABILIDAD | R16: =IFERROR(VLOOKUP(N16,'Calificación Controles'!$B$8:$AB$37,27,0)," ") -> 76.5 | S16: =IFERROR(VLOOKUP(O16,'Calificación Controles'!$B$8:$AB$37,27,0)," ") -> 76.5 | T16: 0 | U16: =IFERROR(((R16+S16+T16)/3)/100," ") -> 0.51 | W16: =IFERROR(IF(Q16="PROBABILIDAD",H16-(H16*U16),H16), " ") -> 1.47 | X16: =IFERROR(IF(Q16="PROBABILIDAD E IMPACTO",H16*U16,0), " ") -> 0 | Y16: =IFERROR(+W16-X16, " ") -> 1.47 | Z16: =IFERROR(ROUND(IF(Y16<=1,1,IF(Y16>1,Y16," ")),0)," ") -> 1 | AB16: =IFERROR(IF(Q16="IMPACTO",K16-(K16*U16),K16), " ") -> 2 | AC16: =IFERROR(IF(Q16="PROBABILIDAD E IMPACTO",K16*U16,0)," ") -> 0 | AD16: =IFERROR(+AB16-AC16," ") -> 2 | AE16: =IFERROR(ROUND(IF(AD16<=1,1,IF(AD16>1,AD16," ")),0)," ") -> 2 | AG16: =IFERROR(ROUNDUP(+Z16*AE16,0),0) -> 2
A17: =A16+1 -> 12 | B17: Gerencia Financiera y Contable | C17: Recibir aportes de dinero proveniente de actividades ilícitas | D17: Inadecuadas políticas de recepción de efectivo | E17: Legal | F17: Accionistas | G17: Raro | H17: =IF(G17="Raro",1,IF(G17="Poco Probable",2,IF(G17="Posible",3,IF(G17="Muy Probable",4,IF(G17="Casi seguro",5," "))))) -> 1 | J17: Medio | K17: =IF(J17="Muy Bajo",1,IF(J17="Bajo",2,IF(J17="Medio",3,IF(J17="Alto",4,IF(J17="Muy Alto",5," "))))) -> 3 | M17: =IFERROR(+H17*K17," ") -> 3 | N17: Entidad Financiera | O17: Declaración de Origen de Fondos | P17: Sin Control | Q17: PROBABILIDAD | R17: =IFERROR(VLOOKUP(N17,'Calificación Controles'!$B$8:$AB$37,27,0)," ") -> 82.5 | S17: =IFERROR(VLOOKUP(O17,'Calificación Controles'!$B$8:$AB$37,27,0)," ") -> 55.5 | T17: 0 | U17: =IFERROR(((R17+S17+T17)/3)/100," ") -> 0.46 | W17: =IFERROR(IF(Q17="PROBABILIDAD",H17-(H17*U17),H17), " ") -> 0.54 | X17: =IFERROR(IF(Q17="PROBABILIDAD E IMPACTO",H17*U17,0), " ") -> 0 | Y17: =IFERROR(+W17-X17, " ") -> 0.54 | Z17: =IFERROR(ROUND(IF(Y17<=1,1,IF(Y17>1,Y17," ")),0)," ") -> 1 | AB17: =IFERROR(IF(Q17="IMPACTO",K17-(K17*U17),K17), " ") -> 3 | AC17: =IFERROR(IF(Q17="PROBABILIDAD E IMPACTO",K17*U17,0)," ") -> 0 | AD17: =IFERROR(+AB17-AC17," ") -> 3 | AE17: =IFERROR(ROUND(IF(AD17<=1,1,IF(AD17>1,AD17," ")),0)," ") -> 3 | AG17: =IFERROR(ROUNDUP(+Z17*AE17,0),0) -> 3
A18: =A17+1 -> 13 | B18: Gerencia Financiera y Contable | C18: Tener en La compañìa un empleado/colaborador involucrado en actividades de Lavado de Activos, Financiación del Terrorismo y proliferación de Armas | D18: Deficiente estructuración del sistema de prevención de LAFT. | E18: Operacional | F18: contraparte / cliente | G18: Raro | H18: =IF(G18="Raro",1,IF(G18="Poco Probable",2,IF(G18="Posible",3,IF(G18="Muy Probable",4,IF(G18="Casi seguro",5," "))))) -> 1 | J18: Bajo | K18: =IF(J18="Muy Bajo",1,IF(J18="Bajo",2,IF(J18="Medio",3,IF(J18="Alto",4,IF(J18="Muy Alto",5," "))))) -> 2 | M18: =IFERROR(+H18*K18," ") -> 2 | N18: Validación Listas | O18: Capacitación SAGRILAFT | P18: Sin Control | Q18: PROBABILIDAD | R18: =IFERROR(VLOOKUP(N18,'Calificación Controles'!$B$8:$AB$37,27,0)," ") -> 76.5 | S18: =IFERROR(VLOOKUP(O18,'Calificación Controles'!$B$8:$AB$37,27,0)," ") -> 69 | T18: 0 | U18: =IFERROR(((R18+S18+T18)/3)/100," ") -> 0.485 | W18: =IFERROR(IF(Q18="PROBABILIDAD",H18-(H18*U18),H18), " ") -> 0.515 | X18: =IFERROR(IF(Q18="PROBABILIDAD E IMPACTO",H18*U18,0), " ") -> 0 | Y18: =IFERROR(+W18-X18, " ") -> 0.515 | Z18: =IFERROR(ROUND(IF(Y18<=1,1,IF(Y18>1,Y18," ")),0)," ") -> 1 | AB18: =IFERROR(IF(Q18="IMPACTO",K18-(K18*U18),K18), " ") -> 2 | AC18: =IFERROR(IF(Q18="PROBABILIDAD E IMPACTO",K18*U18,0)," ") -> 0 | AD18: =IFERROR(+AB18-AC18," ") -> 2 | AE18: =IFERROR(ROUND(IF(AD18<=1,1,IF(AD18>1,AD18," ")),0)," ") -> 2 | AG18: =IFERROR(ROUNDUP(+Z18*AE18,0),0) -> 2
... A21: =A20+1 -> 16 | B21: Administrativa | C21: Recibir Multas o sanciones por parte de las entidades de control | D21: Deficiente estructuración del sistema de prevención de LAFT. | E21: Legal | F21: contraparte / cliente | G21: Raro | H21: =IF(G21="Raro",1,IF(G21="Poco Probable",2,IF(G21="Posible",3,IF(G21="Muy Probable",4,IF(G21="Casi seguro",5," "))))) -> 1 | J21: Medio | K21: =IF(J21="Muy Bajo",1,IF(J21="Bajo",2,IF(J21="Medio",3,IF(J21="Alto",4,IF(J21="Muy Alto",5," "))))) -> 3 | M21: =IFERROR(+H21*K21," ") -> 3 | N21: Políticas SAGRILAFT | O21: Manual SAGRILAFT | P21: Sin Control | Q21: PROBABILIDAD | R21: =IFERROR(VLOOKUP(N21,'Calificación Controles'!$B$8:$AB$37,27,0)," ") -> 82.5 | S21: =IFERROR(VLOOKUP(O21,'Calificación Controles'!$B$8:$AB$37,27,0)," ") -> 82.5 | T21: 0 | U21: =IFERROR(((R21+S21+T21)/3)/100," ") -> 0.55 | W21: =IFERROR(IF(Q21="PROBABILIDAD",H21-(H21*U21),H21), " ") -> 0.45 | X21: =IFERROR(IF(Q21="PROBABILIDAD E IMPACTO",H21*U21,0), " ") -> 0 | Y21: =IFERROR(+W21-X21, " ") -> 0.45 | Z21: =IFERROR(ROUND(IF(Y21<=1,1,IF(Y21>1,Y21," ")),0)," ") -> 1 | AB21: =IFERROR(IF(Q21="IMPACTO",K21-(K21*U21),K21), " ") -> 3 | AC21: =IFERROR(IF(Q21="PROBABILIDAD E IMPACTO",K21*U21,0)," ") -> 0 | AD21: =IFERROR(+AB21-AC21," ") -> 3 | AE21: =IFERROR(ROUND(IF(AD21<=1,1,IF(AD21>1,AD21," ")),0)," ") -> 3 | AG21: =IFERROR(ROUNDUP(+Z21*AE21,0),0) -> 3
A22: =A21+1 -> 17 | B22: Gerencia Comercial | C22: Relación con compañías Fachada | D22: Deficiencias en identificación de cliente/contraparte. | E22: Legal | F22: contraparte / cliente | G22: Posible | H22: =IF(G22="Raro",1,IF(G22="Poco Probable",2,IF(G22="Posible",3,IF(G22="Muy Probable",4,IF(G22="Casi seguro",5," "))))) -> 3 | J22: Medio | K22: =IF(J22="Muy Bajo",1,IF(J22="Bajo",2,IF(J22="Medio",3,IF(J22="Alto",4,IF(J22="Muy Alto",5," "))))) -> 3 | M22: =IFERROR(+H22*K22," ") -> 9 | N22: Formato de Vinculación | O22: Validación Listas | P22: Sin Control | Q22: PROBABILIDAD | R22: =IFERROR(VLOOKUP(N22,'Calificación Controles'!$B$8:$AB$37,27,0)," ") -> 76.5 | S22: =IFERROR(VLOOKUP(O22,'Calificación Controles'!$B$8:$AB$37,27,0)," ") -> 76.5 | T22: =IFERROR(VLOOKUP(P22,'Calificación Controles'!$B$8:$AB$37,27,0), " ") -> 40 | U22: =IFERROR(((R22+S22+T22)/3)/100," ") -> 0.64333333 | W22: =IFERROR(IF(Q22="PROBABILIDAD",H22-(H22*U22),H22), " ") -> 1.07 | X22: =IFERROR(IF(Q22="PROBABILIDAD E IMPACTO",H22*U22,0), " ") -> 0 | Y22: =IFERROR(+W22-X22, " ") -> 1.07 | Z22: =IFERROR(ROUND(IF(Y22<=1,1,IF(Y22>1,Y22," ")),0)," ") -> 1 | AB22: =IFERROR(IF(Q22="IMPACTO",K22-(K22*U22),K22), " ") -> 3 | AC22: =IFERROR(IF(Q22="PROBABILIDAD E IMPACTO",K22*U22,0)," ") -> 0 | AD22: =IFERROR(+AB22-AC22," ") -> 3 | AE22: =IFERROR(ROUND(IF(AD22<=1,1,IF(AD22>1,AD22," ")),0)," ") -> 3 | AG22: =IFERROR(ROUNDUP(+Z22*AE22,0),0) -> 3
A23: =A22+1 -> 18 | B23: Gerencia Comercial | C23: Retoma de vehículos con procedencia de delitos de lavado de activos o financiación del terrorismo u otros delitos | D23: Inadecuados procedimientos de validación de antecedentes de vehículos | E23: Operacional | F23: contraparte / cliente | G23: Posible | H23: =IF(G23="Raro",1,IF(G23="Poco Probable",2,IF(G23="Posible",3,IF(G23="Muy Probable",4,IF(G23="Casi seguro",5," "))))) -> 3 | J23: Alto | K23: =IF(J23="Muy Bajo",1,IF(J23="Bajo",2,IF(J23="Medio",3,IF(J23="Alto",4,IF(J23="Muy Alto",5," "))))) -> 4 | M23: =IFERROR(+H23*K23," ") -> 12 | N23: Consulta RUNT | O23: Validación Formato | P23: Sin Control | Q23: PROBABILIDAD E IMPACTO | R23: =IFERROR(VLOOKUP(N23,'Calificación Controles'!$B$8:$AB$37,27,0)," ") -> 63 | S23: =IFERROR(VLOOKUP(O23,'Calificación Controles'!$B$8:$AB$37,27,0)," ") -> 77.5 | T23: =IFERROR(VLOOKUP(P23,'Calificación Controles'!$B$8:$AB$37,27,0), " ") -> 40 | U23: =IFERROR(((R23+S23+T23)/3)/100," ") -> 0.60166667 | W23: =IFERROR(IF(Q23="PROBABILIDAD",H23-(H23*U23),H23), " ") -> 3 | X23: =IFERROR(IF(Q23="PROBABILIDAD E IMPACTO",H23*U23,0), " ") -> 1.805 | Y23: =IFERROR(+W23-X23, " ") -> 1.195 | Z23: =IFERROR(ROUND(IF(Y23<=1,1,IF(Y23>1,Y23," ")),0)," ") -> 1 | AB23: =IFERROR(IF(Q23="IMPACTO",K23-(K23*U23),K23), " ") -> 4 | AC23: =IFERROR(IF(Q23="PROBABILIDAD E IMPACTO",K23*U23,0)," ") -> 2.4066667 | AD23: =IFERROR(+AB23-AC23," ") -> 1.5933333 | AE23: =IFERROR(ROUND(IF(AD23<=1,1,IF(AD23>1,AD23," ")),0)," ") -> 2 | AG23: =IFERROR(ROUNDUP(+Z23*AE23,0),0) -> 2
A24: =A23+1 -> 19 | B24: Gerencia Comercial | C24: Clientes que separan vehiculos con abonos en efectivo y no regresan o regresan despues a deshacer el negocio | D24: Inadecuadas polìticas de separación de vehículos | E24: Operacional | F24: contraparte / cliente | G24: Poco Probable | H24: =IF(G24="Raro",1,IF(G24="Poco Probable",2,IF(G24="Posible",3,IF(G24="Muy Probable",4,IF(G24="Casi seguro",5," "))))) -> 2 | J24: Alto | K24: =IF(J24="Muy Bajo",1,IF(J24="Bajo",2,IF(J24="Medio",3,IF(J24="Alto",4,IF(J24="Muy Alto",5," "))))) -> 4 | M24: =IFERROR(+H24*K24," ") -> 8 | N24: Formato de Vinculación | O24: Declaración de Origen de Fondos | P24: Monitoreo de Transacciones | Q24: PROBABILIDAD | R24: =IFERROR(VLOOKUP(N24,'Calificación Controles'!$B$8:$AB$37,27,0)," ") -> 76.5 | S24: =IFERROR(VLOOKUP(O24,'Calificación Controles'!$B$8:$AB$37,27,0)," ") -> 55.5 | T24: =IFERROR(VLOOKUP(P24,'Calificación Controles'!$B$8:$AB$37,27,0), " ") -> 62.5 | U24: =IFERROR(((R24+S24+T24)/3)/100," ") -> 0.64833333 | W24: =IFERROR(IF(Q24="PROBABILIDAD",H24-(H24*U24),H24), " ") -> 0.70333333 | X24: =IFERROR(IF(Q24="PROBABILIDAD E IMPACTO",H24*U24,0), " ") -> 0 | Y24: =IFERROR(+W24-X24, " ") -> 0.70333333 | Z24: =IFERROR(ROUND(IF(Y24<=1,1,IF(Y24>1,Y24," ")),0)," ") -> 1 | AB24: =IFERROR(IF(Q24="IMPACTO",K24-(K24*U24),K24), " ") -> 4 | AC24: =IFERROR(IF(Q24="PROBABILIDAD E IMPACTO",K24*U24,0)," ") -> 0 | AD24: =IFERROR(+AB24-AC24," ") -> 4 | AE24: =IFERROR(ROUND(IF(AD24<=1,1,IF(AD24>1,AD24," ")),0)," ") -> 4 | AG24: =IFERROR(ROUNDUP(+Z24*AE24,0),0) -> 4
A25: =A24+1 -> 20 | B25: Gerencia Comercial | C25: Vinculación de contrapartes relacionados en delitos de Lavado de Activos, Financiación del Terrorismo y proliferación de Armas | D25: Deficiencias en identificación de cliente/contraparte. | E25: Contagio | F25: Accionistas | G25: Posible | H25: =IF(G25="Raro",1,IF(G25="Poco Probable",2,IF(G25="Posible",3,IF(G25="Muy Probable",4,IF(G25="Casi seguro",5," "))))) -> 3 | J25: Muy Alto | K25: =IF(J25="Muy Bajo",1,IF(J25="Bajo",2,IF(J25="Medio",3,IF(J25="Alto",4,IF(J25="Muy Alto",5," "))))) -> 5 | M25: =IFERROR(+H25*K25," ") -> 15 | N25: Debida Diligencia Intensificada | O25: Declaración de prevención LAFT/ CST | P25: Monitoreo de Transacciones | Q25: IMPACTO | R25: =IFERROR(VLOOKUP(N25,'Calificación Controles'!$B$8:$AB$37,27,0)," ") | S25: =IFERROR(VLOOKUP(O25,'Calificación Controles'!$B$8:$AB$37,27,0)," ") -> 82.5 | T25: =IFERROR(VLOOKUP(P25,'Calificación Controles'!$B$8:$AB$37,27,0), " ") -> 62.5 | U25: =IFERROR(((R25+S25+T25)/3)/100," ") | W25: =IFERROR(IF(Q25="PROBABILIDAD",H25-(H25*U25),H25), " ") -> 3 | X25: =IFERROR(IF(Q25="PROBABILIDAD E IMPACTO",H25*U25,0), " ") -> 0 | Y25: =IFERROR(+W25-X25, " ") -> 3 | Z25: =IFERROR(ROUND(IF(Y25<=1,1,IF(Y25>1,Y25," ")),0)," ") -> 3 | AB25: =IFERROR(IF(Q25="IMPACTO",K25-(K25*U25),K25), " ") | AC25: =IFERROR(IF(Q25="PROBABILIDAD E IMPACTO",K25*U25,0)," ") -> 0 | AD25: =IFERROR(+AB25-AC25," ") | AE25: =IFERROR(ROUND(IF(AD25<=1,1,IF(AD25>1,AD25," ")),0)," ") | AG25: =IFERROR(ROUNDUP(+Z25*AE25,0),0) -> 0
A26: =A25+1 -> 21 | B26: Gerencia Comercial | C26: Beneficiarios finales de contrapartes y uniones temporales involucrados en delitos del LAFT | D26: Estructuras societarias complejas o imposibilidad de establecer el beneficiario final. | E26: Legal | F26: contraparte / cliente | G26: Poco Probable | H26: =IF(G26="Raro",1,IF(G26="Poco Probable",2,IF(G26="Posible",3,IF(G26="Muy Probable",4,IF(G26="Casi seguro",5," "))))) -> 2 | J26: Alto | K26: =IF(J26="Muy Bajo",1,IF(J26="Bajo",2,IF(J26="Medio",3,IF(J26="Alto",4,IF(J26="Muy Alto",5," "))))) -> 4 | M26: =IFERROR(+H26*K26," ") -> 8 | N26: Debida Diligencia Intensificada | O26: Validación Oficial de Cumplimiento | P26: Declaración de prevención LAFT/ CST | Q26: PROBABILIDAD E IMPACTO | R26: =IFERROR(VLOOKUP(N26,'Calificación Controles'!$B$8:$AB$37,27,0)," ") | S26: =IFERROR(VLOOKUP(O26,'Calificación Controles'!$B$8:$AB$37,27,0)," ") -> 75 | T26: =IFERROR(VLOOKUP(P26,'Calificación Controles'!$B$8:$AB$37,27,0), " ") -> 82.5 | U26: =IFERROR(((R26+S26+T26)/3)/100," ") | W26: =IFERROR(IF(Q26="PROBABILIDAD",H26-(H26*U26),H26), " ") -> 2 | X26: =IFERROR(IF(Q26="PROBABILIDAD E IMPACTO",H26*U26,0), " ") | Y26: =IFERROR(+W26-X26, " ") | Z26: =IFERROR(ROUND(IF(Y26<=1,1,IF(Y26>1,Y26," ")),0)," ") | AB26: =IFERROR(IF(Q26="IMPACTO",K26-(K26*U26),K26), " ") -> 4 | AC26: =IFERROR(IF(Q26="PROBABILIDAD E IMPACTO",K26*U26,0)," ") | AD26: =IFERROR(+AB26-AC26," ") | AE26: =IFERROR(ROUND(IF(AD26<=1,1,IF(AD26>1,AD26," ")),0)," ") | AG26: =IFERROR(ROUNDUP(+Z26*AE26,0),0) -> 0
A27: =A26+1 -> 22 | B27: Gerencia Comercial | C27: Vinculación de clientes definidos de Riesgo Alto de LAFT | D27: Inadecuados procesos de debida diligencia de ONG, UT, ESAL Gobierno Venezolano | E27: Legal | F27: contraparte / cliente | G27: Muy Probable | H27: =IF(G27="Raro",1,IF(G27="Poco Probable",2,IF(G27="Posible",3,IF(G27="Muy Probable",4,IF(G27="Casi seguro",5," "))))) -> 4 | J27: Muy Alto | K27: =IF(J27="Muy Bajo",1,IF(J27="Bajo",2,IF(J27="Medio",3,IF(J27="Alto",4,IF(J27="Muy Alto",5," "))))) -> 5 | M27: =IFERROR(+H27*K27," ") -> 20 | N27: Debida Diligencia Intensificada | O27: Validación Listas | P27: Declaración de prevención LAFT/ CST | Q27: IMPACTO | R27: =IFERROR(VLOOKUP(N27,'Calificación Controles'!$B$8:$AB$37,27,0)," ") | S27: =IFERROR(VLOOKUP(O27,'Calificación Controles'!$B$8:$AB$37,27,0)," ") -> 76.5 | T27: =IFERROR(VLOOKUP(P27,'Calificación Controles'!$B$8:$AB$37,27,0), " ") -> 82.5 | U27: =IFERROR(((R27+S27+T27)/3)/100," ") | W27: =IFERROR(IF(Q27="PROBABILIDAD",H27-(H27*U27),H27), " ") -> 4 | X27: =IFERROR(IF(Q27="PROBABILIDAD E IMPACTO",H27*U27,0), " ") -> 0 | Y27: =IFERROR(+W27-X27, " ") -> 4 | Z27: =IFERROR(ROUND(IF(Y27<=1,1,IF(Y27>1,Y27," ")),0)," ") -> 4 | AB27: =IFERROR(IF(Q27="IMPACTO",K27-(K27*U27),K27), " ") | AC27: =IFERROR(IF(Q27="PROBABILIDAD E IMPACTO",K27*U27,0)," ") -> 0 | AD27: =IFERROR(+AB27-AC27," ") | AE27: =IFERROR(ROUND(IF(AD27<=1,1,IF(AD27>1,AD27," ")),0)," ") | AG27: =IFERROR(ROUNDUP(+Z27*AE27,0),0) -> 0
A28: =A27+1 -> 23 | H28: =IF(G28="Raro",1,IF(G28="Poco Probable",2,IF(G28="Posible",3,IF(G28="Muy Probable",4,IF(G28="Casi seguro",5," "))))) | K28: =IF(J28="Muy Bajo",1,IF(J28="Bajo",2,IF(J28="Medio",3,IF(J28="Alto",4,IF(J28="Muy Alto",5," "))))) | M28: =IFERROR(+H28*K28," ") | R28: =IFERROR(VLOOKUP(N28,'Calificación Controles'!$B$8:$AB$37,27,0)," ") | S28: =IFERROR(VLOOKUP(O28,'Calificación Controles'!$B$8:$AB$37,27,0)," ") | T28: =IFERROR(VLOOKUP(P28,'Calificación Controles'!$B$8:$AB$37,27,0), " ") | U28: =IFERROR(((R28+S28+T28)/3)/100," ") | W28: =IFERROR(IF(Q28="PROBABILIDAD",H28-(H28*U28),H28), " ") | X28: =IFERROR(IF(Q28="PROBABILIDAD E IMPACTO",H28*U28,0), " ") -> 0 | Y28: =IFERROR(+W28-X28, " ") | Z28: =IFERROR(ROUND(IF(Y28<=1,1,IF(Y28>1,Y28," ")),0)," ") | AB28: =IFERROR(IF(Q28="IMPACTO",K28-(K28*U28),K28), " ") | AC28: =IFERROR(IF(Q28="PROBABILIDAD E IMPACTO",K28*U28,0)," ") -> 0 | AD28: =IFERROR(+AB28-AC28," ") | AE28: =IFERROR(ROUND(IF(AD28<=1,1,IF(AD28>1,AD28," ")),0)," ") | AG28: =IFERROR(ROUNDUP(+Z28*AE28,0),0) -> 0
A29: =A28+1 -> 24 | H29: =IF(G29="Raro",1,IF(G29="Poco Probable",2,IF(G29="Posible",3,IF(G29="Muy Probable",4,IF(G29="Casi seguro",5," "))))) | K29: =IF(J29="Muy Bajo",1,IF(J29="Bajo",2,IF(J29="Medio",3,IF(J29="Alto",4,IF(J29="Muy Alto",5," "))))) | M29: =IFERROR(+H29*K29," ") | R29: =IFERROR(VLOOKUP(N29,'Calificación Controles'!$B$8:$AB$37,27,0)," ") | S29: =IFERROR(VLOOKUP(O29,'Calificación Controles'!$B$8:$AB$37,27,0)," ") | T29: =IFERROR(VLOOKUP(P29,'Calificación Controles'!$B$8:$AB$37,27,0), " ") | U29: =IFERROR(((R29+S29+T29)/3)/100," ") | W29: =IFERROR(IF(Q29="PROBABILIDAD",H29-(H29*U29),H29), " ") | X29: =IFERROR(IF(Q29="PROBABILIDAD E IMPACTO",H29*U29,0), " ") -> 0 | Y29: =IFERROR(+W29-X29, " ") | Z29: =IFERROR(ROUND(IF(Y29<=1,1,IF(Y29>1,Y29," ")),0)," ") | AB29: =IFERROR(IF(Q29="IMPACTO",K29-(K29*U29),K29), " ") | AC29: =IFERROR(IF(Q29="PROBABILIDAD E IMPACTO",K29*U29,0)," ") -> 0 | AD29: =IFERROR(+AB29-AC29," ") | AE29: =IFERROR(ROUND(IF(AD29<=1,1,IF(AD29>1,AD29," ")),0)," ") | AG29: =IFERROR(ROUNDUP(+Z29*AE29,0),0) -> 0
A30: =A29+1 -> 25 | H30: =IF(G30="Raro",1,IF(G30="Poco Probable",2,IF(G30="Posible",3,IF(G30="Muy Probable",4,IF(G30="Casi seguro",5," "))))) | K30: =IF(J30="Muy Bajo",1,IF(J30="Bajo",2,IF(J30="Medio",3,IF(J30="Alto",4,IF(J30="Muy Alto",5," "))))) | M30: =IFERROR(+H30*K30," ") | R30: =IFERROR(VLOOKUP(N30,'Calificación Controles'!$B$8:$AB$37,27,0)," ") | S30: =IFERROR(VLOOKUP(O30,'Calificación Controles'!$B$8:$AB$37,27,0)," ") | T30: =IFERROR(VLOOKUP(P30,'Calificación Controles'!$B$8:$AB$37,27,0), " ") | U30: =IFERROR(((R30+S30+T30)/3)/100," ") | W30: =IFERROR(IF(Q30="PROBABILIDAD",H30-(H30*U30),H30), " ") | X30: =IFERROR(IF(Q30="PROBABILIDAD E IMPACTO",H30*U30,0), " ") -> 0 | Y30: =IFERROR(+W30-X30, " ") | Z30: =IFERROR(ROUND(IF(Y30<=1,1,IF(Y30>1,Y30," ")),0)," ") | AB30: =IFERROR(IF(Q30="IMPACTO",K30-(K30*U30),K30), " ") | AC30: =IFERROR(IF(Q30="PROBABILIDAD E IMPACTO",K30*U30,0)," ") -> 0 | AD30: =IFERROR(+AB30-AC30," ") | AE30: =IFERROR(ROUND(IF(AD30<=1,1,IF(AD30>1,AD30," ")),0)," ") | AG30: =IFERROR(ROUNDUP(+Z30*AE30,0),0) -> 0
A31: =A30+1 -> 26 | H31: =IF(G31="Raro",1,IF(G31="Poco Probable",2,IF(G31="Posible",3,IF(G31="Muy Probable",4,IF(G31="Casi seguro",5," "))))) | K31: =IF(J31="Muy Bajo",1,IF(J31="Bajo",2,IF(J31="Medio",3,IF(J31="Alto",4,IF(J31="Muy Alto",5," "))))) | M31: =IFERROR(+H31*K31," ") | R31: =IFERROR(VLOOKUP(N31,'Calificación Controles'!$B$8:$AB$37,27,0)," ") | S31: =IFERROR(VLOOKUP(O31,'Calificación Controles'!$B$8:$AB$37,27,0)," ") | T31: =IFERROR(VLOOKUP(P31,'Calificación Controles'!$B$8:$AB$37,27,0), " ") | U31: =IFERROR(((R31+S31+T31)/3)/100," ") | W31: =IFERROR(IF(Q31="PROBABILIDAD",H31-(H31*U31),H31), " ") | X31: =IFERROR(IF(Q31="PROBABILIDAD E IMPACTO",H31*U31,0), " ") -> 0 | Y31: =IFERROR(+W31-X31, " ") | Z31: =IFERROR(ROUND(IF(Y31<=1,1,IF(Y31>1,Y31," ")),0)," ") | AB31: =IFERROR(IF(Q31="IMPACTO",K31-(K31*U31),K31), " ") | AC31: =IFERROR(IF(Q31="PROBABILIDAD E IMPACTO",K31*U31,0)," ") -> 0 | AD31: =IFERROR(+AB31-AC31," ") | AE31: =IFERROR(ROUND(IF(AD31<=1,1,IF(AD31>1,AD31," ")),0)," ") | AG31: =IFERROR(ROUNDUP(+Z31*AE31,0),0) -> 0
A32: =A31+1 -> 27 | H32: =IF(G32="Raro",1,IF(G32="Poco Probable",2,IF(G32="Posible",3,IF(G32="Muy Probable",4,IF(G32="Casi seguro",5," "))))) | K32: =IF(J32="Muy Bajo",1,IF(J32="Bajo",2,IF(J32="Medio",3,IF(J32="Alto",4,IF(J32="Muy Alto",5," "))))) | M32: =IFERROR(+H32*K32," ") | R32: =IFERROR(VLOOKUP(N32,'Calificación Controles'!$B$8:$AB$37,27,0)," ") | S32: =IFERROR(VLOOKUP(O32,'Calificación Controles'!$B$8:$AB$37,27,0)," ") | T32: =IFERROR(VLOOKUP(P32,'Calificación Controles'!$B$8:$AB$37,27,0), " ") | U32: =IFERROR(((R32+S32+T32)/3)/100," ") | W32: =IFERROR(IF(Q32="PROBABILIDAD",H32-(H32*U32),H32), " ") | X32: =IFERROR(IF(Q32="PROBABILIDAD E IMPACTO",H32*U32,0), " ") -> 0 | Y32: =IFERROR(+W32-X32, " ") | Z32: =IFERROR(ROUND(IF(Y32<=1,1,IF(Y32>1,Y32," ")),0)," ") | AB32: =IFERROR(IF(Q32="IMPACTO",K32-(K32*U32),K32), " ") | AC32: =IFERROR(IF(Q32="PROBABILIDAD E IMPACTO",K32*U32,0)," ") -> 0 | AD32: =IFERROR(+AB32-AC32," ") | AE32: =IFERROR(ROUND(IF(AD32<=1,1,IF(AD32>1,AD32," ")),0)," ") | AG32: =IFERROR(ROUNDUP(+Z32*AE32,0),0) -> 0
A33: =A32+1 -> 28 | H33: =IF(G33="Raro",1,IF(G33="Poco Probable",2,IF(G33="Posible",3,IF(G33="Muy Probable",4,IF(G33="Casi seguro",5," "))))) | K33: =IF(J33="Muy Bajo",1,IF(J33="Bajo",2,IF(J33="Medio",3,IF(J33="Alto",4,IF(J33="Muy Alto",5," "))))) | M33: =IFERROR(+H33*K33," ") | R33: =IFERROR(VLOOKUP(N33,'Calificación Controles'!$B$8:$AB$37,27,0)," ") | S33: =IFERROR(VLOOKUP(O33,'Calificación Controles'!$B$8:$AB$37,27,0)," ") | T33: =IFERROR(VLOOKUP(P33,'Calificación Controles'!$B$8:$AB$37,27,0), " ") | U33: =IFERROR(((R33+S33+T33)/3)/100," ") | W33: =IFERROR(IF(Q33="PROBABILIDAD",H33-(H33*U33),H33), " ") | X33: =IFERROR(IF(Q33="PROBABILIDAD E IMPACTO",H33*U33,0), " ") -> 0 | Y33: =IFERROR(+W33-X33, " ") | Z33: =IFERROR(ROUND(IF(Y33<=1,1,IF(Y33>1,Y33," ")),0)," ") | AB33: =IFERROR(IF(Q33="IMPACTO",K33-(K33*U33),K33), " ") | AC33: =IFERROR(IF(Q33="PROBABILIDAD E IMPACTO",K33*U33,0)," ") -> 0 | AD33: =IFERROR(+AB33-AC33," ") | AE33: =IFERROR(ROUND(IF(AD33<=1,1,IF(AD33>1,AD33," ")),0)," ") | AG33: =IFERROR(ROUNDUP(+Z33*AE33,0),0) -> 0
A34: =A33+1 -> 29 | H34: =IF(G34="Raro",1,IF(G34="Poco Probable",2,IF(G34="Posible",3,IF(G34="Muy Probable",4,IF(G34="Casi seguro",5," "))))) | K34: =IF(J34="Muy Bajo",1,IF(J34="Bajo",2,IF(J34="Medio",3,IF(J34="Alto",4,IF(J34="Muy Alto",5," "))))) | M34: =IFERROR(+H34*K34," ") | R34: =IFERROR(VLOOKUP(N34,'Calificación Controles'!$B$8:$AB$37,27,0)," ") | S34: =IFERROR(VLOOKUP(O34,'Calificación Controles'!$B$8:$AB$37,27,0)," ") | T34: =IFERROR(VLOOKUP(P34,'Calificación Controles'!$B$8:$AB$37,27,0), " ") | U34: =IFERROR(((R34+S34+T34)/3)/100," ") | W34: =IFERROR(IF(Q34="PROBABILIDAD",H34-(H34*U34),H34), " ") | X34: =IFERROR(IF(Q34="PROBABILIDAD E IMPACTO",H34*U34,0), " ") -> 0 | Y34: =IFERROR(+W34-X34, " ") | AB34: =IFERROR(IF(Q34="IMPACTO",K34-(K34*U34),K34), " ") | AC34: =IFERROR(IF(Q34="PROBABILIDAD E IMPACTO",K34*U34,0)," ") -> 0 | AD34: =IFERROR(+AB34-AC34," ") | AE34: =IF(AD34<=1,1,IF(AD34>1,AD34," ")) | AG34: =IFERROR(ROUNDUP(+Z34*AE34,0),0) -> 0
A35: =A34+1 -> 30 | H35: =IF(G35="Raro",1,IF(G35="Poco Probable",2,IF(G35="Posible",3,IF(G35="Muy Probable",4,IF(G35="Casi seguro",5," "))))) | K35: =IF(J35="Muy Bajo",1,IF(J35="Bajo",2,IF(J35="Medio",3,IF(J35="Alto",4,IF(J35="Muy Alto",5," "))))) | M35: =IFERROR(+H35*K35," ") | R35: =IFERROR(VLOOKUP(N35,'Calificación Controles'!$B$8:$AB$37,27,0)," ") | S35: =IFERROR(VLOOKUP(O35,'Calificación Controles'!$B$8:$AB$37,27,0)," ") | T35: =IFERROR(VLOOKUP(P35,'Calificación Controles'!$B$8:$AB$37,27,0), " ") | U35: =IFERROR(((R35+S35+T35)/3)/100," ") | W35: =IFERROR(IF(Q35="PROBABILIDAD",H35-(H35*U35),H35), " ") | X35: =IFERROR(IF(Q35="PROBABILIDAD E IMPACTO",H35*U35,0), " ") -> 0 | Y35: =IFERROR(+W35-X35, " ") | AB35: =IFERROR(IF(Q35="IMPACTO",K35-(K35*U35),K35), " ") | AC35: =IFERROR(IF(Q35="PROBABILIDAD E IMPACTO",K35*U35,0)," ") -> 0 | AD35: =IFERROR(+AB35-AC35," ") | AE35: =IF(AD35<=1,1,IF(AD35>1,AD35," ")) | AG35: =IFERROR(ROUNDUP(+Z35*AE35,0),0) -> 0
A36: =A35+1 -> 31 | H36: =IF(G36="Raro",1,IF(G36="Poco Probable",2,IF(G36="Posible",3,IF(G36="Muy Probable",4,IF(G36="Casi seguro",5," "))))) | K36: =IF(J36="Muy Bajo",1,IF(J36="Bajo",2,IF(J36="Medio",3,IF(J36="Alto",4,IF(J36="Muy Alto",5," "))))) | M36: =IFERROR(+H36*K36," ") | R36: =IFERROR(VLOOKUP(N36,'Calificación Controles'!$B$8:$AB$37,27,0)," ") | S36: =IFERROR(VLOOKUP(O36,'Calificación Controles'!$B$8:$AB$37,27,0)," ") | T36: =IFERROR(VLOOKUP(P36,'Calificación Controles'!$B$8:$AB$37,27,0), " ") | U36: =IFERROR(((R36+S36+T36)/3)/100," ") | W36: =IFERROR(IF(Q36="PROBABILIDAD",H36-(H36*U36),H36), " ") | X36: =IFERROR(IF(Q36="PROBABILIDAD E IMPACTO",H36*U36,0), " ") -> 0 | Y36: =IFERROR(+W36-X36, " ") | AB36: =IFERROR(IF(Q36="IMPACTO",K36-(K36*U36),K36), " ") | AC36: =IFERROR(IF(Q36="PROBABILIDAD E IMPACTO",K36*U36,0)," ") -> 0 | AD36: =IFERROR(+AB36-AC36," ") | AE36: =IF(AD36<=1,1,IF(AD36>1,AD36," ")) | AG36: =IFERROR(ROUNDUP(+Z36*AE36,0),0) -> 0
A37: =A36+1 -> 32 | H37: =IF(G37="Raro",1,IF(G37="Poco Probable",2,IF(G37="Posible",3,IF(G37="Muy Probable",4,IF(G37="Casi seguro",5," "))))) | K37: =IF(J37="Muy Bajo",1,IF(J37="Bajo",2,IF(J37="Medio",3,IF(J37="Alto",4,IF(J37="Muy Alto",5," "))))) | M37: =IFERROR(+H37*K37," ") | R37: =IFERROR(VLOOKUP(N37,'Calificación Controles'!$B$8:$AB$37,27,0)," ") | S37: =IFERROR(VLOOKUP(O37,'Calificación Controles'!$B$8:$AB$37,27,0)," ") | T37: =IFERROR(VLOOKUP(P37,'Calificación Controles'!$B$8:$AB$37,27,0), " ") | U37: =IFERROR(((R37+S37+T37)/3)/100," ") | W37: =IFERROR(IF(Q37="PROBABILIDAD",H37-(H37*U37),H37), " ") | X37: =IFERROR(IF(Q37="PROBABILIDAD E IMPACTO",H37*U37,0), " ") -> 0 | Y37: =IFERROR(+W37-X37, " ") | AB37: =IFERROR(IF(Q37="IMPACTO",K37-(K37*U37),K37), " ") | AC37: =IFERROR(IF(Q37="PROBABILIDAD E IMPACTO",K37*U37,0)," ") -> 0 | AD37: =IFERROR(+AB37-AC37," ") | AE37: =IF(AD37<=1,1,IF(AD37>1,AD37," ")) | AG37: =IFERROR(ROUNDUP(+Z37*AE37,0),0) -> 0
A38: =A37+1 -> 33 | H38: =IF(G38="Raro",1,IF(G38="Poco Probable",2,IF(G38="Posible",3,IF(G38="Muy Probable",4,IF(G38="Casi seguro",5," "))))) | K38: =IF(J38="Muy Bajo",1,IF(J38="Bajo",2,IF(J38="Medio",3,IF(J38="Alto",4,IF(J38="Muy Alto",5," "))))) | M38: =IFERROR(+H38*K38," ") | R38: =IFERROR(VLOOKUP(N38,'Calificación Controles'!$B$8:$AB$37,27,0)," ") | S38: =IFERROR(VLOOKUP(O38,'Calificación Controles'!$B$8:$AB$37,27,0)," ") | T38: =IFERROR(VLOOKUP(P38,'Calificación Controles'!$B$8:$AB$37,27,0), " ") | U38: =IFERROR(((R38+S38+T38)/3)/100," ") | W38: =IFERROR(IF(Q38="PROBABILIDAD",H38-(H38*U38),H38), " ") | X38: =IFERROR(IF(Q38="PROBABILIDAD E IMPACTO",H38*U38,0), " ") -> 0 | Y38: =IFERROR(+W38-X38, " ") | AB38: =IFERROR(IF(Q38="IMPACTO",K38-(K38*U38),K38), " ") | AC38: =IFERROR(IF(Q38="PROBABILIDAD E IMPACTO",K38*U38,0)," ") -> 0 | AD38: =IFERROR(+AB38-AC38," ") | AE38: =IF(AD38<=1,1,IF(AD38>1,AD38," ")) | AG38: =IFERROR(ROUNDUP(+Z38*AE38,0),0) -> 0
A39: =A38+1 -> 34 | H39: =IF(G39="Raro",1,IF(G39="Poco Probable",2,IF(G39="Posible",3,IF(G39="Muy Probable",4,IF(G39="Casi seguro",5," "))))) | K39: =IF(J39="Muy Bajo",1,IF(J39="Bajo",2,IF(J39="Medio",3,IF(J39="Alto",4,IF(J39="Muy Alto",5," "))))) | M39: =IFERROR(+H39*K39," ") | R39: =IFERROR(VLOOKUP(N39,'Calificación Controles'!$B$8:$AB$37,27,0)," ") | S39: =IFERROR(VLOOKUP(O39,'Calificación Controles'!$B$8:$AB$37,27,0)," ") | T39: =IFERROR(VLOOKUP(P39,'Calificación Controles'!$B$8:$AB$37,27,0), " ") | U39: =IFERROR(((R39+S39+T39)/3)/100," ") | W39: =IFERROR(IF(Q39="PROBABILIDAD",H39-(H39*U39),H39), " ") | X39: =IFERROR(IF(Q39="PROBABILIDAD E IMPACTO",H39*U39,0), " ") -> 0 | Y39: =IFERROR(+W39-X39, " ") | AB39: =IFERROR(IF(Q39="IMPACTO",K39-(K39*U39),K39), " ") | AC39: =IFERROR(IF(Q39="PROBABILIDAD E IMPACTO",K39*U39,0)," ") -> 0 | AD39: =IFERROR(+AB39-AC39," ") | AE39: =IF(AD39<=1,1,IF(AD39>1,AD39," ")) | AG39: =IFERROR(ROUNDUP(+Z39*AE39,0),0) -> 0
A40: =A39+1 -> 35 | H40: =IF(G40="Raro",1,IF(G40="Poco Probable",2,IF(G40="Posible",3,IF(G40="Muy Probable",4,IF(G40="Casi seguro",5," "))))) | K40: =IF(J40="Muy Bajo",1,IF(J40="Bajo",2,IF(J40="Medio",3,IF(J40="Alto",4,IF(J40="Muy Alto",5," "))))) | M40: =IFERROR(+H40*K40," ") | R40: =IFERROR(VLOOKUP(N40,'Calificación Controles'!$B$8:$AB$37,27,0)," ") | S40: =IFERROR(VLOOKUP(O40,'Calificación Controles'!$B$8:$AB$37,27,0)," ") | T40: =IFERROR(VLOOKUP(P40,'Calificación Controles'!$B$8:$AB$37,27,0), " ") | U40: =IFERROR(((R40+S40+T40)/3)/100," ") | W40: =IFERROR(IF(Q40="PROBABILIDAD",H40-(H40*U40),H40), " ") | X40: =IFERROR(IF(Q40="PROBABILIDAD E IMPACTO",H40*U40,0), " ") -> 0 | Y40: =IFERROR(+W40-X40, " ") | AB40: =IFERROR(IF(Q40="IMPACTO",K40-(K40*U40),K40), " ") | AC40: =IFERROR(IF(Q40="PROBABILIDAD E IMPACTO",K40*U40,0)," ") -> 0 | AD40: =IFERROR(+AB40-AC40," ") | AE40: =IF(AD40<=1,1,IF(AD40>1,AD40," ")) | AG40: =IFERROR(ROUNDUP(+Z40*AE40,0),0) -> 0
A41: =A40+1 -> 36 | H41: =IF(G41="Raro",1,IF(G41="Poco Probable",2,IF(G41="Posible",3,IF(G41="Muy Probable",4,IF(G41="Casi seguro",5," "))))) | K41: =IF(J41="Muy Bajo",1,IF(J41="Bajo",2,IF(J41="Medio",3,IF(J41="Alto",4,IF(J41="Muy Alto",5," "))))) | M41: =IFERROR(+H41*K41," ") | R41: =IFERROR(VLOOKUP(N41,'Calificación Controles'!$B$8:$AB$37,27,0)," ") | S41: =IFERROR(VLOOKUP(O41,'Calificación Controles'!$B$8:$AB$37,27,0)," ") | T41: =IFERROR(VLOOKUP(P41,'Calificación Controles'!$B$8:$AB$37,27,0), " ") | U41: =IFERROR(((R41+S41+T41)/3)/100," ") | W41: =IFERROR(IF(Q41="PROBABILIDAD",H41-(H41*U41),H41), " ") | X41: =IFERROR(IF(Q41="PROBABILIDAD E IMPACTO",H41*U41,0), " ") -> 0 | Y41: =IFERROR(+W41-X41, " ") | AB41: =IFERROR(IF(Q41="IMPACTO",K41-(K41*U41),K41), " ") | AC41: =IFERROR(IF(Q41="PROBABILIDAD E IMPACTO",K41*U41,0)," ") -> 0 | AD41: =IFERROR(+AB41-AC41," ") | AE41: =IF(AD41<=1,1,IF(AD41>1,AD41," ")) | AG41: =IFERROR(ROUNDUP(+Z41*AE41,0),0) -> 0
A42: =A41+1 -> 37 | H42: =IF(G42="Raro",1,IF(G42="Poco Probable",2,IF(G42="Posible",3,IF(G42="Muy Probable",4,IF(G42="Casi seguro",5," "))))) | K42: =IF(J42="Muy Bajo",1,IF(J42="Bajo",2,IF(J42="Medio",3,IF(J42="Alto",4,IF(J42="Muy Alto",5," "))))) | M42: =IFERROR(+H42*K42," ") | R42: =IFERROR(VLOOKUP(N42,'Calificación Controles'!$B$8:$AB$37,27,0)," ") | S42: =IFERROR(VLOOKUP(O42,'Calificación Controles'!$B$8:$AB$37,27,0)," ") | T42: =IFERROR(VLOOKUP(P42,'Calificación Controles'!$B$8:$AB$37,27,0), " ") | U42: =IFERROR(((R42+S42+T42)/3)/100," ") | W42: =IFERROR(IF(Q42="PROBABILIDAD",H42-(H42*U42),H42), " ") | X42: =IFERROR(IF(Q42="PROBABILIDAD E IMPACTO",H42*U42,0), " ") -> 0 | Y42: =IFERROR(+W42-X42, " ") | AB42: =IFERROR(IF(Q42="IMPACTO",K42-(K42*U42),K42), " ") | AC42: =IFERROR(IF(Q42="PROBABILIDAD E IMPACTO",K42*U42,0)," ") -> 0 | AD42: =IFERROR(+AB42-AC42," ") | AE42: =IF(AD42<=1,1,IF(AD42>1,AD42," ")) | AG42: =IFERROR(ROUNDUP(+Z42*AE42,0),0) -> 0
A43: =A42+1 -> 38 | H43: =IF(G43="Raro",1,IF(G43="Poco Probable",2,IF(G43="Posible",3,IF(G43="Muy Probable",4,IF(G43="Casi seguro",5," "))))) | K43: =IF(J43="Muy Bajo",1,IF(J43="Bajo",2,IF(J43="Medio",3,IF(J43="Alto",4,IF(J43="Muy Alto",5," "))))) | M43: =IFERROR(+H43*K43," ") | R43: =IFERROR(VLOOKUP(N43,'Calificación Controles'!$B$8:$AB$37,27,0)," ") | S43: =IFERROR(VLOOKUP(O43,'Calificación Controles'!$B$8:$AB$37,27,0)," ") | T43: =IFERROR(VLOOKUP(P43,'Calificación Controles'!$B$8:$AB$37,27,0), " ") | U43: =IFERROR(((R43+S43+T43)/3)/100," ") | W43: =IFERROR(IF(Q43="PROBABILIDAD",H43-(H43*U43),H43), " ") | X43: =IFERROR(IF(Q43="PROBABILIDAD E IMPACTO",H43*U43,0), " ") -> 0 | Y43: =IFERROR(+W43-X43, " ") | AB43: =IFERROR(IF(Q43="IMPACTO",K43-(K43*U43),K43), " ") | AC43: =IFERROR(IF(Q43="PROBABILIDAD E IMPACTO",K43*U43,0)," ") -> 0 | AD43: =IFERROR(+AB43-AC43," ") | AE43: =IF(AD43<=1,1,IF(AD43>1,AD43," ")) | AG43: =IFERROR(ROUNDUP(+Z43*AE43,0),0) -> 0
A44: =A43+1 -> 39 | H44: =IF(G44="Raro",1,IF(G44="Poco Probable",2,IF(G44="Posible",3,IF(G44="Muy Probable",4,IF(G44="Casi seguro",5," "))))) | K44: =IF(J44="Muy Bajo",1,IF(J44="Bajo",2,IF(J44="Medio",3,IF(J44="Alto",4,IF(J44="Muy Alto",5," "))))) | M44: =IFERROR(+H44*K44," ") | R44: =IFERROR(VLOOKUP(N44,'Calificación Controles'!$B$8:$AB$37,27,0)," ") | S44: =IFERROR(VLOOKUP(O44,'Calificación Controles'!$B$8:$AB$37,27,0)," ") | T44: =IFERROR(VLOOKUP(P44,'Calificación Controles'!$B$8:$AB$37,27,0), " ") | U44: =IFERROR(((R44+S44+T44)/3)/100," ") | W44: =IFERROR(IF(Q44="PROBABILIDAD",H44-(H44*U44),H44), " ") | X44: =IFERROR(IF(Q44="PROBABILIDAD E IMPACTO",H44*U44,0), " ") -> 0 | Y44: =IFERROR(+W44-X44, " ") | AB44: =IFERROR(IF(Q44="IMPACTO",K44-(K44*U44),K44), " ") | AC44: =IFERROR(IF(Q44="PROBABILIDAD E IMPACTO",K44*U44,0)," ") -> 0 | AD44: =IFERROR(+AB44-AC44," ") | AG44: =IFERROR(ROUNDUP(+Z44*AE44,0),0) -> 0
A45: =A44+1 -> 40 | H45: =IF(G45="Raro",1,IF(G45="Poco Probable",2,IF(G45="Posible",3,IF(G45="Muy Probable",4,IF(G45="Casi seguro",5," "))))) | K45: =IF(J45="Muy Bajo",1,IF(J45="Bajo",2,IF(J45="Medio",3,IF(J45="Alto",4,IF(J45="Muy Alto",5," "))))) | M45: =IFERROR(+H45*K45," ") | R45: =IFERROR(VLOOKUP(N45,'Calificación Controles'!$B$8:$AB$37,27,0)," ") | S45: =IFERROR(VLOOKUP(O45,'Calificación Controles'!$B$8:$AB$37,27,0)," ") | T45: =IFERROR(VLOOKUP(P45,'Calificación Controles'!$B$8:$AB$37,27,0), " ") | U45: =IFERROR(((R45+S45+T45)/3)/100," ") | W45: =IFERROR(IF(Q45="PROBABILIDAD",H45-(H45*U45),H45), " ") | X45: =IFERROR(IF(Q45="PROBABILIDAD E IMPACTO",H45*U45,0), " ") -> 0 | Y45: =IFERROR(+W45-X45, " ") | AB45: =IFERROR(IF(Q45="IMPACTO",K45-(K45*U45),K45), " ") | AC45: =IFERROR(IF(Q45="PROBABILIDAD E IMPACTO",K45*U45,0)," ") -> 0 | AD45: =IFERROR(+AB45-AC45," ") | AG45: =IFERROR(ROUNDUP(+Z45*AE45,0),0) -> 0
A46: =A45+1 -> 41 | H46: =IF(G46="Raro",1,IF(G46="Poco Probable",2,IF(G46="Posible",3,IF(G46="Muy Probable",4,IF(G46="Casi seguro",5," "))))) | K46: =IF(J46="Muy Bajo",1,IF(J46="Bajo",2,IF(J46="Medio",3,IF(J46="Alto",4,IF(J46="Muy Alto",5," "))))) | M46: =IFERROR(+H46*K46," ") | R46: =IFERROR(VLOOKUP(N46,'Calificación Controles'!$B$8:$AB$37,27,0)," ") | S46: =IFERROR(VLOOKUP(O46,'Calificación Controles'!$B$8:$AB$37,27,0)," ") | T46: =IFERROR(VLOOKUP(P46,'Calificación Controles'!$B$8:$AB$37,27,0), " ") | U46: =IFERROR(((R46+S46+T46)/3)/100," ") | W46: =IFERROR(IF(Q46="PROBABILIDAD",H46-(H46*U46),H46), " ") | X46: =IFERROR(IF(Q46="PROBABILIDAD E IMPACTO",H46*U46,0), " ") -> 0 | Y46: =IFERROR(+W46-X46, " ") | AB46: =IFERROR(IF(Q46="IMPACTO",K46-(K46*U46),K46), " ") | AC46: =IFERROR(IF(Q46="PROBABILIDAD E IMPACTO",K46*U46,0)," ") -> 0 | AD46: =IFERROR(+AB46-AC46," ") | AG46: =IFERROR(ROUNDUP(+Z46*AE46,0),0) -> 0
A47: =A46+1 -> 42 | H47: =IF(G47="Raro",1,IF(G47="Poco Probable",2,IF(G47="Posible",3,IF(G47="Muy Probable",4,IF(G47="Casi seguro",5," "))))) | K47: =IF(J47="Muy Bajo",1,IF(J47="Bajo",2,IF(J47="Medio",3,IF(J47="Alto",4,IF(J47="Muy Alto",5," "))))) | M47: =IFERROR(+H47*K47," ") | R47: =IFERROR(VLOOKUP(N47,'Calificación Controles'!$B$8:$AB$37,27,0)," ") | S47: =IFERROR(VLOOKUP(O47,'Calificación Controles'!$B$8:$AB$37,27,0)," ") | T47: =IFERROR(VLOOKUP(P47,'Calificación Controles'!$B$8:$AB$37,27,0), " ") | U47: =IFERROR(((R47+S47+T47)/3)/100," ") | W47: =IFERROR(IF(Q47="PROBABILIDAD",H47-(H47*U47),H47), " ") | X47: =IFERROR(IF(Q47="PROBABILIDAD E IMPACTO",H47*U47,0), " ") -> 0 | Y47: =IFERROR(+W47-X47, " ") | AB47: =IFERROR(IF(Q47="IMPACTO",K47-(K47*U47),K47), " ") | AC47: =IFERROR(IF(Q47="PROBABILIDAD E IMPACTO",K47*U47,0)," ") -> 0 | AD47: =IFERROR(+AB47-AC47," ") | AG47: =IFERROR(ROUNDUP(+Z47*AE47,0),0) -> 0
A48: =A47+1 -> 43 | H48: =IF(G48="Raro",1,IF(G48="Poco Probable",2,IF(G48="Posible",3,IF(G48="Muy Probable",4,IF(G48="Casi seguro",5," "))))) | K48: =IF(J48="Muy Bajo",1,IF(J48="Bajo",2,IF(J48="Medio",3,IF(J48="Alto",4,IF(J48="Muy Alto",5," "))))) | M48: =IFERROR(+H48*K48," ") | R48: =IFERROR(VLOOKUP(N48,'Calificación Controles'!$B$8:$AB$37,27,0)," ") | S48: =IFERROR(VLOOKUP(O48,'Calificación Controles'!$B$8:$AB$37,27,0)," ") | T48: =IFERROR(VLOOKUP(P48,'Calificación Controles'!$B$8:$AB$37,27,0), " ") | U48: =IFERROR(((R48+S48+T48)/3)/100," ") | W48: =IFERROR(IF(Q48="PROBABILIDAD",H48-(H48*U48),H48), " ") | X48: =IFERROR(IF(Q48="PROBABILIDAD E IMPACTO",H48*U48,0), " ") -> 0 | Y48: =IFERROR(+W48-X48, " ") | AB48: =IFERROR(IF(Q48="IMPACTO",K48-(K48*U48),K48), " ") | AC48: =IFERROR(IF(Q48="PROBABILIDAD E IMPACTO",K48*U48,0)," ") -> 0 | AD48: =IFERROR(+AB48-AC48," ") | AG48: =IFERROR(ROUNDUP(+Z48*AE48,0),0) -> 0
A49: =A48+1 -> 44 | H49: =IF(G49="Raro",1,IF(G49="Poco Probable",2,IF(G49="Posible",3,IF(G49="Muy Probable",4,IF(G49="Casi seguro",5," "))))) | K49: =IF(J49="Muy Bajo",1,IF(J49="Bajo",2,IF(J49="Medio",3,IF(J49="Alto",4,IF(J49="Muy Alto",5," "))))) | M49: =IFERROR(+H49*K49," ") | R49: =IFERROR(VLOOKUP(N49,'Calificación Controles'!$B$8:$AB$37,27,0)," ") | S49: =IFERROR(VLOOKUP(O49,'Calificación Controles'!$B$8:$AB$37,27,0)," ") | T49: =IFERROR(VLOOKUP(P49,'Calificación Controles'!$B$8:$AB$37,27,0), " ") | U49: =IFERROR(((R49+S49+T49)/3)/100," ") | W49: =IFERROR(IF(Q49="PROBABILIDAD",H49-(H49*U49),H49), " ") | X49: =IFERROR(IF(Q49="PROBABILIDAD E IMPACTO",H49*U49,0), " ") -> 0 | Y49: =IFERROR(+W49-X49, " ") | AB49: =IFERROR(IF(Q49="IMPACTO",K49-(K49*U49),K49), " ") | AC49: =IFERROR(IF(Q49="PROBABILIDAD E IMPACTO",K49*U49,0)," ") -> 0 | AD49: =IFERROR(+AB49-AC49," ") | AG49: =IFERROR(ROUNDUP(+Z49*AE49,0),0) -> 0
A50: =A49+1 -> 45 | H50: =IF(G50="Raro",1,IF(G50="Poco Probable",2,IF(G50="Posible",3,IF(G50="Muy Probable",4,IF(G50="Casi seguro",5," "))))) | K50: =IF(J50="Muy Bajo",1,IF(J50="Bajo",2,IF(J50="Medio",3,IF(J50="Alto",4,IF(J50="Muy Alto",5," "))))) | M50: =IFERROR(+H50*K50," ") | R50: =IFERROR(VLOOKUP(N50,'Calificación Controles'!$B$8:$AB$37,27,0)," ") | S50: =IFERROR(VLOOKUP(O50,'Calificación Controles'!$B$8:$AB$37,27,0)," ") | T50: =IFERROR(VLOOKUP(P50,'Calificación Controles'!$B$8:$AB$37,27,0), " ") | U50: =IFERROR(((R50+S50+T50)/3)/100," ") | W50: =IFERROR(IF(Q50="PROBABILIDAD",H50-(H50*U50),H50), " ") | X50: =IFERROR(IF(Q50="PROBABILIDAD E IMPACTO",H50*U50,0), " ") -> 0 | Y50: =IFERROR(+W50-X50, " ") | AB50: =IFERROR(IF(Q50="IMPACTO",K50-(K50*U50),K50), " ") | AC50: =IFERROR(IF(Q50="PROBABILIDAD E IMPACTO",K50*U50,0)," ") -> 0 | AD50: =IFERROR(+AB50-AC50," ") | AG50: =IFERROR(ROUNDUP(+Z50*AE50,0),0) -> 0
A51: =A50+1 -> 46 | H51: =IF(G51="Raro",1,IF(G51="Poco Probable",2,IF(G51="Posible",3,IF(G51="Muy Probable",4,IF(G51="Casi seguro",5," "))))) | K51: =IF(J51="Muy Bajo",1,IF(J51="Bajo",2,IF(J51="Medio",3,IF(J51="Alto",4,IF(J51="Muy Alto",5," "))))) | M51: =IFERROR(+H51*K51," ") | R51: =IFERROR(VLOOKUP(N51,'Calificación Controles'!$B$8:$AB$37,27,0)," ") | S51: =IFERROR(VLOOKUP(O51,'Calificación Controles'!$B$8:$AB$37,27,0)," ") | T51: =IFERROR(VLOOKUP(P51,'Calificación Controles'!$B$8:$AB$37,27,0), " ") | U51: =IFERROR(((R51+S51+T51)/3)/100," ") | W51: =IFERROR(IF(Q51="PROBABILIDAD",H51-(H51*U51),H51), " ") | X51: =IFERROR(IF(Q51="PROBABILIDAD E IMPACTO",H51*U51,0), " ") -> 0 | Y51: =IFERROR(+W51-X51, " ") | AB51: =IFERROR(IF(Q51="IMPACTO",K51-(K51*U51),K51), " ") | AC51: =IFERROR(IF(Q51="PROBABILIDAD E IMPACTO",K51*U51,0)," ") -> 0 | AD51: =IFERROR(+AB51-AC51," ") | AG51: =IFERROR(ROUNDUP(+Z51*AE51,0),0) -> 0

Sheet Calificación Controles
A2: MATRIZ DE GESTION DE RIESGOS LAFT SAGRILAFT - GESTION DE RIESGOS
A4: Notas: | B4: Diligencie con X las celdas que definen la calidad del control, NUNCA diligencie las casillas PESO
B5: Solo asigne una calificación a cada factor por control
A6: CONTROL | E6: POR TIPO | I6: POR NATURALEZA | M6: EVIDENCIA | P6: DOCUMENTACION | S6: PERIODICIDAD | X6: IMPLEMENTACION | AB6: TOTALES
A7: # | C7: Descripcion | E7: PREVENTIVO | F7: DETECTIVO | G7: CORRECTIVO | H7: PESO | I7: AUTOMATICO | J7: MIXTO | K7: MANUAL | L7: PESO | M7: FORMAL | N7: INFORMAL | O7: PESO | P7: DOCUMENTADO | Q7: NO DOCUMENTADO | R7: PESO | S7: DIARIO | T7: MENSUAL | U7: ANUAL | V7: ESPORADICO | W7: PESO | X7: IMPLEMENTADO | Y7: EN DESARROLLO | Z7: NO EXISTE | AA7: PESO | AB7: PESO % | AC7: PESO % | AD7: CALIFICACION
A8: 1 | B8: Validación Formato | C8: El funcionario Comercial Valida que el Formato de Vinculación esté completamente diligenciado sin enmendaduras ni tachones | D8: =+A8 -> 1 | E8: x | H8: =IF(E8="X",15,IF(F8="X",7.5,IF(G8="X",1.5,0))) -> 15 | J8: x | L8: =IF(I8="X",15,IF(J8="X",7.5,IF(K8="X",1.5,0))) -> 7.5 | M8: X | O8: =IF(M8="X",15,IF(N8="X",7.5,0)) -> 15 | P8: x | R8: =IF(P8="X",15,IF(Q8="X",1.5,0)) -> 15 | T8: X | W8: =IF(S8="X",15,IF(T8="X",10,IF(U8="X",7.5,IF(V8="X",1.5,0)))) -> 10 | X8: x | AA8: =IF(X8="X",15,IF(Y8="X",7.5,IF(Z8="X",1.5,0))) -> 15 | AB8: =+H8+L8+O8+R8+W8+AA8 -> 77.5 | AC8: =ROUND(AB8,0) -> 78 | AD8: =IF(AC8>70,"FUERTE",IF(AC8>50,"MODERADO",IF(AC8>40,"ACEPTABLE",IF(AC8>20,"DEBIL",IF(AC8<19,"INEXISTENTE",0))))) -> FUERTE
A9: 2 | B9: Validación telefónica | C9: La asistente de gerencia realiza validación de los datos dejando evidencia de la atividad mediante firma y fecha | D9: =+A9 -> 2 | E9: X | H9: =IF(E9="X",15,IF(F9="X",7.5,IF(G9="X",1.5,0))) -> 15 | K9: X | L9: =IF(I9="X",15,IF(J9="X",7.5,IF(K9="X",1.5,0))) -> 1.5 | M9: x | O9: =IF(M9="X",15,IF(N9="X",7.5,0)) -> 15 | P9: x | R9: =IF(P9="X",15,IF(Q9="X",1.5,0)) -> 15 | S9: x | W9: =IF(S9="X",15,IF(T9="X",10,IF(U9="X",7.5,IF(V9="X",1.5,0)))) -> 15 | X9: x | AA9: =IF(X9="X",15,IF(Y9="X",7.5,IF(Z9="X",1.5,0))) -> 15 | AB9: =+H9+L9+O9+R9+W9+AA9 -> 76.5 | AC9: =ROUND(AB9,0) -> 77 | AD9: =IF(AC9>70,"FUERTE",IF(AC9>50,"MODERADO",IF(AC9>40,"ACEPTABLE",IF(AC9>20,"DEBIL",IF(AC9<19,"INEXISTENTE",0))))) -> FUERTE
A10: 3 | B10: Validación Listas | C10: La asistente de gerencia Valida en listas restrictivas (OFAC, ONU, Teroristas UE Terrorista USA y otras) a través de la herramienta Check ID, | D10: =+A10 -> 3 | E10: X | H10: =IF(E10="X",15,IF(F10="X",7.5,IF(G10="X",1.5,0))) -> 15 | K10: X | L10: =IF(I10="X",15,IF(J10="X",7.5,IF(K10="X",1.5,0))) -> 1.5 | M10: x | O10: =IF(M10="X",15,IF(N10="X",7.5,0)) -> 15 | P10: x | R10: =IF(P10="X",15,IF(Q10="X",1.5,0)) -> 15 | S10: x | W10: =IF(S10="X",15,IF(T10="X",10,IF(U10="X",7.5,IF(V10="X",1.5,0)))) -> 15 | X10: x | AA10: =IF(X10="X",15,IF(Y10="X",7.5,IF(Z10="X",1.5,0))) -> 15 | AB10: =+H10+L10+O10+R10+W10+AA10 -> 76.5 | AC10: =ROUND(AB10,0) -> 77 | AD10: =IF(AC10>70,"FUERTE",IF(AC10>50,"MODERADO",IF(AC10>40,"ACEPTABLE",IF(AC10>20,"DEBIL",IF(AC10<19,"INEXISTENTE",0))))) -> FUERTE
A11: 4 | B11: Visita Entrevista | C11: El funcionario comercial realiza visita o entrevista al cliente propectivo | D11: =+A11 -> 4 | E11: X | H11: =IF(E11="X",15,IF(F11="X",7.5,IF(G11="X",1.5,0))) -> 15 | K11: X | L11: =IF(I11="X",15,IF(J11="X",7.5,IF(K11="X",1.5,0))) -> 1.5 | M11: X | O11: =IF(M11="X",15,IF(N11="X",7.5,0)) -> 15 | P11: x | R11: =IF(P11="X",15,IF(Q11="X",1.5,0)) -> 15 | S11: X | W11: =IF(S11="X",15,IF(T11="X",10,IF(U11="X",7.5,IF(V11="X",1.5,0)))) -> 15 | X11: X | AA11: =IF(X11="X",15,IF(Y11="X",7.5,IF(Z11="X",1.5,0))) -> 15 | AB11: =+H11+L11+O11+R11+W11+AA11 -> 76.5 | AC11: =ROUND(AB11,0) -> 77 | AD11: =IF(AC11>70,"FUERTE",IF(AC11>50,"MODERADO",IF(AC11>40,"ACEPTABLE",IF(AC11>20,"DEBIL",IF(AC11<19,"INEXISTENTE",0))))) -> FUERTE
A12: 5 | B12: Entidad Financiera | C12: Las operaciones en efectivo se encuentran restringidas por montos y se realizan unicamente en las compañíaes financieras | D12: =+A12 -> 5 | E12: X | H12: =IF(E12="X",15,IF(F12="X",7.5,IF(G12="X",1.5,0))) -> 15 | J12: X | L12: =IF(I12="X",15,IF(J12="X",7.5,IF(K12="X",1.5,0))) -> 7.5 | M12: X | O12: =IF(M12="X",15,IF(N12="X",7.5,0)) -> 15 | P12: X | R12: =IF(P12="X",15,IF(Q12="X",1.5,0)) -> 15 | S12: X | W12: =IF(S12="X",15,IF(T12="X",10,IF(U12="X",7.5,IF(V12="X",1.5,0)))) -> 15 | X12: x | AA12: =IF(X12="X",15,IF(Y12="X",7.5,IF(Z12="X",1.5,0))) -> 15 | AB12: =+H12+L12+O12+R12+W12+AA12 -> 82.5 | AC12: =ROUND(AB12,0) -> 83 | AD12: =IF(AC12>70,"FUERTE",IF(AC12>50,"MODERADO",IF(AC12>40,"ACEPTABLE",IF(AC12>20,"DEBIL",IF(AC12<19,"INEXISTENTE",0))))) -> FUERTE
A13: 6 | B13: Capacitación SAGRILAFT | C13: Capacitación Periodica de los colaboradores en SAGRILAFT | D13: =+A13 -> 6 | E13: X | H13: =IF(E13="X",15,IF(F13="X",7.5,IF(G13="X",1.5,0))) -> 15 | K13: X | L13: =IF(I13="X",15,IF(J13="X",7.5,IF(K13="X",1.5,0))) -> 1.5 | M13: X | O13: =IF(M13="X",15,IF(N13="X",7.5,0)) -> 15 | P13: x | R13: =IF(P13="X",15,IF(Q13="X",1.5,0)) -> 15 | U13: X | W13: =IF(S13="X",15,IF(T13="X",10,IF(U13="X",7.5,IF(V13="X",1.5,0)))) -> 7.5 | X13: x | AA13: =IF(X13="X",15,IF(Y13="X",7.5,IF(Z13="X",1.5,0))) -> 15 | AB13: =+H13+L13+O13+R13+W13+AA13 -> 69 | AC13: =ROUND(AB13,0) -> 69 | AD13: =IF(AC13>70,"FUERTE",IF(AC13>50,"MODERADO",IF(AC13>40,"ACEPTABLE",IF(AC13>20,"DEBIL",IF(AC13<19,"INEXISTENTE",0))))) -> MODERADO
A14: 7 | B14: Declaración de Origen de Fondos | C14: El cliente y los accionistas deben debe diligenciar la declaración de origen de fondos | D14: =+A14 -> 7 | G14: X | H14: =IF(E14="X",15,IF(F14="X",7.5,IF(G14="X",1.5,0))) -> 1.5 | K14: X | L14: =IF(I14="X",15,IF(J14="X",7.5,IF(K14="X",1.5,0))) -> 1.5 | N14: X | O14: =IF(M14="X",15,IF(N14="X",7.5,0)) -> 7.5 | P14: x | R14: =IF(P14="X",15,IF(Q14="X",1.5,0)) -> 15 | S14: x | W14: =IF(S14="X",15,IF(T14="X",10,IF(U14="X",7.5,IF(V14="X",1.5,0)))) -> 15 | X14: x | AA14: =IF(X14="X",15,IF(Y14="X",7.5,IF(Z14="X",1.5,0))) -> 15 | AB14: =+H14+L14+O14+R14+W14+AA14 -> 55.5 | AC14: =ROUND(AB14,0) -> 56 | AD14: =IF(AC14>70,"FUERTE",IF(AC14>50,"MODERADO",IF(AC14>40,"ACEPTABLE",IF(AC14>20,"DEBIL",IF(AC14<19,"INEXISTENTE",0))))) -> MODERADO
A15: 8 | B15: Actualización Información | C15: La información comercial de los clientes se debe actualizar al menos una vez al año. | D15: =+A15 -> 8 | E15: X | H15: =IF(E15="X",15,IF(F15="X",7.5,IF(G15="X",1.5,0))) -> 15 | K15: X | L15: =IF(I15="X",15,IF(J15="X",7.5,IF(K15="X",1.5,0))) -> 1.5 | N15: X | O15: =IF(M15="X",15,IF(N15="X",7.5,0)) -> 7.5 | P15: x | R15: =IF(P15="X",15,IF(Q15="X",1.5,0)) -> 15 | U15: X | W15: =IF(S15="X",15,IF(T15="X",10,IF(U15="X",7.5,IF(V15="X",1.5,0)))) -> 7.5 | X15: x | AA15: =IF(X15="X",15,IF(Y15="X",7.5,IF(Z15="X",1.5,0))) -> 15 | AB15: =+H15+L15+O15+R15+W15+AA15 -> 61.5 | AC15: =ROUND(AB15,0) -> 62 | AD15: =IF(AC15>70,"FUERTE",IF(AC15>50,"MODERADO",IF(AC15>40,"ACEPTABLE",IF(AC15>20,"DEBIL",IF(AC15<19,"INEXISTENTE",0))))) -> MODERADO
A16: 9 | B16: Monitoreo de Transacciones | C16: Monitoreo constante de las transacciones de asociados/clientes por parte del Oficial de Cumplimiento | D16: =+A16 -> 9 | F16: X | H16: =IF(E16="X",15,IF(F16="X",7.5,IF(G16="X",1.5,0))) -> 7.5 | J16: X | L16: =IF(I16="X",15,IF(J16="X",7.5,IF(K16="X",1.5,0))) -> 7.5 | N16: X | O16: =IF(M16="X",15,IF(N16="X",7.5,0)) -> 7.5 | P16: x | R16: =IF(P16="X",15,IF(Q16="X",1.5,0)) -> 15 | T16: X | W16: =IF(S16="X",15,IF(T16="X",10,IF(U16="X",7.5,IF(V16="X",1.5,0)))) -> 10 | X16: x | AA16: =IF(X16="X",15,IF(Y16="X",7.5,IF(Z16="X",1.5,0))) -> 15 | AB16: =+H16+L16+O16+R16+W16+AA16 -> 62.5 | AC16: =ROUND(AB16,0) -> 63 | AD16: =IF(AC16>70,"FUERTE",IF(AC16>50,"MODERADO",IF(AC16>40,"ACEPTABLE",IF(AC16>20,"DEBIL",IF(AC16<19,"INEXISTENTE",0))))) -> MODERADO
A17: 10 | B17: Conocimiento Pep | C17: Realizar debida diligencia a las personas catalogadas como Pep, diligenciando el formato respectivo. | D17: =+A17 -> 10 | E17: X | H17: =IF(E17="X",15,IF(F17="X",7.5,IF(G17="X",1.5,0))) -> 15 | K17: X | L17: =IF(I17="X",15,IF(J17="X",7.5,IF(K17="X",1.5,0))) -> 1.5 | N17: X | O17: =IF(M17="X",15,IF(N17="X",7.5,0)) -> 7.5 | P17: x | R17: =IF(P17="X",15,IF(Q17="X",1.5,0)) -> 15 | V17: X | W17: =IF(S17="X",15,IF(T17="X",10,IF(U17="X",7.5,IF(V17="X",1.5,0)))) -> 1.5 | X17: x | AA17: =IF(X17="X",15,IF(Y17="X",7.5,IF(Z17="X",1.5,0))) -> 15 | AB17: =+H17+L17+O17+R17+W17+AA17 -> 55.5 | AC17: =ROUND(AB17,0) -> 56 | AD17: =IF(AC17>70,"FUERTE",IF(AC17>50,"MODERADO",IF(AC17>40,"ACEPTABLE",IF(AC17>20,"DEBIL",IF(AC17<19,"INEXISTENTE",0))))) -> MODERADO
A18: 11 | B18: Respuesta Requerimientos | C18: Responder los requerimientos de las compañíaes de control de acuerdo con el procedimiento establecido | D18: =+A18 -> 11 | E18: X | H18: =IF(E18="X",15,IF(F18="X",7.5,IF(G18="X",1.5,0))) -> 15 | K18: X | L18: =IF(I18="X",15,IF(J18="X",7.5,IF(K18="X",1.5,0))) -> 1.5 | M18: X | O18: =IF(M18="X",15,IF(N18="X",7.5,0)) -> 15 | P18: x | R18: =IF(P18="X",15,IF(Q18="X",1.5,0)) -> 15 | T18: X | W18: =IF(S18="X",15,IF(T18="X",10,IF(U18="X",7.5,IF(V18="X",1.5,0)))) -> 10 | X18: x | AA18: =IF(X18="X",15,IF(Y18="X",7.5,IF(Z18="X",1.5,0))) -> 15 | AB18: =+H18+L18+O18+R18+W18+AA18 -> 71.5 | AC18: =ROUND(AB18,0) -> 72 | AD18: =IF(AC18>70,"FUERTE",IF(AC18>50,"MODERADO",IF(AC18>40,"ACEPTABLE",IF(AC18>20,"DEBIL",IF(AC18<19,"INEXISTENTE",0))))) -> FUERTE
A19: 12 | B19: Envio de Reportes | C19: El area Contable y El Oficial de Cumplimiento realiza el envío de los informes a la UIAF, siguiendo los lineamientos establecidos en el manual de Gestión de Riesgo LAFT | D19: =+A19 -> 12 | E19: x | H19: =IF(E19="X",15,IF(F19="X",7.5,IF(G19="X",1.5,0))) -> 15 | J19: x | L19: =IF(I19="X",15,IF(J19="X",7.5,IF(K19="X",1.5,0))) -> 7.5 | M19: x | O19: =IF(M19="X",15,IF(N19="X",7.5,0)) -> 15 | P19: x | R19: =IF(P19="X",15,IF(Q19="X",1.5,0)) -> 15 | T19: x | W19: =IF(S19="X",15,IF(T19="X",10,IF(U19="X",7.5,IF(V19="X",1.5,0)))) -> 10 | X19: x | AA19: =IF(X19="X",15,IF(Y19="X",7.5,IF(Z19="X",1.5,0))) -> 15 | AB19: =+H19+L19+O19+R19+W19+AA19 -> 77.5 | AC19: =ROUND(AB19,0) -> 78 | AD19: =IF(AC19>70,"FUERTE",IF(AC19>50,"MODERADO",IF(AC19>40,"ACEPTABLE",IF(AC19>20,"DEBIL",IF(AC19<19,"INEXISTENTE",0))))) -> FUERTE
A20: 13 | B20: Reporte Inusuales | C20: Los colaboradores realizarán un reporte interno de operaciones inusuales en la medida que detecten movimientos que se salgan de la operatividad normal del cliente | D20: =+A20 -> 13 | E20: x | H20: =IF(E20="X",15,IF(F20="X",7.5,IF(G20="X",1.5,0))) -> 15 | K20: x | L20: =IF(I20="X",15,IF(J20="X",7.5,IF(K20="X",1.5,0))) -> 1.5 | M20: x | O20: =IF(M20="X",15,IF(N20="X",7.5,0)) -> 15 | P20: x | R20: =IF(P20="X",15,IF(Q20="X",1.5,0)) -> 15 | V20: x | W20: =IF(S20="X",15,IF(T20="X",10,IF(U20="X",7.5,IF(V20="X",1.5,0)))) -> 1.5 | X20: x | AA20: =IF(X20="X",15,IF(Y20="X",7.5,IF(Z20="X",1.5,0))) -> 15 | AB20: =+H20+L20+O20+R20+W20+AA20 -> 63 | AC20: =ROUND(AB20,0) -> 63 | AD20: =IF(AC20>70,"FUERTE",IF(AC20>50,"MODERADO",IF(AC20>40,"ACEPTABLE",IF(AC20>20,"DEBIL",IF(AC20<19,"INEXISTENTE",0))))) -> MODERADO
A21: 14 | B21: Contratos Funcionarios | C21: Establecer a cada colaborador, contratos que especifican el alcance, las obligaciones y las responsabilidades frente al SAGRILAFT | D21: =+A21 -> 14 | E21: x | H21: =IF(E21="X",15,IF(F21="X",7.5,IF(G21="X",1.5,0))) -> 15 | K21: x | L21: =IF(I21="X",15,IF(J21="X",7.5,IF(K21="X",1.5,0))) -> 1.5 | M21: x | O21: =IF(M21="X",15,IF(N21="X",7.5,0)) -> 15 | P21: x | R21: =IF(P21="X",15,IF(Q21="X",1.5,0)) -> 15 | V21: x | W21: =IF(S21="X",15,IF(T21="X",10,IF(U21="X",7.5,IF(V21="X",1.5,0)))) -> 1.5 | X21: x | AA21: =IF(X21="X",15,IF(Y21="X",7.5,IF(Z21="X",1.5,0))) -> 15 | AB21: =+H21+L21+O21+R21+W21+AA21 -> 63 | AC21: =ROUND(AB21,0) -> 63 | AD21: =IF(AC21>70,"FUERTE",IF(AC21>50,"MODERADO",IF(AC21>40,"ACEPTABLE",IF(AC21>20,"DEBIL",IF(AC21<19,"INEXISTENTE",0))))) -> MODERADO
A22: 15 | B22: Vinculación Proveedores | C22: El lider de cuentas por pagar realiza debida diligencia a los proveedores de productos y servicios validando el diligenciamiento del formato de vinculación, validando soportes e información suministrada, | D22: =+A22 -> 15 | F22: x | H22: =IF(E22="X",15,IF(F22="X",7.5,IF(G22="X",1.5,0))) -> 7.5 | K22: x | L22: =IF(I22="X",15,IF(J22="X",7.5,IF(K22="X",1.5,0))) -> 1.5 | N22: X | O22: =IF(M22="X",15,IF(N22="X",7.5,0)) -> 7.5 | P22: x | R22: =IF(P22="X",15,IF(Q22="X",1.5,0)) -> 15 | V22: X | W22: =IF(S22="X",15,IF(T22="X",10,IF(U22="X",7.5,IF(V22="X",1.5,0)))) -> 1.5 | X22: x | AA22: =IF(X22="X",15,IF(Y22="X",7.5,IF(Z22="X",1.5,0))) -> 15 | AB22: =+H22+L22+O22+R22+W22+AA22 -> 48 | AC22: =ROUND(AB22,0) -> 48 | AD22: =IF(AC22>70,"FUERTE",IF(AC22>50,"MODERADO",IF(AC22>40,"ACEPTABLE",IF(AC22>20,"DEBIL",IF(AC22<19,"INEXISTENTE",0))))) -> ACEPTABLE
A23: 16 | B23: Políticas SAGRILAFT | C23: La administración y los colaboradores de la compañía se comprometen a acatar las políticas y procedimientos del SAGRILAFT | D23: =+A23 -> 16 | E23: X | H23: =IF(E23="X",15,IF(F23="X",7.5,IF(G23="X",1.5,0))) -> 15 | J23: X | L23: =IF(I23="X",15,IF(J23="X",7.5,IF(K23="X",1.5,0))) -> 7.5 | M23: X | O23: =IF(M23="X",15,IF(N23="X",7.5,0)) -> 15 | P23: X | R23: =IF(P23="X",15,IF(Q23="X",1.5,0)) -> 15 | S23: X | W23: =IF(S23="X",15,IF(T23="X",10,IF(U23="X",7.5,IF(V23="X",1.5,0)))) -> 15 | X23: x | AA23: =IF(X23="X",15,IF(Y23="X",7.5,IF(Z23="X",1.5,0))) -> 15 | AB23: =+H23+L23+O23+R23+W23+AA23 -> 82.5 | AC23: =ROUND(AB23,0) -> 83 | AD23: =IF(AC23>70,"FUERTE",IF(AC23>50,"MODERADO",IF(AC23>40,"ACEPTABLE",IF(AC23>20,"DEBIL",IF(AC23<19,"INEXISTENTE",0))))) -> FUERTE
A24: 17 | B24: Manual SAGRILAFT | C24: La compañìa Estableció procedimientos del control de LAFT mediante la implementación del sistema de autocontrol y gestión SAGRILAFT de acuerdo con las normas de la Superintendencia de Sociedades. | D24: =+A24 -> 17 | E24: X | H24: =IF(E24="X",15,IF(F24="X",7.5,IF(G24="X",1.5,0))) -> 15 | J24: X | L24: =IF(I24="X",15,IF(J24="X",7.5,IF(K24="X",1.5,0))) -> 7.5 | M24: X | O24: =IF(M24="X",15,IF(N24="X",7.5,0)) -> 15 | P24: X | R24: =IF(P24="X",15,IF(Q24="X",1.5,0)) -> 15 | S24: X | W24: =IF(S24="X",15,IF(T24="X",10,IF(U24="X",7.5,IF(V24="X",1.5,0)))) -> 15 | X24: x | AA24: =IF(X24="X",15,IF(Y24="X",7.5,IF(Z24="X",1.5,0))) -> 15 | AB24: =+H24+L24+O24+R24+W24+AA24 -> 82.5 | AC24: =ROUND(AB24,0) -> 83 | AD24: =IF(AC24>70,"FUERTE",IF(AC24>50,"MODERADO",IF(AC24>40,"ACEPTABLE",IF(AC24>20,"DEBIL",IF(AC24<19,"INEXISTENTE",0))))) -> FUERTE
A25: 18 | B25: Consulta RUNT | C25: La compañìa consulta la tradición de los vehículos usados que retoma, El Certificado de Tradición es el único documento legalmente autorizado para conocer el estado de propiedad y la situación legal de un carro o moto | D25: =+A25 -> 18 | E25: x | H25: =IF(E25="X",15,IF(F25="X",7.5,IF(G25="X",1.5,0))) -> 15 | K25: x | L25: =IF(I25="X",15,IF(J25="X",7.5,IF(K25="X",1.5,0))) -> 1.5 | M25: x | O25: =IF(M25="X",15,IF(N25="X",7.5,0)) -> 15 | Q25: x | R25: =IF(P25="X",15,IF(Q25="X",1.5,0)) -> 1.5 | S25: x | W25: =IF(S25="X",15,IF(T25="X",10,IF(U25="X",7.5,IF(V25="X",1.5,0)))) -> 15 | X25: x | AA25: =IF(X25="X",15,IF(Y25="X",7.5,IF(Z25="X",1.5,0))) -> 15 | AB25: =+H25+L25+O25+R25+W25+AA25 -> 63 | AC25: =ROUND(AB25,0) -> 63 | AD25: =IF(AC25>70,"FUERTE",IF(AC25>50,"MODERADO",IF(AC25>40,"ACEPTABLE",IF(AC25>20,"DEBIL",IF(AC25<19,"INEXISTENTE",0))))) -> MODERADO
A26: 19 | B26: Formato de Vinculación | C26: La compañìa cuenta con un formato de vinculación de contrapartes el cual recauda los datos para su conocimiento y las autorizaciones y declaraciones de la contraparte. | D26: =+A26 -> 19 | E26: x | H26: =IF(E26="X",15,IF(F26="X",7.5,IF(G26="X",1.5,0))) -> 15 | K26: x | L26: =IF(I26="X",15,IF(J26="X",7.5,IF(K26="X",1.5,0))) -> 1.5 | M26: x | O26: =IF(M26="X",15,IF(N26="X",7.5,0)) -> 15 | P26: x | R26: =IF(P26="X",15,IF(Q26="X",1.5,0)) -> 15 | S26: x | W26: =IF(S26="X",15,IF(T26="X",10,IF(U26="X",7.5,IF(V26="X",1.5,0)))) -> 15 | X26: x | AA26: =IF(X26="X",15,IF(Y26="X",7.5,IF(Z26="X",1.5,0))) -> 15 | AB26: =+H26+L26+O26+R26+W26+AA26 -> 76.5 | AC26: =ROUND(AB26,0) -> 77 | AD26: =IF(AC26>70,"FUERTE",IF(AC26>50,"MODERADO",IF(AC26>40,"ACEPTABLE",IF(AC26>20,"DEBIL",IF(AC26<19,"INEXISTENTE",0))))) -> FUERTE
A27: 20 | B27: Declaración de prevención LAFT/ CST | C27: La contraparte debe firmar la Declaración de Prevención de Riesgo de lavado de activos y corrupción, donde manifiesta el origen legal de sus recursos | D27: =+A27 -> 20 | E27: x | H27: =IF(E27="X",15,IF(F27="X",7.5,IF(G27="X",1.5,0))) -> 15 | J27: x | L27: =IF(I27="X",15,IF(J27="X",7.5,IF(K27="X",1.5,0))) -> 7.5 | M27: x | O27: =IF(M27="X",15,IF(N27="X",7.5,0)) -> 15 | P27: x | R27: =IF(P27="X",15,IF(Q27="X",1.5,0)) -> 15 | S27: x | W27: =IF(S27="X",15,IF(T27="X",10,IF(U27="X",7.5,IF(V27="X",1.5,0)))) -> 15 | X27: x | AA27: =IF(X27="X",15,IF(Y27="X",7.5,IF(Z27="X",1.5,0))) -> 15 | AB27: =+H27+L27+O27+R27+W27+AA27 -> 82.5 | AC27: =ROUND(AB27,0) -> 83 | AD27: =IF(AC27>70,"FUERTE",IF(AC27>50,"MODERADO",IF(AC27>40,"ACEPTABLE",IF(AC27>20,"DEBIL",IF(AC27<19,"INEXISTENTE",0))))) -> FUERTE
A28: 21 | B28: Validación Oficial de Cumplimiento | C28: El Oficial de Cumplimiento realiza la validación de las contrapartes que presentan coincidencias en las listas restrictivas | D28: =+A28 -> 21 | F28: x | H28: =IF(E28="X",15,IF(F28="X",7.5,IF(G28="X",1.5,0))) -> 7.5 | J28: x | L28: =IF(I28="X",15,IF(J28="X",7.5,IF(K28="X",1.5,0))) -> 7.5 | M28: x | O28: =IF(M28="X",15,IF(N28="X",7.5,0)) -> 15 | P28: x | R28: =IF(P28="X",15,IF(Q28="X",1.5,0)) -> 15 | S28: x | W28: =IF(S28="X",15,IF(T28="X",10,IF(U28="X",7.5,IF(V28="X",1.5,0)))) -> 15 | X28: x | AA28: =IF(X28="X",15,IF(Y28="X",7.5,IF(Z28="X",1.5,0))) -> 15 | AB28: =+H28+L28+O28+R28+W28+AA28 -> 75 | AC28: =ROUND(AB28,0) -> 75 | AD28: =IF(AC28>70,"FUERTE",IF(AC28>50,"MODERADO",IF(AC28>40,"ACEPTABLE",IF(AC28>20,"DEBIL",IF(AC28<19,"INEXISTENTE",0))))) -> FUERTE
A29: 22 | D29: =+A29 -> 22 | H29: =IF(E29="X",15,IF(F29="X",7.5,IF(G29="X",1.5,0))) -> 0 | L29: =IF(I29="X",15,IF(J29="X",7.5,IF(K29="X",1.5,0))) -> 0 | O29: =IF(M29="X",15,IF(N29="X",7.5,0)) -> 0 | R29: =IF(P29="X",15,IF(Q29="X",1.5,0)) -> 0 | W29: =IF(S29="X",15,IF(T29="X",10,IF(U29="X",7.5,IF(V29="X",1.5,0)))) -> 0 | AA29: =IF(X29="X",15,IF(Y29="X",7.5,IF(Z29="X",1.5,0))) -> 0 | AB29: =+H29+L29+O29+R29+W29+AA29 -> 0 | AC29: =ROUND(AB29,0) -> 0 | AD29: =IF(AC29>70,"FUERTE",IF(AC29>50,"MODERADO",IF(AC29>40,"ACEPTABLE",IF(AC29>20,"DEBIL",IF(AC29<19,"INEXISTENTE",0))))) -> INEXISTENTE
A30: 23 | D30: =+A30 -> 23 | H30: =IF(E30="X",15,IF(F30="X",7.5,IF(G30="X",1.5,0))) -> 0 | L30: =IF(I30="X",15,IF(J30="X",7.5,IF(K30="X",1.5,0))) -> 0 | O30: =IF(M30="X",15,IF(N30="X",7.5,0)) -> 0 | R30: =IF(P30="X",15,IF(Q30="X",1.5,0)) -> 0 | W30: =IF(S30="X",15,IF(T30="X",10,IF(U30="X",7.5,IF(V30="X",1.5,0)))) -> 0 | AA30: =IF(X30="X",15,IF(Y30="X",7.5,IF(Z30="X",1.5,0))) -> 0 | AB30: =+H30+L30+O30+R30+W30+AA30 -> 0 | AC30: =ROUND(AB30,0) -> 0 | AD30: =IF(AC30>70,"FUERTE",IF(AC30>50,"MODERADO",IF(AC30>40,"ACEPTABLE",IF(AC30>20,"DEBIL",IF(AC30<19,"INEXISTENTE",0))))) -> INEXISTENTE
A31: 24 | D31: =+A31 -> 24 | H31: =IF(E31="X",15,IF(F31="X",7.5,IF(G31="X",1.5,0))) -> 0 | L31: =IF(I31="X",15,IF(J31="X",7.5,IF(K31="X",1.5,0))) -> 0 | O31: =IF(M31="X",15,IF(N31="X",7.5,0)) -> 0 | R31: =IF(P31="X",15,IF(Q31="X",1.5,0)) -> 0 | W31: =IF(S31="X",15,IF(T31="X",10,IF(U31="X",7.5,IF(V31="X",1.5,0)))) -> 0 | AA31: =IF(X31="X",15,IF(Y31="X",7.5,IF(Z31="X",1.5,0))) -> 0 | AB31: =+H31+L31+O31+R31+W31+AA31 -> 0 | AC31: =ROUND(AB31,0) -> 0 | AD31: =IF(AC31>70,"FUERTE",IF(AC31>50,"MODERADO",IF(AC31>40,"ACEPTABLE",IF(AC31>20,"DEBIL",IF(AC31<19,"INEXISTENTE",0))))) -> INEXISTENTE
A32: 25 | D32: =+A32 -> 25 | H32: =IF(E32="X",15,IF(F32="X",7.5,IF(G32="X",1.5,0))) -> 0 | L32: =IF(I32="X",15,IF(J32="X",7.5,IF(K32="X",1.5,0))) -> 0 | O32: =IF(M32="X",15,IF(N32="X",7.5,0)) -> 0 | R32: =IF(P32="X",15,IF(Q32="X",1.5,0)) -> 0 | W32: =IF(S32="X",15,IF(T32="X",10,IF(U32="X",7.5,IF(V32="X",1.5,0)))) -> 0 | AA32: =IF(X32="X",15,IF(Y32="X",7.5,IF(Z32="X",1.5,0))) -> 0 | AB32: =+H32+L32+O32+R32+W32+AA32 -> 0 | AC32: =ROUND(AB32,0) -> 0 | AD32: =IF(AC32>70,"FUERTE",IF(AC32>50,"MODERADO",IF(AC32>40,"ACEPTABLE",IF(AC32>20,"DEBIL",IF(AC32<19,"INEXISTENTE",0))))) -> INEXISTENTE
A33: 26 | D33: =+A33 -> 26 | H33: =IF(E33="X",15,IF(F33="X",7.5,IF(G33="X",1.5,0))) -> 0 | L33: =IF(I33="X",15,IF(J33="X",7.5,IF(K33="X",1.5,0))) -> 0 | O33: =IF(M33="X",15,IF(N33="X",7.5,0)) -> 0 | R33: =IF(P33="X",15,IF(Q33="X",1.5,0)) -> 0 | W33: =IF(S33="X",15,IF(T33="X",10,IF(U33="X",7.5,IF(V33="X",1.5,0)))) -> 0 | AA33: =IF(X33="X",15,IF(Y33="X",7.5,IF(Z33="X",1.5,0))) -> 0 | AB33: =+H33+L33+O33+R33+W33+AA33 -> 0 | AC33: =ROUND(AB33,0) -> 0 | AD33: =IF(AC33>70,"FUERTE",IF(AC33>50,"MODERADO",IF(AC33>40,"ACEPTABLE",IF(AC33>20,"DEBIL",IF(AC33<19,"INEXISTENTE",0))))) -> INEXISTENTE
A34: 27 | D34: =+A34 -> 27 | H34: =IF(E34="X",15,IF(F34="X",7.5,IF(G34="X",1.5,0))) -> 0 | L34: =IF(I34="X",15,IF(J34="X",7.5,IF(K34="X",1.5,0))) -> 0 | O34: =IF(M34="X",15,IF(N34="X",7.5,0)) -> 0 | R34: =IF(P34="X",15,IF(Q34="X",1.5,0)) -> 0 | W34: =IF(S34="X",15,IF(T34="X",10,IF(U34="X",7.5,IF(V34="X",1.5,0)))) -> 0 | AA34: =IF(X34="X",15,IF(Y34="X",7.5,IF(Z34="X",1.5,0))) -> 0 | AB34: =+H34+L34+O34+R34+W34+AA34 -> 0 | AC34: =ROUND(AB34,0) -> 0 | AD34: =IF(AC34>70,"FUERTE",IF(AC34>50,"MODERADO",IF(AC34>40,"ACEPTABLE",IF(AC34>20,"DEBIL",IF(AC34<19,"INEXISTENTE",0))))) -> INEXISTENTE
A35: 28 | D35: =+A35 -> 28 | H35: =IF(E35="X",15,IF(F35="X",7.5,IF(G35="X",1.5,0))) -> 0 | L35: =IF(I35="X",15,IF(J35="X",7.5,IF(K35="X",1.5,0))) -> 0 | O35: =IF(M35="X",15,IF(N35="X",7.5,0)) -> 0 | R35: =IF(P35="X",15,IF(Q35="X",1.5,0)) -> 0 | W35: =IF(S35="X",15,IF(T35="X",10,IF(U35="X",7.5,IF(V35="X",1.5,0)))) -> 0 | AA35: =IF(X35="X",15,IF(Y35="X",7.5,IF(Z35="X",1.5,0))) -> 0 | AB35: =+H35+L35+O35+R35+W35+AA35 -> 0 | AC35: =ROUND(AB35,0) -> 0 | AD35: =IF(AC35>70,"FUERTE",IF(AC35>50,"MODERADO",IF(AC35>40,"ACEPTABLE",IF(AC35>20,"DEBIL",IF(AC35<19,"INEXISTENTE",0))))) -> INEXISTENTE
A36: 29 | D36: =+A36 -> 29 | H36: =IF(E36="X",15,IF(F36="X",7.5,IF(G36="X",1.5,0))) -> 0 | L36: =IF(I36="X",15,IF(J36="X",7.5,IF(K36="X",1.5,0))) -> 0 | O36: =IF(M36="X",15,IF(N36="X",7.5,0)) -> 0 | R36: =IF(P36="X",15,IF(Q36="X",1.5,0)) -> 0 | W36: =IF(S36="X",15,IF(T36="X",10,IF(U36="X",7.5,IF(V36="X",1.5,0)))) -> 0 | AA36: =IF(X36="X",15,IF(Y36="X",7.5,IF(Z36="X",1.5,0))) -> 0 | AB36: =+H36+L36+O36+R36+W36+AA36 -> 0 | AC36: =ROUND(AB36,0) -> 0 | AD36: =IF(AC36>70,"FUERTE",IF(AC36>50,"MODERADO",IF(AC36>40,"ACEPTABLE",IF(AC36>20,"DEBIL",IF(AC36<19,"INEXISTENTE",0))))) -> INEXISTENTE
A37: 30 | B37: Sin Control | C37: Sin Control | D37: =+A37 -> 30 | F37: X | H37: =IF(E37="X",15,IF(F37="X",7.5,IF(G37="X",1.5,0))) -> 7.5 | J37: X | L37: =IF(I37="X",15,IF(J37="X",7.5,IF(K37="X",1.5,0))) -> 7.5 | N37: X | O37: =IF(M37="X",15,IF(N37="X",7.5,0)) -> 7.5 | R37: =IF(P37="X",15,IF(Q37="X",1.5,0)) -> 0 | T37: X | W37: =IF(S37="X",15,IF(T37="X",10,IF(U37="X",7.5,IF(V37="X",1.5,0)))) -> 10 | Y37: X | AA37: =IF(X37="X",15,IF(Y37="X",7.5,IF(Z37="X",1.5,0))) -> 7.5 | AB37: =+H37+L37+O37+R37+W37+AA37 -> 40 | AC37: =ROUND(AB37,0) -> 40 | AD37: =IF(AC37>70,"FUERTE",IF(AC37>50,"MODERADO",IF(AC37>40,"ACEPTABLE",IF(AC37>20,"DEBIL",IF(AC37<19,"INEXISTENTE",0))))) -> DEBIL

Sheet Matriz Inherente - Residual
D2: MATRIZ DE RIESGO INHERENTE
B4: 5 | C4: PROBABILIDAD | D4: CASI SEGURO | E4: =CONCATENATE(IF(AND('Matriz Riesgo'!H5=5,'Matriz Riesgo'!K5=1)," "&'Matriz Riesgo'!A5&","," "),IF(AND('Matriz Riesgo'!H6=5,'Matriz Riesgo'!K6=1)," "&'Matriz Riesgo'!A6&","," "),IF(AND('Matriz Riesgo'!H7=5,'Matriz Riesgo'!K7=1)," "&'Matriz Riesgo'!A7&","," "),IF(AND('Matriz Riesgo'!H8=5,'Matriz Riesgo'!K8=1)," "&'Matriz Riesgo'!A8&","," "),IF(AND('Matriz Riesgo'!H9=5,'Matriz Riesgo'!K9=1)," "&'Matriz Riesgo'!A9&","," "),IF(AND('Matriz Riesgo'!H10=5,'Matriz Riesgo'!K10=1)," "&'Matriz Riesgo'!A10&","," "),IF(AND('Matriz Riesgo'!H11=5,'Matriz Riesgo'!K11=1)," "&'Matriz Riesgo'!A11&","," "),IF(AND('Matriz Riesgo'!H12=5,'Matriz Riesgo'!K12=1)," "&'Matriz Riesgo'!A12&","," "),IF(AND('Matriz Riesgo'!H13=5,'Matriz Riesgo'!K13=1)," "&'Matriz Riesgo'!A13&","," "),IF(AND('Matriz Riesgo'!H14=5,'Matriz Riesgo'!K14=1)," "&'Matriz Riesgo'!A14&","," "),IF(AND('Matriz Riesgo'!H15=5,'Matriz Riesgo'!K15=1)," "&'Matriz Riesgo'!A15&","," "),IF(AND('Matriz Riesgo'!H16=5,'Matriz Riesgo'!K16=1)," "&'Matriz Riesgo'!A16&","," "),IF(AND('Matriz Riesgo'!H17=5,'Matriz Riesgo'!K17=1)," "&'Matriz Riesgo'!A17&","," "),IF(AND('Matriz Riesgo'!H18=5,'Matriz Riesgo'!K18=1)," "&'Matriz Riesgo'!A18&","," "),IF(AND('Matriz Riesgo'!H19=5,'Matriz Riesgo'!K19=1)," "&'Matriz Riesgo'!A19&","," "),IF(AND('Matriz Riesgo'!H20=5,'Matriz Riesgo'!K20=1)," "&'Matriz Riesgo'!A20&","," "),IF(AND('Matriz Riesgo'!H21=5,'Matriz Riesgo'!K21=1)," "&'Matriz Riesgo'!A21&","," "),IF(AND('Matriz Riesgo'!H22=5,'Matriz Riesgo'!K22=1)," "&'Matriz Riesgo'!A22&","," "),IF(AND('Matriz Riesgo'!H23=5,'Matriz Riesgo'!K23=1)," "&'Matriz Riesgo'!A23&","," "),IF(AND('Matriz Riesgo'!H24=5,'Matriz Riesgo'!K24=1)," "&'Matriz Riesgo'!A24&","," "),IF(AND('Matriz Riesgo'!H25=5,'Matriz Riesgo'!K25=1)," "&'Matriz Riesgo'!A25," ")) | F4: =CONCATENATE(IF(AND('Matriz Riesgo'!H6=5,'Matriz Riesgo'!K6=2)," "&'Matriz Riesgo'!A6&","," "),IF(AND('Matriz Riesgo'!H7=5,'Matriz Riesgo'!K7=2)," "&'Matriz Riesgo'!A7&","," "),IF(AND('Matriz Riesgo'!H8=5,'Matriz Riesgo'!K8=2)," "&'Matriz Riesgo'!A8&","," "),IF(AND('Matriz Riesgo'!H9=5,'Matriz Riesgo'!K9=2)," "&'Matriz Riesgo'!A9&","," "),IF(AND('Matriz Riesgo'!H10=5,'Matriz Riesgo'!K10=2)," "&'Matriz Riesgo'!A10&","," "),IF(AND('Matriz Riesgo'!H11=5,'Matriz Riesgo'!K11=2)," "&'Matriz Riesgo'!A11&","," "),IF(AND('Matriz Riesgo'!H12=5,'Matriz Riesgo'!K12=2)," "&'Matriz Riesgo'!A12&","," "),IF(AND('Matriz Riesgo'!H13=5,'Matriz Riesgo'!K13=2)," "&'Matriz Riesgo'!A13&","," "),IF(AND('Matriz Riesgo'!H14=5,'Matriz Riesgo'!K14=2)," "&'Matriz Riesgo'!A14&","," "),IF(AND('Matriz Riesgo'!H15=5,'Matriz Riesgo'!K15=2)," "&'Matriz Riesgo'!A15&","," "),IF(AND('Matriz Riesgo'!H16=5,'Matriz Riesgo'!K16=2)," "&'Matriz Riesgo'!A16&","," "),IF(AND('Matriz Riesgo'!H17=5,'Matriz Riesgo'!K17=2)," "&'Matriz Riesgo'!A17&","," "),IF(AND('Matriz Riesgo'!H18=5,'Matriz Riesgo'!K18=2)," "&'Matriz Riesgo'!A18&","," "),IF(AND('Matriz Riesgo'!H19=5,'Matriz Riesgo'!K19=2)," "&'Matriz Riesgo'!A19&","," "),IF(AND('Matriz Riesgo'!H20=5,'Matriz Riesgo'!K20=2)," "&'Matriz Riesgo'!A20&","," "),IF(AND('Matriz Riesgo'!H21=5,'Matriz Riesgo'!K21=2)," "&'Matriz Riesgo'!A21&","," "),IF(AND('Matriz Riesgo'!H22=5,'Matriz Riesgo'!K22=2)," "&'Matriz Riesgo'!A22&","," "),IF(AND('Matriz Riesgo'!H23=5,'Matriz Riesgo'!K23=2)," "&'Matriz Riesgo'!A23&","," "),IF(AND('Matriz Riesgo'!H24=5,'Matriz Riesgo'!K24=2)," "&'Matriz Riesgo'!A24&","," "),IF(AND('Matriz Riesgo'!H25=5,'Matriz Riesgo'!K25=2)," "&'Matriz Riesgo'!A25&","," "),IF(AND('Matriz Riesgo'!H26=5,'Matriz Riesgo'!K26=2)," "&'Matriz Riesgo'!A26," ")) | G4: =CONCATENATE(IF(AND('Matriz Riesgo'!H6=5,'Matriz Riesgo'!K6=3)," "&'Matriz Riesgo'!A6&","," "),IF(AND('Matriz Riesgo'!H7=5,'Matriz Riesgo'!K7=3)," "&'Matriz Riesgo'!A7&","," "),IF(AND('Matriz Riesgo'!H8=5,'Matriz Riesgo'!K8=3)," "&'Matriz Riesgo'!A8&","," "),IF(AND('Matriz Riesgo'!H9=5,'Matriz Riesgo'!K9=3)," "&'Matriz Riesgo'!A9&","," "),IF(AND('Matriz Riesgo'!H10=5,'Matriz Riesgo'!K10=3)," "&'Matriz Riesgo'!A10&","," "),IF(AND('Matriz Riesgo'!H11=5,'Matriz Riesgo'!K11=3)," "&'Matriz Riesgo'!A11&","," "),IF(AND('Matriz Riesgo'!H12=5,'Matriz Riesgo'!K12=3)," "&'Matriz Riesgo'!A12&","," "),IF(AND('Matriz Riesgo'!H13=5,'Matriz Riesgo'!K13=3)," "&'Matriz Riesgo'!A13&","," "),IF(AND('Matriz Riesgo'!H14=5,'Matriz Riesgo'!K14=3)," "&'Matriz Riesgo'!A14&","," "),IF(AND('Matriz Riesgo'!H15=5,'Matriz Riesgo'!K15=3)," "&'Matriz Riesgo'!A15&","," "),IF(AND('Matriz Riesgo'!H16=5,'Matriz Riesgo'!K16=3)," "&'Matriz Riesgo'!A16&","," "),IF(AND('Matriz Riesgo'!H17=5,'Matriz Riesgo'!K17=3)," "&'Matriz Riesgo'!A17&","," "),IF(AND('Matriz Riesgo'!H18=5,'Matriz Riesgo'!K18=3)," "&'Matriz Riesgo'!A18&","," "),IF(AND('Matriz Riesgo'!H19=5,'Matriz Riesgo'!K19=3)," "&'Matriz Riesgo'!A19&","," "),IF(AND('Matriz Riesgo'!H20=5,'Matriz Riesgo'!K20=3)," "&'Matriz Riesgo'!A20&","," "),IF(AND('Matriz Riesgo'!H21=5,'Matriz Riesgo'!K21=3)," "&'Matriz Riesgo'!A21&","," "),IF(AND('Matriz Riesgo'!H22=5,'Matriz Riesgo'!K22=3)," "&'Matriz Riesgo'!A22&","," "),IF(AND('Matriz Riesgo'!H23=5,'Matriz Riesgo'!K23=3)," "&'Matriz Riesgo'!A23&","," "),IF(AND('Matriz Riesgo'!H24=5,'Matriz Riesgo'!K24=3)," "&'Matriz Riesgo'!A24&","," "),IF(AND('Matriz Riesgo'!H25=5,'Matriz Riesgo'!K25=3)," "&'Matriz Riesgo'!A25&","," "),IF(AND('Matriz Riesgo'!H26=5,'Matriz Riesgo'!K26=3)," "&'Matriz Riesgo'!A26," ")) | H4: =CONCATENATE(IF(AND('Matriz Riesgo'!H6=5,'Matriz Riesgo'!K6=4)," "&'Matriz Riesgo'!A6&","," "),IF(AND('Matriz Riesgo'!H7=5,'Matriz Riesgo'!K7=4)," "&'Matriz Riesgo'!A7&","," "),IF(AND('Matriz Riesgo'!H8=5,'Matriz Riesgo'!K8=4)," "&'Matriz Riesgo'!A8&","," "),IF(AND('Matriz Riesgo'!H9=5,'Matriz Riesgo'!K9=4)," "&'Matriz Riesgo'!A9&","," "),IF(AND('Matriz Riesgo'!H10=5,'Matriz Riesgo'!K10=4)," "&'Matriz Riesgo'!A10&","," "),IF(AND('Matriz Riesgo'!H11=5,'Matriz Riesgo'!K11=4)," "&'Matriz Riesgo'!A11&","," "),IF(AND('Matriz Riesgo'!H12=5,'Matriz Riesgo'!K12=4)," "&'Matriz Riesgo'!A12&","," "),IF(AND('Matriz Riesgo'!H13=5,'Matriz Riesgo'!K13=4)," "&'Matriz Riesgo'!A13&","," "),IF(AND('Matriz Riesgo'!H14=5,'Matriz Riesgo'!K14=4)," "&'Matriz Riesgo'!A14&","," "),IF(AND('Matriz Riesgo'!H15=5,'Matriz Riesgo'!K15=4)," "&'Matriz Riesgo'!A15&","," "),IF(AND('Matriz Riesgo'!H16=5,'Matriz Riesgo'!K16=4)," "&'Matriz Riesgo'!A16&","," "),IF(AND('Matriz Riesgo'!H17=5,'Matriz Riesgo'!K17=4)," "&'Matriz Riesgo'!A17&","," "),IF(AND('Matriz Riesgo'!H18=5,'Matriz Riesgo'!K18=4)," "&'Matriz Riesgo'!A18&","," "),IF(AND('Matriz Riesgo'!H19=5,'Matriz Riesgo'!K19=4)," "&'Matriz Riesgo'!A19&","," "),IF(AND('Matriz Riesgo'!H20=5,'Matriz Riesgo'!K20=4)," "&'Matriz Riesgo'!A20&","," "),IF(AND('Matriz Riesgo'!H21=5,'Matriz Riesgo'!K21=4)," "&'Matriz Riesgo'!A21&","," "),IF(AND('Matriz Riesgo'!H22=5,'Matriz Riesgo'!K22=4)," "&'Matriz Riesgo'!A22&","," "),IF(AND('Matriz Riesgo'!H23=5,'Matriz Riesgo'!K23=4)," "&'Matriz Riesgo'!A23&","," "),IF(AND('Matriz Riesgo'!H24=5,'Matriz Riesgo'!K24=4)," "&'Matriz Riesgo'!A24&","," "),IF(AND('Matriz Riesgo'!H25=5,'Matriz Riesgo'!K25=4)," "&'Matriz Riesgo'!A25&","," "),IF(AND('Matriz Riesgo'!H26=5,'Matriz Riesgo'!K26=4)," "&'Matriz Riesgo'!A26," ")) | I4: =CONCATENATE(IF(AND('Matriz Riesgo'!H6=5,'Matriz Riesgo'!K6=5)," "&'Matriz Riesgo'!A6&","," "),IF(AND('Matriz Riesgo'!H7=5,'Matriz Riesgo'!K7=5)," "&'Matriz Riesgo'!A7&","," "),IF(AND('Matriz Riesgo'!H8=5,'Matriz Riesgo'!K8=5)," "&'Matriz Riesgo'!A8&","," "),IF(AND('Matriz Riesgo'!H9=5,'Matriz Riesgo'!K9=5)," "&'Matriz Riesgo'!A9&","," "),IF(AND('Matriz Riesgo'!H10=5,'Matriz Riesgo'!K10=5)," "&'Matriz Riesgo'!A10&","," "),IF(AND('Matriz Riesgo'!H11=5,'Matriz Riesgo'!K11=5)," "&'Matriz Riesgo'!A11&","," "),IF(AND('Matriz Riesgo'!H12=5,'Matriz Riesgo'!K12=5)," "&'Matriz Riesgo'!A12&","," "),IF(AND('Matriz Riesgo'!H13=5,'Matriz Riesgo'!K13=5)," "&'Matriz Riesgo'!A13&","," "),IF(AND('Matriz Riesgo'!H14=5,'Matriz Riesgo'!K14=5)," "&'Matriz Riesgo'!A14&","," "),IF(AND('Matriz Riesgo'!H15=5,'Matriz Riesgo'!K15=5)," "&'Matriz Riesgo'!A15&","," "),IF(AND('Matriz Riesgo'!H16=5,'Matriz Riesgo'!K16=5)," "&'Matriz Riesgo'!A16&","," "),IF(AND('Matriz Riesgo'!H17=5,'Matriz Riesgo'!K17=5)," "&'Matriz Riesgo'!A17&","," "),IF(AND('Matriz Riesgo'!H18=5,'Matriz Riesgo'!K18=5)," "&'Matriz Riesgo'!A18&","," "),IF(AND('Matriz Riesgo'!H19=5,'Matriz Riesgo'!K19=5)," "&'Matriz Riesgo'!A19&","," "),IF(AND('Matriz Riesgo'!H20=5,'Matriz Riesgo'!K20=5)," "&'Matriz Riesgo'!A20&","," "),IF(AND('Matriz Riesgo'!H21=5,'Matriz Riesgo'!K21=5)," "&'Matriz Riesgo'!A21&","," "),IF(AND('Matriz Riesgo'!H22=5,'Matriz Riesgo'!K22=5)," "&'Matriz Riesgo'!A22&","," "),IF(AND('Matriz Riesgo'!H23=5,'Matriz Riesgo'!K23=5)," "&'Matriz Riesgo'!A23&","," "),IF(AND('Matriz Riesgo'!H24=5,'Matriz Riesgo'!K24=5)," "&'Matriz Riesgo'!A24&","," "),IF(AND('Matriz Riesgo'!H25=5,'Matriz Riesgo'!K25=5)," "&'Matriz Riesgo'!A25&","," "),IF(AND('Matriz Riesgo'!H26=5,'Matriz Riesgo'!K26=5)," "&'Matriz Riesgo'!A26," ")) | K4: 1-Indicadores | L4: sistema de etica empresarial | M4: manual de etica | S4: =IF(P4>Q4,0,) -> 0
B5: 4 | D5: MUY PROBABLE | E5: =CONCATENATE(IF(AND('Matriz Riesgo'!H5=4,'Matriz Riesgo'!K5=1)," "&'Matriz Riesgo'!A5&","," "),IF(AND('Matriz Riesgo'!H6=4,'Matriz Riesgo'!K6=1)," "&'Matriz Riesgo'!A6&","," "),IF(AND('Matriz Riesgo'!H7=4,'Matriz Riesgo'!K7=1)," "&'Matriz Riesgo'!A7&","," "),IF(AND('Matriz Riesgo'!H8=4,'Matriz Riesgo'!K8=1)," "&'Matriz Riesgo'!A8&","," "),IF(AND('Matriz Riesgo'!H9=4,'Matriz Riesgo'!K9=1)," "&'Matriz Riesgo'!A9&","," "),IF(AND('Matriz Riesgo'!H10=4,'Matriz Riesgo'!K10=1)," "&'Matriz Riesgo'!A10&","," "),IF(AND('Matriz Riesgo'!H11=4,'Matriz Riesgo'!K11=1)," "&'Matriz Riesgo'!A11&","," "),IF(AND('Matriz Riesgo'!H12=4,'Matriz Riesgo'!K12=1)," "&'Matriz Riesgo'!A12&","," "),IF(AND('Matriz Riesgo'!H13=4,'Matriz Riesgo'!K13=1)," "&'Matriz Riesgo'!A13&","," "),IF(AND('Matriz Riesgo'!H14=4,'Matriz Riesgo'!K14=1)," "&'Matriz Riesgo'!A14&","," "),IF(AND('Matriz Riesgo'!H15=4,'Matriz Riesgo'!K15=1)," "&'Matriz Riesgo'!A15&","," "),IF(AND('Matriz Riesgo'!H16=4,'Matriz Riesgo'!K16=1)," "&'Matriz Riesgo'!A16&","," "),IF(AND('Matriz Riesgo'!H17=4,'Matriz Riesgo'!K17=1)," "&'Matriz Riesgo'!A17&","," "),IF(AND('Matriz Riesgo'!H18=4,'Matriz Riesgo'!K18=1)," "&'Matriz Riesgo'!A18&","," "),IF(AND('Matriz Riesgo'!H19=4,'Matriz Riesgo'!K19=1)," "&'Matriz Riesgo'!A19&","," "),IF(AND('Matriz Riesgo'!H20=4,'Matriz Riesgo'!K20=1)," "&'Matriz Riesgo'!A20&","," "),IF(AND('Matriz Riesgo'!H21=4,'Matriz Riesgo'!K21=1)," "&'Matriz Riesgo'!A21&","," "),IF(AND('Matriz Riesgo'!H22=4,'Matriz Riesgo'!K22=1)," "&'Matriz Riesgo'!A22&","," "),IF(AND('Matriz Riesgo'!H23=4,'Matriz Riesgo'!K23=1)," "&'Matriz Riesgo'!A23&","," "),IF(AND('Matriz Riesgo'!H24=4,'Matriz Riesgo'!K24=1)," "&'Matriz Riesgo'!A24&","," "),IF(AND('Matriz Riesgo'!H25=4,'Matriz Riesgo'!K25=1)," "&'Matriz Riesgo'!A25," ")) | F5: =CONCATENATE(IF(AND('Matriz Riesgo'!H6=4,'Matriz Riesgo'!K6=2)," "&'Matriz Riesgo'!A6&","," "),IF(AND('Matriz Riesgo'!H7=4,'Matriz Riesgo'!K7=2)," "&'Matriz Riesgo'!A7&","," "),IF(AND('Matriz Riesgo'!H8=4,'Matriz Riesgo'!K8=2)," "&'Matriz Riesgo'!A8&","," "),IF(AND('Matriz Riesgo'!H9=4,'Matriz Riesgo'!K9=2)," "&'Matriz Riesgo'!A9&","," "),IF(AND('Matriz Riesgo'!H10=4,'Matriz Riesgo'!K10=2)," "&'Matriz Riesgo'!A10&","," "),IF(AND('Matriz Riesgo'!H11=4,'Matriz Riesgo'!K11=2)," "&'Matriz Riesgo'!A11&","," "),IF(AND('Matriz Riesgo'!H12=4,'Matriz Riesgo'!K12=2)," "&'Matriz Riesgo'!A12&","," "),IF(AND('Matriz Riesgo'!H13=4,'Matriz Riesgo'!K13=2)," "&'Matriz Riesgo'!A13&","," "),IF(AND('Matriz Riesgo'!H14=4,'Matriz Riesgo'!K14=2)," "&'Matriz Riesgo'!A14&","," "),IF(AND('Matriz Riesgo'!H15=4,'Matriz Riesgo'!K15=2)," "&'Matriz Riesgo'!A15&","," "),IF(AND('Matriz Riesgo'!H16=4,'Matriz Riesgo'!K16=2)," "&'Matriz Riesgo'!A16&","," "),IF(AND('Matriz Riesgo'!H17=4,'Matriz Riesgo'!K17=2)," "&'Matriz Riesgo'!A17&","," "),IF(AND('Matriz Riesgo'!H18=4,'Matriz Riesgo'!K18=2)," "&'Matriz Riesgo'!A18&","," "),IF(AND('Matriz Riesgo'!H19=4,'Matriz Riesgo'!K19=2)," "&'Matriz Riesgo'!A19&","," "),IF(AND('Matriz Riesgo'!H20=4,'Matriz Riesgo'!K20=2)," "&'Matriz Riesgo'!A20&","," "),IF(AND('Matriz Riesgo'!H21=4,'Matriz Riesgo'!K21=2)," "&'Matriz Riesgo'!A21&","," "),IF(AND('Matriz Riesgo'!H22=4,'Matriz Riesgo'!K22=2)," "&'Matriz Riesgo'!A22&","," "),IF(AND('Matriz Riesgo'!H23=4,'Matriz Riesgo'!K23=2)," "&'Matriz Riesgo'!A23&","," "),IF(AND('Matriz Riesgo'!H24=4,'Matriz Riesgo'!K24=2)," "&'Matriz Riesgo'!A24&","," "),IF(AND('Matriz Riesgo'!H25=4,'Matriz Riesgo'!K25=2)," "&'Matriz Riesgo'!A25&","," "),IF(AND('Matriz Riesgo'!H26=4,'Matriz Riesgo'!K26=2)," "&'Matriz Riesgo'!A26," ")) | G5: =CONCATENATE(IF(AND('Matriz Riesgo'!H6=4,'Matriz Riesgo'!K6=3)," "&'Matriz Riesgo'!A6&","," "),IF(AND('Matriz Riesgo'!H7=4,'Matriz Riesgo'!K7=3)," "&'Matriz Riesgo'!A7&","," "),IF(AND('Matriz Riesgo'!H8=4,'Matriz Riesgo'!K8=3)," "&'Matriz Riesgo'!A8&","," "),IF(AND('Matriz Riesgo'!H9=4,'Matriz Riesgo'!K9=3)," "&'Matriz Riesgo'!A9&","," "),IF(AND('Matriz Riesgo'!H10=4,'Matriz Riesgo'!K10=3)," "&'Matriz Riesgo'!A10&","," "),IF(AND('Matriz Riesgo'!H11=4,'Matriz Riesgo'!K11=3)," "&'Matriz Riesgo'!A11&","," "),IF(AND('Matriz Riesgo'!H12=4,'Matriz Riesgo'!K12=3)," "&'Matriz Riesgo'!A12&","," "),IF(AND('Matriz Riesgo'!H13=4,'Matriz Riesgo'!K13=3)," "&'Matriz Riesgo'!A13&","," "),IF(AND('Matriz Riesgo'!H14=4,'Matriz Riesgo'!K14=3)," "&'Matriz Riesgo'!A14&","," "),IF(AND('Matriz Riesgo'!H15=4,'Matriz Riesgo'!K15=3)," "&'Matriz Riesgo'!A15&","," "),IF(AND('Matriz Riesgo'!H16=4,'Matriz Riesgo'!K16=3)," "&'Matriz Riesgo'!A16&","," "),IF(AND('Matriz Riesgo'!H17=4,'Matriz Riesgo'!K17=3)," "&'Matriz Riesgo'!A17&","," "),IF(AND('Matriz Riesgo'!H18=4,'Matriz Riesgo'!K18=3)," "&'Matriz Riesgo'!A18&","," "),IF(AND('Matriz Riesgo'!H19=4,'Matriz Riesgo'!K19=3)," "&'Matriz Riesgo'!A19&","," "),IF(AND('Matriz Riesgo'!H20=4,'Matriz Riesgo'!K20=3)," "&'Matriz Riesgo'!A20&","," "),IF(AND('Matriz Riesgo'!H21=4,'Matriz Riesgo'!K21=3)," "&'Matriz Riesgo'!A21&","," "),IF(AND('Matriz Riesgo'!H22=4,'Matriz Riesgo'!K22=3)," "&'Matriz Riesgo'!A22&","," "),IF(AND('Matriz Riesgo'!H23=4,'Matriz Riesgo'!K23=3)," "&'Matriz Riesgo'!A23&","," "),IF(AND('Matriz Riesgo'!H24=4,'Matriz Riesgo'!K24=3)," "&'Matriz Riesgo'!A24&","," "),IF(AND('Matriz Riesgo'!H25=4,'Matriz Riesgo'!K25=3)," "&'Matriz Riesgo'!A25&","," "),IF(AND('Matriz Riesgo'!H26=4,'Matriz Riesgo'!K26=3)," "&'Matriz Riesgo'!A26," ")) -> 5, 15, | H5: =CONCATENATE(IF(AND('Matriz Riesgo'!H6=4,'Matriz Riesgo'!K6=4)," "&'Matriz Riesgo'!A6&","," "),IF(AND('Matriz Riesgo'!H7=4,'Matriz Riesgo'!K7=4)," "&'Matriz Riesgo'!A7&","," "),IF(AND('Matriz Riesgo'!H8=4,'Matriz Riesgo'!K8=4)," "&'Matriz Riesgo'!A8&","," "),IF(AND('Matriz Riesgo'!H9=4,'Matriz Riesgo'!K9=4)," "&'Matriz Riesgo'!A9&","," "),IF(AND('Matriz Riesgo'!H10=4,'Matriz Riesgo'!K10=4)," "&'Matriz Riesgo'!A10&","," "),IF(AND('Matriz Riesgo'!H11=4,'Matriz Riesgo'!K11=4)," "&'Matriz Riesgo'!A11&","," "),IF(AND('Matriz Riesgo'!H12=4,'Matriz Riesgo'!K12=4)," "&'Matriz Riesgo'!A12&","," "),IF(AND('Matriz Riesgo'!H13=4,'Matriz Riesgo'!K13=4)," "&'Matriz Riesgo'!A13&","," "),IF(AND('Matriz Riesgo'!H14=4,'Matriz Riesgo'!K14=4)," "&'Matriz Riesgo'!A14&","," "),IF(AND('Matriz Riesgo'!H15=4,'Matriz Riesgo'!K15=4)," "&'Matriz Riesgo'!A15&","," "),IF(AND('Matriz Riesgo'!H16=4,'Matriz Riesgo'!K16=4)," "&'Matriz Riesgo'!A16&","," "),IF(AND('Matriz Riesgo'!H17=4,'Matriz Riesgo'!K17=4)," "&'Matriz Riesgo'!A17&","," "),IF(AND('Matriz Riesgo'!H18=4,'Matriz Riesgo'!K18=4)," "&'Matriz Riesgo'!A18&","," "),IF(AND('Matriz Riesgo'!H19=4,'Matriz Riesgo'!K19=4)," "&'Matriz Riesgo'!A19&","," "),IF(AND('Matriz Riesgo'!H20=4,'Matriz Riesgo'!K20=4)," "&'Matriz Riesgo'!A20&","," "),IF(AND('Matriz Riesgo'!H21=4,'Matriz Riesgo'!K21=4)," "&'Matriz Riesgo'!A21&","," "),IF(AND('Matriz Riesgo'!H22=4,'Matriz Riesgo'!K22=4)," "&'Matriz Riesgo'!A22&","," "),IF(AND('Matriz Riesgo'!H23=4,'Matriz Riesgo'!K23=4)," "&'Matriz Riesgo'!A23&","," "),IF(AND('Matriz Riesgo'!H24=4,'Matriz Riesgo'!K24=4)," "&'Matriz Riesgo'!A24&","," "),IF(AND('Matriz Riesgo'!H25=4,'Matriz Riesgo'!K25=4)," "&'Matriz Riesgo'!A25&","," "),IF(AND('Matriz Riesgo'!H26=4,'Matriz Riesgo'!K26=4)," "&'Matriz Riesgo'!A26," ")) | I5: =CONCATENATE(IF(AND('Matriz Riesgo'!H6=4,'Matriz Riesgo'!K6=5)," "&'Matriz Riesgo'!A6&","," "),IF(AND('Matriz Riesgo'!H7=4,'Matriz Riesgo'!K7=5)," "&'Matriz Riesgo'!A7&","," "),IF(AND('Matriz Riesgo'!H8=4,'Matriz Riesgo'!K8=5)," "&'Matriz Riesgo'!A8&","," "),IF(AND('Matriz Riesgo'!H9=4,'Matriz Riesgo'!K9=5)," "&'Matriz Riesgo'!A9&","," "),IF(AND('Matriz Riesgo'!H10=4,'Matriz Riesgo'!K10=5)," "&'Matriz Riesgo'!A10&","," "),IF(AND('Matriz Riesgo'!H11=4,'Matriz Riesgo'!K11=5)," "&'Matriz Riesgo'!A11&","," "),IF(AND('Matriz Riesgo'!H12=4,'Matriz Riesgo'!K12=5)," "&'Matriz Riesgo'!A12&","," "),IF(AND('Matriz Riesgo'!H13=4,'Matriz Riesgo'!K13=5)," "&'Matriz Riesgo'!A13&","," "),IF(AND('Matriz Riesgo'!H14=4,'Matriz Riesgo'!K14=5)," "&'Matriz Riesgo'!A14&","," "),IF(AND('Matriz Riesgo'!H15=4,'Matriz Riesgo'!K15=5)," "&'Matriz Riesgo'!A15&","," "),IF(AND('Matriz Riesgo'!H16=4,'Matriz Riesgo'!K16=5)," "&'Matriz Riesgo'!A16&","," "),IF(AND('Matriz Riesgo'!H17=4,'Matriz Riesgo'!K17=5)," "&'Matriz Riesgo'!A17&","," "),IF(AND('Matriz Riesgo'!H18=4,'Matriz Riesgo'!K18=5)," "&'Matriz Riesgo'!A18&","," "),IF(AND('Matriz Riesgo'!H19=4,'Matriz Riesgo'!K19=5)," "&'Matriz Riesgo'!A19&","," "),IF(AND('Matriz Riesgo'!H20=4,'Matriz Riesgo'!K20=5)," "&'Matriz Riesgo'!A20&","," "),IF(AND('Matriz Riesgo'!H21=4,'Matriz Riesgo'!K21=5)," "&'Matriz Riesgo'!A21&","," "),IF(AND('Matriz Riesgo'!H22=4,'Matriz Riesgo'!K22=5)," "&'Matriz Riesgo'!A22&","," "),IF(AND('Matriz Riesgo'!H23=4,'Matriz Riesgo'!K23=5)," "&'Matriz Riesgo'!A23&","," "),IF(AND('Matriz Riesgo'!H24=4,'Matriz Riesgo'!K24=5)," "&'Matriz Riesgo'!A24&","," "),IF(AND('Matriz Riesgo'!H25=4,'Matriz Riesgo'!K25=5)," "&'Matriz Riesgo'!A25&","," "),IF(AND('Matriz Riesgo'!H26=4,'Matriz Riesgo'!K26=5)," "&'Matriz Riesgo'!A26," ")) | K5: 2-indentificar las politicas =conflicto de interes, control de fruaude, equidad y | L5: inventario de las politica
B6: 3 | D6: POSIBLE | E6: =CONCATENATE(IF(AND('Matriz Riesgo'!H5=3,'Matriz Riesgo'!K5=1)," "&'Matriz Riesgo'!A5&","," "),IF(AND('Matriz Riesgo'!H6=3,'Matriz Riesgo'!K6=1)," "&'Matriz Riesgo'!A6&","," "),IF(AND('Matriz Riesgo'!H7=3,'Matriz Riesgo'!K7=1)," "&'Matriz Riesgo'!A7&","," "),IF(AND('Matriz Riesgo'!H8=3,'Matriz Riesgo'!K8=1)," "&'Matriz Riesgo'!A8&","," "),IF(AND('Matriz Riesgo'!H9=3,'Matriz Riesgo'!K9=1)," "&'Matriz Riesgo'!A9&","," "),IF(AND('Matriz Riesgo'!H10=3,'Matriz Riesgo'!K10=1)," "&'Matriz Riesgo'!A10&","," "),IF(AND('Matriz Riesgo'!H11=3,'Matriz Riesgo'!K11=1)," "&'Matriz Riesgo'!A11&","," "),IF(AND('Matriz Riesgo'!H12=3,'Matriz Riesgo'!K12=1)," "&'Matriz Riesgo'!A12&","," "),IF(AND('Matriz Riesgo'!H13=3,'Matriz Riesgo'!K13=1)," "&'Matriz Riesgo'!A13&","," "),IF(AND('Matriz Riesgo'!H14=3,'Matriz Riesgo'!K14=1)," "&'Matriz Riesgo'!A14&","," "),IF(AND('Matriz Riesgo'!H15=3,'Matriz Riesgo'!K15=1)," "&'Matriz Riesgo'!A15&","," "),IF(AND('Matriz Riesgo'!H16=3,'Matriz Riesgo'!K16=1)," "&'Matriz Riesgo'!A16&","," "),IF(AND('Matriz Riesgo'!H17=3,'Matriz Riesgo'!K17=1)," "&'Matriz Riesgo'!A17&","," "),IF(AND('Matriz Riesgo'!H18=3,'Matriz Riesgo'!K18=1)," "&'Matriz Riesgo'!A18&","," "),IF(AND('Matriz Riesgo'!H19=3,'Matriz Riesgo'!K19=1)," "&'Matriz Riesgo'!A19&","," "),IF(AND('Matriz Riesgo'!H20=3,'Matriz Riesgo'!K20=1)," "&'Matriz Riesgo'!A20&","," "),IF(AND('Matriz Riesgo'!H21=3,'Matriz Riesgo'!K21=1)," "&'Matriz Riesgo'!A21&","," "),IF(AND('Matriz Riesgo'!H22=3,'Matriz Riesgo'!K22=1)," "&'Matriz Riesgo'!A22&","," "),IF(AND('Matriz Riesgo'!H23=3,'Matriz Riesgo'!K23=1)," "&'Matriz Riesgo'!A23&","," "),IF(AND('Matriz Riesgo'!H24=3,'Matriz Riesgo'!K24=1)," "&'Matriz Riesgo'!A24&","," "),IF(AND('Matriz Riesgo'!H25=3,'Matriz Riesgo'!K25=1)," "&'Matriz Riesgo'!A25," ")) | F6: =CONCATENATE(IF(AND('Matriz Riesgo'!H6=3,'Matriz Riesgo'!K6=2)," "&'Matriz Riesgo'!A6&","," "),IF(AND('Matriz Riesgo'!H7=3,'Matriz Riesgo'!K7=2)," "&'Matriz Riesgo'!A7&","," "),IF(AND('Matriz Riesgo'!H8=3,'Matriz Riesgo'!K8=2)," "&'Matriz Riesgo'!A8&","," "),IF(AND('Matriz Riesgo'!H9=3,'Matriz Riesgo'!K9=2)," "&'Matriz Riesgo'!A9&","," "),IF(AND('Matriz Riesgo'!H10=3,'Matriz Riesgo'!K10=2)," "&'Matriz Riesgo'!A10&","," "),IF(AND('Matriz Riesgo'!H11=3,'Matriz Riesgo'!K11=2)," "&'Matriz Riesgo'!A11&","," "),IF(AND('Matriz Riesgo'!H12=3,'Matriz Riesgo'!K12=2)," "&'Matriz Riesgo'!A12&","," "),IF(AND('Matriz Riesgo'!H13=3,'Matriz Riesgo'!K13=2)," "&'Matriz Riesgo'!A13&","," "),IF(AND('Matriz Riesgo'!H14=3,'Matriz Riesgo'!K14=2)," "&'Matriz Riesgo'!A14&","," "),IF(AND('Matriz Riesgo'!H15=3,'Matriz Riesgo'!K15=2)," "&'Matriz Riesgo'!A15&","," "),IF(AND('Matriz Riesgo'!H16=3,'Matriz Riesgo'!K16=2)," "&'Matriz Riesgo'!A16&","," "),IF(AND('Matriz Riesgo'!H17=3,'Matriz Riesgo'!K17=2)," "&'Matriz Riesgo'!A17&","," "),IF(AND('Matriz Riesgo'!H18=3,'Matriz Riesgo'!K18=2)," "&'Matriz Riesgo'!A18&","," "),IF(AND('Matriz Riesgo'!H19=3,'Matriz Riesgo'!K19=2)," "&'Matriz Riesgo'!A19&","," "),IF(AND('Matriz Riesgo'!H20=3,'Matriz Riesgo'!K20=2)," "&'Matriz Riesgo'!A20&","," "),IF(AND('Matriz Riesgo'!H21=3,'Matriz Riesgo'!K21=2)," "&'Matriz Riesgo'!A21&","," "),IF(AND('Matriz Riesgo'!H22=3,'Matriz Riesgo'!K22=2)," "&'Matriz Riesgo'!A22&","," "),IF(AND('Matriz Riesgo'!H23=3,'Matriz Riesgo'!K23=2)," "&'Matriz Riesgo'!A23&","," "),IF(AND('Matriz Riesgo'!H24=3,'Matriz Riesgo'!K24=2)," "&'Matriz Riesgo'!A24&","," "),IF(AND('Matriz Riesgo'!H25=3,'Matriz Riesgo'!K25=2)," "&'Matriz Riesgo'!A25&","," "),IF(AND('Matriz Riesgo'!H26=3,'Matriz Riesgo'!K26=2)," "&'Matriz Riesgo'!A26," ")) -> 1, 2, 4, 6, 7, 10, 11, | G6: =CONCATENATE(IF(AND('Matriz Riesgo'!H6=3,'Matriz Riesgo'!K6=3)," "&'Matriz Riesgo'!A6&","," "),IF(AND('Matriz Riesgo'!H7=3,'Matriz Riesgo'!K7=3)," "&'Matriz Riesgo'!A7&","," "),IF(AND('Matriz Riesgo'!H8=3,'Matriz Riesgo'!K8=3)," "&'Matriz Riesgo'!A8&","," "),IF(AND('Matriz Riesgo'!H9=3,'Matriz Riesgo'!K9=3)," "&'Matriz Riesgo'!A9&","," "),IF(AND('Matriz Riesgo'!H10=3,'Matriz Riesgo'!K10=3)," "&'Matriz Riesgo'!A10&","," "),IF(AND('Matriz Riesgo'!H11=3,'Matriz Riesgo'!K11=3)," "&'Matriz Riesgo'!A11&","," "),IF(AND('Matriz Riesgo'!H12=3,'Matriz Riesgo'!K12=3)," "&'Matriz Riesgo'!A12&","," "),IF(AND('Matriz Riesgo'!H13=3,'Matriz Riesgo'!K13=3)," "&'Matriz Riesgo'!A13&","," "),IF(AND('Matriz Riesgo'!H14=3,'Matriz Riesgo'!K14=3)," "&'Matriz Riesgo'!A14&","," "),IF(AND('Matriz Riesgo'!H15=3,'Matriz Riesgo'!K15=3)," "&'Matriz Riesgo'!A15&","," "),IF(AND('Matriz Riesgo'!H16=3,'Matriz Riesgo'!K16=3)," "&'Matriz Riesgo'!A16&","," "),IF(AND('Matriz Riesgo'!H17=3,'Matriz Riesgo'!K17=3)," "&'Matriz Riesgo'!A17&","," "),IF(AND('Matriz Riesgo'!H18=3,'Matriz Riesgo'!K18=3)," "&'Matriz Riesgo'!A18&","," "),IF(AND('Matriz Riesgo'!H19=3,'Matriz Riesgo'!K19=3)," "&'Matriz Riesgo'!A19&","," "),IF(AND('Matriz Riesgo'!H20=3,'Matriz Riesgo'!K20=3)," "&'Matriz Riesgo'!A20&","," "),IF(AND('Matriz Riesgo'!H21=3,'Matriz Riesgo'!K21=3)," "&'Matriz Riesgo'!A21&","," "),IF(AND('Matriz Riesgo'!H22=3,'Matriz Riesgo'!K22=3)," "&'Matriz Riesgo'!A22&","," "),IF(AND('Matriz Riesgo'!H23=3,'Matriz Riesgo'!K23=3)," "&'Matriz Riesgo'!A23&","," "),IF(AND('Matriz Riesgo'!H24=3,'Matriz Riesgo'!K24=3)," "&'Matriz Riesgo'!A24&","," "),IF(AND('Matriz Riesgo'!H25=3,'Matriz Riesgo'!K25=3)," "&'Matriz Riesgo'!A25&","," "),IF(AND('Matriz Riesgo'!H26=3,'Matriz Riesgo'!K26=3)," "&'Matriz Riesgo'!A26," ")) -> 3, 8, 17, | H6: =CONCATENATE(IF(AND('Matriz Riesgo'!H6=3,'Matriz Riesgo'!K6=4)," "&'Matriz Riesgo'!A6&","," "),IF(AND('Matriz Riesgo'!H7=3,'Matriz Riesgo'!K7=4)," "&'Matriz Riesgo'!A7&","," "),IF(AND('Matriz Riesgo'!H8=3,'Matriz Riesgo'!K8=4)," "&'Matriz Riesgo'!A8&","," "),IF(AND('Matriz Riesgo'!H9=3,'Matriz Riesgo'!K9=4)," "&'Matriz Riesgo'!A9&","," "),IF(AND('Matriz Riesgo'!H10=3,'Matriz Riesgo'!K10=4)," "&'Matriz Riesgo'!A10&","," "),IF(AND('Matriz Riesgo'!H11=3,'Matriz Riesgo'!K11=4)," "&'Matriz Riesgo'!A11&","," "),IF(AND('Matriz Riesgo'!H12=3,'Matriz Riesgo'!K12=4)," "&'Matriz Riesgo'!A12&","," "),IF(AND('Matriz Riesgo'!H13=3,'Matriz Riesgo'!K13=4)," "&'Matriz Riesgo'!A13&","," "),IF(AND('Matriz Riesgo'!H14=3,'Matriz Riesgo'!K14=4)," "&'Matriz Riesgo'!A14&","," "),IF(AND('Matriz Riesgo'!H15=3,'Matriz Riesgo'!K15=4)," "&'Matriz Riesgo'!A15&","," "),IF(AND('Matriz Riesgo'!H16=3,'Matriz Riesgo'!K16=4)," "&'Matriz Riesgo'!A16&","," "),IF(AND('Matriz Riesgo'!H17=3,'Matriz Riesgo'!K17=4)," "&'Matriz Riesgo'!A17&","," "),IF(AND('Matriz Riesgo'!H18=3,'Matriz Riesgo'!K18=4)," "&'Matriz Riesgo'!A18&","," "),IF(AND('Matriz Riesgo'!H19=3,'Matriz Riesgo'!K19=4)," "&'Matriz Riesgo'!A19&","," "),IF(AND('Matriz Riesgo'!H20=3,'Matriz Riesgo'!K20=4)," "&'Matriz Riesgo'!A20&","," "),IF(AND('Matriz Riesgo'!H21=3,'Matriz Riesgo'!K21=4)," "&'Matriz Riesgo'!A21&","," "),IF(AND('Matriz Riesgo'!H22=3,'Matriz Riesgo'!K22=4)," "&'Matriz Riesgo'!A22&","," "),IF(AND('Matriz Riesgo'!H23=3,'Matriz Riesgo'!K23=4)," "&'Matriz Riesgo'!A23&","," "),IF(AND('Matriz Riesgo'!H24=3,'Matriz Riesgo'!K24=4)," "&'Matriz Riesgo'!A24&","," "),IF(AND('Matriz Riesgo'!H25=3,'Matriz Riesgo'!K25=4)," "&'Matriz Riesgo'!A25&","," "),IF(AND('Matriz Riesgo'!H26=3,'Matriz Riesgo'!K26=4)," "&'Matriz Riesgo'!A26," ")) -> 18, | I6: =CONCATENATE(IF(AND('Matriz Riesgo'!H6=3,'Matriz Riesgo'!K6=5)," "&'Matriz Riesgo'!A6&","," "),IF(AND('Matriz Riesgo'!H7=3,'Matriz Riesgo'!K7=5)," "&'Matriz Riesgo'!A7&","," "),IF(AND('Matriz Riesgo'!H8=3,'Matriz Riesgo'!K8=5)," "&'Matriz Riesgo'!A8&","," "),IF(AND('Matriz Riesgo'!H9=3,'Matriz Riesgo'!K9=5)," "&'Matriz Riesgo'!A9&","," "),IF(AND('Matriz Riesgo'!H10=3,'Matriz Riesgo'!K10=5)," "&'Matriz Riesgo'!A10&","," "),IF(AND('Matriz Riesgo'!H11=3,'Matriz Riesgo'!K11=5)," "&'Matriz Riesgo'!A11&","," "),IF(AND('Matriz Riesgo'!H12=3,'Matriz Riesgo'!K12=5)," "&'Matriz Riesgo'!A12&","," "),IF(AND('Matriz Riesgo'!H13=3,'Matriz Riesgo'!K13=5)," "&'Matriz Riesgo'!A13&","," "),IF(AND('Matriz Riesgo'!H14=3,'Matriz Riesgo'!K14=5)," "&'Matriz Riesgo'!A14&","," "),IF(AND('Matriz Riesgo'!H15=3,'Matriz Riesgo'!K15=5)," "&'Matriz Riesgo'!A15&","," "),IF(AND('Matriz Riesgo'!H16=3,'Matriz Riesgo'!K16=5)," "&'Matriz Riesgo'!A16&","," "),IF(AND('Matriz Riesgo'!H17=3,'Matriz Riesgo'!K17=5)," "&'Matriz Riesgo'!A17&","," "),IF(AND('Matriz Riesgo'!H18=3,'Matriz Riesgo'!K18=5)," "&'Matriz Riesgo'!A18&","," "),IF(AND('Matriz Riesgo'!H19=3,'Matriz Riesgo'!K19=5)," "&'Matriz Riesgo'!A19&","," "),IF(AND('Matriz Riesgo'!H20=3,'Matriz Riesgo'!K20=5)," "&'Matriz Riesgo'!A20&","," "),IF(AND('Matriz Riesgo'!H21=3,'Matriz Riesgo'!K21=5)," "&'Matriz Riesgo'!A21&","," "),IF(AND('Matriz Riesgo'!H22=3,'Matriz Riesgo'!K22=5)," "&'Matriz Riesgo'!A22&","," "),IF(AND('Matriz Riesgo'!H23=3,'Matriz Riesgo'!K23=5)," "&'Matriz Riesgo'!A23&","," "),IF(AND('Matriz Riesgo'!H24=3,'Matriz Riesgo'!K24=5)," "&'Matriz Riesgo'!A24&","," "),IF(AND('Matriz Riesgo'!H25=3,'Matriz Riesgo'!K25=5)," "&'Matriz Riesgo'!A25&","," "),IF(AND('Matriz Riesgo'!H26=3,'Matriz Riesgo'!K26=5)," "&'Matriz Riesgo'!A26," ")) -> 20, | K6: 3-integral o unir con las politicas que tenga azteca comunicaciones o sugerir lo que tengan en el sistema de etica empresarial
B7: 2 | D7: POCO PROBABLE | E7: =CONCATENATE(IF(AND('Matriz Riesgo'!H6=2,'Matriz Riesgo'!K6=1)," "&'Matriz Riesgo'!A6&","," "),IF(AND('Matriz Riesgo'!H7=2,'Matriz Riesgo'!K7=1)," "&'Matriz Riesgo'!A7&","," "),IF(AND('Matriz Riesgo'!H8=2,'Matriz Riesgo'!K8=1)," "&'Matriz Riesgo'!A8&","," "),IF(AND('Matriz Riesgo'!H9=2,'Matriz Riesgo'!K9=1)," "&'Matriz Riesgo'!A9&","," "),IF(AND('Matriz Riesgo'!H10=2,'Matriz Riesgo'!K10=1)," "&'Matriz Riesgo'!A10&","," "),IF(AND('Matriz Riesgo'!H11=2,'Matriz Riesgo'!K11=1)," "&'Matriz Riesgo'!A11&","," "),IF(AND('Matriz Riesgo'!H12=2,'Matriz Riesgo'!K12=1)," "&'Matriz Riesgo'!A12&","," "),IF(AND('Matriz Riesgo'!H13=2,'Matriz Riesgo'!K13=1)," "&'Matriz Riesgo'!A13&","," "),IF(AND('Matriz Riesgo'!H14=2,'Matriz Riesgo'!K14=1)," "&'Matriz Riesgo'!A14&","," "),IF(AND('Matriz Riesgo'!H15=2,'Matriz Riesgo'!K15=1)," "&'Matriz Riesgo'!A15&","," "),IF(AND('Matriz Riesgo'!H16=2,'Matriz Riesgo'!K16=1)," "&'Matriz Riesgo'!A16&","," "),IF(AND('Matriz Riesgo'!H17=2,'Matriz Riesgo'!K17=1)," "&'Matriz Riesgo'!A17&","," "),IF(AND('Matriz Riesgo'!H18=2,'Matriz Riesgo'!K18=1)," "&'Matriz Riesgo'!A18&","," "),IF(AND('Matriz Riesgo'!H19=2,'Matriz Riesgo'!K19=1)," "&'Matriz Riesgo'!A19&","," "),IF(AND('Matriz Riesgo'!H20=2,'Matriz Riesgo'!K20=1)," "&'Matriz Riesgo'!A20&","," "),IF(AND('Matriz Riesgo'!H21=2,'Matriz Riesgo'!K21=1)," "&'Matriz Riesgo'!A21&","," "),IF(AND('Matriz Riesgo'!H22=2,'Matriz Riesgo'!K22=1)," "&'Matriz Riesgo'!A22&","," "),IF(AND('Matriz Riesgo'!H23=2,'Matriz Riesgo'!K23=1)," "&'Matriz Riesgo'!A23&","," "),IF(AND('Matriz Riesgo'!H24=2,'Matriz Riesgo'!K24=1)," "&'Matriz Riesgo'!A24&","," "),IF(AND('Matriz Riesgo'!H25=2,'Matriz Riesgo'!K25=1)," "&'Matriz Riesgo'!A25&","," "),IF(AND('Matriz Riesgo'!H26=2,'Matriz Riesgo'!K26=1)," "&'Matriz Riesgo'!A26," ")) | F7: =CONCATENATE(IF(AND('Matriz Riesgo'!H6=2,'Matriz Riesgo'!K6=2)," "&'Matriz Riesgo'!A6&","," "),IF(AND('Matriz Riesgo'!H7=2,'Matriz Riesgo'!K7=2)," "&'Matriz Riesgo'!A7&","," "),IF(AND('Matriz Riesgo'!H8=2,'Matriz Riesgo'!K8=2)," "&'Matriz Riesgo'!A8&","," "),IF(AND('Matriz Riesgo'!H9=2,'Matriz Riesgo'!K9=2)," "&'Matriz Riesgo'!A9&","," "),IF(AND('Matriz Riesgo'!H10=2,'Matriz Riesgo'!K10=2)," "&'Matriz Riesgo'!A10&","," "),IF(AND('Matriz Riesgo'!H11=2,'Matriz Riesgo'!K11=2)," "&'Matriz Riesgo'!A11&","," "),IF(AND('Matriz Riesgo'!H12=2,'Matriz Riesgo'!K12=2)," "&'Matriz Riesgo'!A12&","," "),IF(AND('Matriz Riesgo'!H13=2,'Matriz Riesgo'!K13=2)," "&'Matriz Riesgo'!A13&","," "),IF(AND('Matriz Riesgo'!H14=2,'Matriz Riesgo'!K14=2)," "&'Matriz Riesgo'!A14&","," "),IF(AND('Matriz Riesgo'!H15=2,'Matriz Riesgo'!K15=2)," "&'Matriz Riesgo'!A15&","," "),IF(AND('Matriz Riesgo'!H16=2,'Matriz Riesgo'!K16=2)," "&'Matriz Riesgo'!A16&","," "),IF(AND('Matriz Riesgo'!H17=2,'Matriz Riesgo'!K17=2)," "&'Matriz Riesgo'!A17&","," "),IF(AND('Matriz Riesgo'!H18=2,'Matriz Riesgo'!K18=2)," "&'Matriz Riesgo'!A18&","," "),IF(AND('Matriz Riesgo'!H19=2,'Matriz Riesgo'!K19=2)," "&'Matriz Riesgo'!A19&","," "),IF(AND('Matriz Riesgo'!H20=2,'Matriz Riesgo'!K20=2)," "&'Matriz Riesgo'!A20&","," "),IF(AND('Matriz Riesgo'!H21=2,'Matriz Riesgo'!K21=2)," "&'Matriz Riesgo'!A21&","," "),IF(AND('Matriz Riesgo'!H22=2,'Matriz Riesgo'!K22=2)," "&'Matriz Riesgo'!A22&","," "),IF(AND('Matriz Riesgo'!H23=2,'Matriz Riesgo'!K23=2)," "&'Matriz Riesgo'!A23&","," "),IF(AND('Matriz Riesgo'!H24=2,'Matriz Riesgo'!K24=2)," "&'Matriz Riesgo'!A24&","," "),IF(AND('Matriz Riesgo'!H25=2,'Matriz Riesgo'!K25=2)," "&'Matriz Riesgo'!A25&","," "),IF(AND('Matriz Riesgo'!H26=2,'Matriz Riesgo'!K26=2)," "&'Matriz Riesgo'!A26," ")) -> 9, | G7: =CONCATENATE(IF(AND('Matriz Riesgo'!H6=2,'Matriz Riesgo'!K6=3)," "&'Matriz Riesgo'!A6&","," "),IF(AND('Matriz Riesgo'!H7=2,'Matriz Riesgo'!K7=3)," "&'Matriz Riesgo'!A7&","," "),IF(AND('Matriz Riesgo'!H8=2,'Matriz Riesgo'!K8=3)," "&'Matriz Riesgo'!A8&","," "),IF(AND('Matriz Riesgo'!H9=2,'Matriz Riesgo'!K9=3)," "&'Matriz Riesgo'!A9&","," "),IF(AND('Matriz Riesgo'!H10=2,'Matriz Riesgo'!K10=3)," "&'Matriz Riesgo'!A10&","," "),IF(AND('Matriz Riesgo'!H11=2,'Matriz Riesgo'!K11=3)," "&'Matriz Riesgo'!A11&","," "),IF(AND('Matriz Riesgo'!H12=2,'Matriz Riesgo'!K12=3)," "&'Matriz Riesgo'!A12&","," "),IF(AND('Matriz Riesgo'!H13=2,'Matriz Riesgo'!K13=3)," "&'Matriz Riesgo'!A13&","," "),IF(AND('Matriz Riesgo'!H14=2,'Matriz Riesgo'!K14=3)," "&'Matriz Riesgo'!A14&","," "),IF(AND('Matriz Riesgo'!H15=2,'Matriz Riesgo'!K15=3)," "&'Matriz Riesgo'!A15&","," "),IF(AND('Matriz Riesgo'!H16=2,'Matriz Riesgo'!K16=3)," "&'Matriz Riesgo'!A16&","," "),IF(AND('Matriz Riesgo'!H17=2,'Matriz Riesgo'!K17=3)," "&'Matriz Riesgo'!A17&","," "),IF(AND('Matriz Riesgo'!H18=2,'Matriz Riesgo'!K18=3)," "&'Matriz Riesgo'!A18&","," "),IF(AND('Matriz Riesgo'!H19=2,'Matriz Riesgo'!K19=3)," "&'Matriz Riesgo'!A19&","," "),IF(AND('Matriz Riesgo'!H20=2,'Matriz Riesgo'!K20=3)," "&'Matriz Riesgo'!A20&","," "),IF(AND('Matriz Riesgo'!H21=2,'Matriz Riesgo'!K21=3)," "&'Matriz Riesgo'!A21&","," "),IF(AND('Matriz Riesgo'!H22=2,'Matriz Riesgo'!K22=3)," "&'Matriz Riesgo'!A22&","," "),IF(AND('Matriz Riesgo'!H23=2,'Matriz Riesgo'!K23=3)," "&'Matriz Riesgo'!A23&","," "),IF(AND('Matriz Riesgo'!H24=2,'Matriz Riesgo'!K24=3)," "&'Matriz Riesgo'!A24&","," "),IF(AND('Matriz Riesgo'!H25=2,'Matriz Riesgo'!K25=3)," "&'Matriz Riesgo'!A25&","," "),IF(AND('Matriz Riesgo'!H26=2,'Matriz Riesgo'!K26=3)," "&'Matriz Riesgo'!A26," ")) | H7: =CONCATENATE(IF(AND('Matriz Riesgo'!H6=2,'Matriz Riesgo'!K6=4)," "&'Matriz Riesgo'!A6&","," "),IF(AND('Matriz Riesgo'!H7=2,'Matriz Riesgo'!K7=4)," "&'Matriz Riesgo'!A7&","," "),IF(AND('Matriz Riesgo'!H8=2,'Matriz Riesgo'!K8=4)," "&'Matriz Riesgo'!A8&","," "),IF(AND('Matriz Riesgo'!H9=2,'Matriz Riesgo'!K9=4)," "&'Matriz Riesgo'!A9&","," "),IF(AND('Matriz Riesgo'!H10=2,'Matriz Riesgo'!K10=4)," "&'Matriz Riesgo'!A10&","," "),IF(AND('Matriz Riesgo'!H11=2,'Matriz Riesgo'!K11=4)," "&'Matriz Riesgo'!A11&","," "),IF(AND('Matriz Riesgo'!H12=2,'Matriz Riesgo'!K12=4)," "&'Matriz Riesgo'!A12&","," "),IF(AND('Matriz Riesgo'!H13=2,'Matriz Riesgo'!K13=4)," "&'Matriz Riesgo'!A13&","," "),IF(AND('Matriz Riesgo'!H14=2,'Matriz Riesgo'!K14=4)," "&'Matriz Riesgo'!A14&","," "),IF(AND('Matriz Riesgo'!H15=2,'Matriz Riesgo'!K15=4)," "&'Matriz Riesgo'!A15&","," "),IF(AND('Matriz Riesgo'!H16=2,'Matriz Riesgo'!K16=4)," "&'Matriz Riesgo'!A16&","," "),IF(AND('Matriz Riesgo'!H17=2,'Matriz Riesgo'!K17=4)," "&'Matriz Riesgo'!A17&","," "),IF(AND('Matriz Riesgo'!H18=2,'Matriz Riesgo'!K18=4)," "&'Matriz Riesgo'!A18&","," "),IF(AND('Matriz Riesgo'!H19=2,'Matriz Riesgo'!K19=4)," "&'Matriz Riesgo'!A19&","," "),IF(AND('Matriz Riesgo'!H20=2,'Matriz Riesgo'!K20=4)," "&'Matriz Riesgo'!A20&","," "),IF(AND('Matriz Riesgo'!H21=2,'Matriz Riesgo'!K21=4)," "&'Matriz Riesgo'!A21&","," "),IF(AND('Matriz Riesgo'!H22=2,'Matriz Riesgo'!K22=4)," "&'Matriz Riesgo'!A22&","," "),IF(AND('Matriz Riesgo'!H23=2,'Matriz Riesgo'!K23=4)," "&'Matriz Riesgo'!A23&","," "),IF(AND('Matriz Riesgo'!H24=2,'Matriz Riesgo'!K24=4)," "&'Matriz Riesgo'!A24&","," "),IF(AND('Matriz Riesgo'!H25=2,'Matriz Riesgo'!K25=4)," "&'Matriz Riesgo'!A25&","," "),IF(AND('Matriz Riesgo'!H26=2,'Matriz Riesgo'!K26=4)," "&'Matriz Riesgo'!A26," ")) -> 19, 21 | I7: =CONCATENATE(IF(AND('Matriz Riesgo'!H6=2,'Matriz Riesgo'!K6=5)," "&'Matriz Riesgo'!A6&","," "),IF(AND('Matriz Riesgo'!H7=2,'Matriz Riesgo'!K7=5)," "&'Matriz Riesgo'!A7&","," "),IF(AND('Matriz Riesgo'!H8=2,'Matriz Riesgo'!K8=5)," "&'Matriz Riesgo'!A8&","," "),IF(AND('Matriz Riesgo'!H9=2,'Matriz Riesgo'!K9=5)," "&'Matriz Riesgo'!A9&","," "),IF(AND('Matriz Riesgo'!H10=2,'Matriz Riesgo'!K10=5)," "&'Matriz Riesgo'!A10&","," "),IF(AND('Matriz Riesgo'!H11=2,'Matriz Riesgo'!K11=5)," "&'Matriz Riesgo'!A11&","," "),IF(AND('Matriz Riesgo'!H12=2,'Matriz Riesgo'!K12=5)," "&'Matriz Riesgo'!A12&","," "),IF(AND('Matriz Riesgo'!H13=2,'Matriz Riesgo'!K13=5)," "&'Matriz Riesgo'!A13&","," "),IF(AND('Matriz Riesgo'!H14=2,'Matriz Riesgo'!K14=5)," "&'Matriz Riesgo'!A14&","," "),IF(AND('Matriz Riesgo'!H15=2,'Matriz Riesgo'!K15=5)," "&'Matriz Riesgo'!A15&","," "),IF(AND('Matriz Riesgo'!H16=2,'Matriz Riesgo'!K16=5)," "&'Matriz Riesgo'!A16&","," "),IF(AND('Matriz Riesgo'!H17=2,'Matriz Riesgo'!K17=5)," "&'Matriz Riesgo'!A17&","," "),IF(AND('Matriz Riesgo'!H18=2,'Matriz Riesgo'!K18=5)," "&'Matriz Riesgo'!A18&","," "),IF(AND('Matriz Riesgo'!H19=2,'Matriz Riesgo'!K19=5)," "&'Matriz Riesgo'!A19&","," "),IF(AND('Matriz Riesgo'!H20=2,'Matriz Riesgo'!K20=5)," "&'Matriz Riesgo'!A20&","," "),IF(AND('Matriz Riesgo'!H21=2,'Matriz Riesgo'!K21=5)," "&'Matriz Riesgo'!A21&","," "),IF(AND('Matriz Riesgo'!H22=2,'Matriz Riesgo'!K22=5)," "&'Matriz Riesgo'!A22&","," "),IF(AND('Matriz Riesgo'!H23=2,'Matriz Riesgo'!K23=5)," "&'Matriz Riesgo'!A23&","," "),IF(AND('Matriz Riesgo'!H24=2,'Matriz Riesgo'!K24=5)," "&'Matriz Riesgo'!A24&","," "),IF(AND('Matriz Riesgo'!H25=2,'Matriz Riesgo'!K25=5)," "&'Matriz Riesgo'!A25&","," "),IF(AND('Matriz Riesgo'!H26=2,'Matriz Riesgo'!K26=5)," "&'Matriz Riesgo'!A26," ")) | K7: gestion financiera, talento humano,
B8: 1 | D8: RARO | E8: =CONCATENATE(IF(AND('Matriz Riesgo'!H6=1,'Matriz Riesgo'!K6=1)," "&'Matriz Riesgo'!A6&","," "),IF(AND('Matriz Riesgo'!H7=1,'Matriz Riesgo'!K7=1)," "&'Matriz Riesgo'!A7&","," "),IF(AND('Matriz Riesgo'!H8=1,'Matriz Riesgo'!K8=1)," "&'Matriz Riesgo'!A8&","," "),IF(AND('Matriz Riesgo'!H9=1,'Matriz Riesgo'!K9=1)," "&'Matriz Riesgo'!A9&","," "),IF(AND('Matriz Riesgo'!H10=1,'Matriz Riesgo'!K10=1)," "&'Matriz Riesgo'!A10&","," "),IF(AND('Matriz Riesgo'!H11=1,'Matriz Riesgo'!K11=1)," "&'Matriz Riesgo'!A11&","," "),IF(AND('Matriz Riesgo'!H12=1,'Matriz Riesgo'!K12=1)," "&'Matriz Riesgo'!A12&","," "),IF(AND('Matriz Riesgo'!H13=1,'Matriz Riesgo'!K13=1)," "&'Matriz Riesgo'!A13&","," "),IF(AND('Matriz Riesgo'!H14=1,'Matriz Riesgo'!K14=1)," "&'Matriz Riesgo'!A14&","," "),IF(AND('Matriz Riesgo'!H15=1,'Matriz Riesgo'!K15=1)," "&'Matriz Riesgo'!A15&","," "),IF(AND('Matriz Riesgo'!H16=1,'Matriz Riesgo'!K16=1)," "&'Matriz Riesgo'!A16&","," "),IF(AND('Matriz Riesgo'!H17=1,'Matriz Riesgo'!K17=1)," "&'Matriz Riesgo'!A17&","," "),IF(AND('Matriz Riesgo'!H18=1,'Matriz Riesgo'!K18=1)," "&'Matriz Riesgo'!A18&","," "),IF(AND('Matriz Riesgo'!H19=1,'Matriz Riesgo'!K19=1)," "&'Matriz Riesgo'!A19&","," "),IF(AND('Matriz Riesgo'!H20=1,'Matriz Riesgo'!K20=1)," "&'Matriz Riesgo'!A20&","," "),IF(AND('Matriz Riesgo'!H21=1,'Matriz Riesgo'!K21=1)," "&'Matriz Riesgo'!A21&","," "),IF(AND('Matriz Riesgo'!H22=1,'Matriz Riesgo'!K22=1)," "&'Matriz Riesgo'!A22&","," "),IF(AND('Matriz Riesgo'!H23=1,'Matriz Riesgo'!K23=1)," "&'Matriz Riesgo'!A23&","," "),IF(AND('Matriz Riesgo'!H24=1,'Matriz Riesgo'!K24=1)," "&'Matriz Riesgo'!A24&","," "),IF(AND('Matriz Riesgo'!H25=1,'Matriz Riesgo'!K25=1)," "&'Matriz Riesgo'!A25&","," "),IF(AND('Matriz Riesgo'!H26=1,'Matriz Riesgo'!K26=1)," "&'Matriz Riesgo'!A26," ")) | F8: =CONCATENATE(IF(AND('Matriz Riesgo'!H6=1,'Matriz Riesgo'!K6=2)," "&'Matriz Riesgo'!A6&","," "),IF(AND('Matriz Riesgo'!H7=1,'Matriz Riesgo'!K7=2)," "&'Matriz Riesgo'!A7&","," "),IF(AND('Matriz Riesgo'!H8=1,'Matriz Riesgo'!K8=2)," "&'Matriz Riesgo'!A8&","," "),IF(AND('Matriz Riesgo'!H9=1,'Matriz Riesgo'!K9=2)," "&'Matriz Riesgo'!A9&","," "),IF(AND('Matriz Riesgo'!H10=1,'Matriz Riesgo'!K10=2)," "&'Matriz Riesgo'!A10&","," "),IF(AND('Matriz Riesgo'!H11=1,'Matriz Riesgo'!K11=2)," "&'Matriz Riesgo'!A11&","," "),IF(AND('Matriz Riesgo'!H12=1,'Matriz Riesgo'!K12=2)," "&'Matriz Riesgo'!A12&","," "),IF(AND('Matriz Riesgo'!H13=1,'Matriz Riesgo'!K13=2)," "&'Matriz Riesgo'!A13&","," "),IF(AND('Matriz Riesgo'!H14=1,'Matriz Riesgo'!K14=2)," "&'Matriz Riesgo'!A14&","," "),IF(AND('Matriz Riesgo'!H15=1,'Matriz Riesgo'!K15=2)," "&'Matriz Riesgo'!A15&","," "),IF(AND('Matriz Riesgo'!H16=1,'Matriz Riesgo'!K16=2)," "&'Matriz Riesgo'!A16&","," "),IF(AND('Matriz Riesgo'!H17=1,'Matriz Riesgo'!K17=2)," "&'Matriz Riesgo'!A17&","," "),IF(AND('Matriz Riesgo'!H18=1,'Matriz Riesgo'!K18=2)," "&'Matriz Riesgo'!A18&","," "),IF(AND('Matriz Riesgo'!H19=1,'Matriz Riesgo'!K19=2)," "&'Matriz Riesgo'!A19&","," "),IF(AND('Matriz Riesgo'!H20=1,'Matriz Riesgo'!K20=2)," "&'Matriz Riesgo'!A20&","," "),IF(AND('Matriz Riesgo'!H21=1,'Matriz Riesgo'!K21=2)," "&'Matriz Riesgo'!A21&","," "),IF(AND('Matriz Riesgo'!H22=1,'Matriz Riesgo'!K22=2)," "&'Matriz Riesgo'!A22&","," "),IF(AND('Matriz Riesgo'!H23=1,'Matriz Riesgo'!K23=2)," "&'Matriz Riesgo'!A23&","," "),IF(AND('Matriz Riesgo'!H24=1,'Matriz Riesgo'!K24=2)," "&'Matriz Riesgo'!A24&","," "),IF(AND('Matriz Riesgo'!H25=1,'Matriz Riesgo'!K25=2)," "&'Matriz Riesgo'!A25&","," "),IF(AND('Matriz Riesgo'!H26=1,'Matriz Riesgo'!K26=2)," "&'Matriz Riesgo'!A26," ")) -> 13, | G8: =CONCATENATE(IF(AND('Matriz Riesgo'!H6=1,'Matriz Riesgo'!K6=3)," "&'Matriz Riesgo'!A6&","," "),IF(AND('Matriz Riesgo'!H7=1,'Matriz Riesgo'!K7=3)," "&'Matriz Riesgo'!A7&","," "),IF(AND('Matriz Riesgo'!H8=1,'Matriz Riesgo'!K8=3)," "&'Matriz Riesgo'!A8&","," "),IF(AND('Matriz Riesgo'!H9=1,'Matriz Riesgo'!K9=3)," "&'Matriz Riesgo'!A9&","," "),IF(AND('Matriz Riesgo'!H10=1,'Matriz Riesgo'!K10=3)," "&'Matriz Riesgo'!A10&","," "),IF(AND('Matriz Riesgo'!H11=1,'Matriz Riesgo'!K11=3)," "&'Matriz Riesgo'!A11&","," "),IF(AND('Matriz Riesgo'!H12=1,'Matriz Riesgo'!K12=3)," "&'Matriz Riesgo'!A12&","," "),IF(AND('Matriz Riesgo'!H13=1,'Matriz Riesgo'!K13=3)," "&'Matriz Riesgo'!A13&","," "),IF(AND('Matriz Riesgo'!H14=1,'Matriz Riesgo'!K14=3)," "&'Matriz Riesgo'!A14&","," "),IF(AND('Matriz Riesgo'!H15=1,'Matriz Riesgo'!K15=3)," "&'Matriz Riesgo'!A15&","," "),IF(AND('Matriz Riesgo'!H16=1,'Matriz Riesgo'!K16=3)," "&'Matriz Riesgo'!A16&","," "),IF(AND('Matriz Riesgo'!H17=1,'Matriz Riesgo'!K17=3)," "&'Matriz Riesgo'!A17&","," "),IF(AND('Matriz Riesgo'!H18=1,'Matriz Riesgo'!K18=3)," "&'Matriz Riesgo'!A18&","," "),IF(AND('Matriz Riesgo'!H19=1,'Matriz Riesgo'!K19=3)," "&'Matriz Riesgo'!A19&","," "),IF(AND('Matriz Riesgo'!H20=1,'Matriz Riesgo'!K20=3)," "&'Matriz Riesgo'!A20&","," "),IF(AND('Matriz Riesgo'!H21=1,'Matriz Riesgo'!K21=3)," "&'Matriz Riesgo'!A21&","," "),IF(AND('Matriz Riesgo'!H22=1,'Matriz Riesgo'!K22=3)," "&'Matriz Riesgo'!A22&","," "),IF(AND('Matriz Riesgo'!H23=1,'Matriz Riesgo'!K23=3)," "&'Matriz Riesgo'!A23&","," "),IF(AND('Matriz Riesgo'!H24=1,'Matriz Riesgo'!K24=3)," "&'Matriz Riesgo'!A24&","," "),IF(AND('Matriz Riesgo'!H25=1,'Matriz Riesgo'!K25=3)," "&'Matriz Riesgo'!A25&","," "),IF(AND('Matriz Riesgo'!H26=1,'Matriz Riesgo'!K26=3)," "&'Matriz Riesgo'!A26," ")) -> 12, 14, 16, | H8: =CONCATENATE(IF(AND('Matriz Riesgo'!H6=1,'Matriz Riesgo'!K6=4)," "&'Matriz Riesgo'!A6&","," "),IF(AND('Matriz Riesgo'!H7=1,'Matriz Riesgo'!K7=4)," "&'Matriz Riesgo'!A7&","," "),IF(AND('Matriz Riesgo'!H8=1,'Matriz Riesgo'!K8=4)," "&'Matriz Riesgo'!A8&","," "),IF(AND('Matriz Riesgo'!H9=1,'Matriz Riesgo'!K9=4)," "&'Matriz Riesgo'!A9&","," "),IF(AND('Matriz Riesgo'!H10=1,'Matriz Riesgo'!K10=4)," "&'Matriz Riesgo'!A10&","," "),IF(AND('Matriz Riesgo'!H11=1,'Matriz Riesgo'!K11=4)," "&'Matriz Riesgo'!A11&","," "),IF(AND('Matriz Riesgo'!H12=1,'Matriz Riesgo'!K12=4)," "&'Matriz Riesgo'!A12&","," "),IF(AND('Matriz Riesgo'!H13=1,'Matriz Riesgo'!K13=4)," "&'Matriz Riesgo'!A13&","," "),IF(AND('Matriz Riesgo'!H14=1,'Matriz Riesgo'!K14=4)," "&'Matriz Riesgo'!A14&","," "),IF(AND('Matriz Riesgo'!H15=1,'Matriz Riesgo'!K15=4)," "&'Matriz Riesgo'!A15&","," "),IF(AND('Matriz Riesgo'!H16=1,'Matriz Riesgo'!K16=4)," "&'Matriz Riesgo'!A16&","," "),IF(AND('Matriz Riesgo'!H17=1,'Matriz Riesgo'!K17=4)," "&'Matriz Riesgo'!A17&","," "),IF(AND('Matriz Riesgo'!H18=1,'Matriz Riesgo'!K18=4)," "&'Matriz Riesgo'!A18&","," "),IF(AND('Matriz Riesgo'!H19=1,'Matriz Riesgo'!K19=4)," "&'Matriz Riesgo'!A19&","," "),IF(AND('Matriz Riesgo'!H20=1,'Matriz Riesgo'!K20=4)," "&'Matriz Riesgo'!A20&","," "),IF(AND('Matriz Riesgo'!H21=1,'Matriz Riesgo'!K21=4)," "&'Matriz Riesgo'!A21&","," "),IF(AND('Matriz Riesgo'!H22=1,'Matriz Riesgo'!K22=4)," "&'Matriz Riesgo'!A22&","," "),IF(AND('Matriz Riesgo'!H23=1,'Matriz Riesgo'!K23=4)," "&'Matriz Riesgo'!A23&","," "),IF(AND('Matriz Riesgo'!H24=1,'Matriz Riesgo'!K24=4)," "&'Matriz Riesgo'!A24&","," "),IF(AND('Matriz Riesgo'!H25=1,'Matriz Riesgo'!K25=4)," "&'Matriz Riesgo'!A25&","," "),IF(AND('Matriz Riesgo'!H26=1,'Matriz Riesgo'!K26=4)," "&'Matriz Riesgo'!A26," ")) | I8: =CONCATENATE(IF(AND('Matriz Riesgo'!H6=1,'Matriz Riesgo'!K6=5)," "&'Matriz Riesgo'!A6&","," "),IF(AND('Matriz Riesgo'!H7=1,'Matriz Riesgo'!K7=5)," "&'Matriz Riesgo'!A7&","," "),IF(AND('Matriz Riesgo'!H8=1,'Matriz Riesgo'!K8=5)," "&'Matriz Riesgo'!A8&","," "),IF(AND('Matriz Riesgo'!H9=1,'Matriz Riesgo'!K9=5)," "&'Matriz Riesgo'!A9&","," "),IF(AND('Matriz Riesgo'!H10=1,'Matriz Riesgo'!K10=5)," "&'Matriz Riesgo'!A10&","," "),IF(AND('Matriz Riesgo'!H11=1,'Matriz Riesgo'!K11=5)," "&'Matriz Riesgo'!A11&","," "),IF(AND('Matriz Riesgo'!H12=1,'Matriz Riesgo'!K12=5)," "&'Matriz Riesgo'!A12&","," "),IF(AND('Matriz Riesgo'!H13=1,'Matriz Riesgo'!K13=5)," "&'Matriz Riesgo'!A13&","," "),IF(AND('Matriz Riesgo'!H14=1,'Matriz Riesgo'!K14=5)," "&'Matriz Riesgo'!A14&","," "),IF(AND('Matriz Riesgo'!H15=1,'Matriz Riesgo'!K15=5)," "&'Matriz Riesgo'!A15&","," "),IF(AND('Matriz Riesgo'!H16=1,'Matriz Riesgo'!K16=5)," "&'Matriz Riesgo'!A16&","," "),IF(AND('Matriz Riesgo'!H17=1,'Matriz Riesgo'!K17=5)," "&'Matriz Riesgo'!A17&","," "),IF(AND('Matriz Riesgo'!H18=1,'Matriz Riesgo'!K18=5)," "&'Matriz Riesgo'!A18&","," "),IF(AND('Matriz Riesgo'!H19=1,'Matriz Riesgo'!K19=5)," "&'Matriz Riesgo'!A19&","," "),IF(AND('Matriz Riesgo'!H20=1,'Matriz Riesgo'!K20=5)," "&'Matriz Riesgo'!A20&","," "),IF(AND('Matriz Riesgo'!H21=1,'Matriz Riesgo'!K21=5)," "&'Matriz Riesgo'!A21&","," "),IF(AND('Matriz Riesgo'!H22=1,'Matriz Riesgo'!K22=5)," "&'Matriz Riesgo'!A22&","," "),IF(AND('Matriz Riesgo'!H23=1,'Matriz Riesgo'!K23=5)," "&'Matriz Riesgo'!A23&","," "),IF(AND('Matriz Riesgo'!H24=1,'Matriz Riesgo'!K24=5)," "&'Matriz Riesgo'!A24&","," "),IF(AND('Matriz Riesgo'!H25=1,'Matriz Riesgo'!K25=5)," "&'Matriz Riesgo'!A25&","," "),IF(AND('Matriz Riesgo'!H26=1,'Matriz Riesgo'!K26=5)," "&'Matriz Riesgo'!A26," ")) | K8: 4-crear una politica de etica para cada macro proceso
E9: MUY BAJO | F9: BAJO | G9: MEDIO | H9: ALTO | I9: MUY ALTO
E10: IMPACTO | U10: 4 | V10: 4 | W10: 16
E11: 1 | F11: 2 | G11: 3 | H11: 4 | I11: 5 | U11: 3 | V11: 4 | W11: 12
U12: 2 | V12: 4 | W12: 8
D13: MATRIZ DE RIESGO RESIDUAL | U13: 1 | V13: 4 | W13: 4
U14: 5 | V14: 3 | W14: 15
B15: 5 | C15: PROBABILIDAD | D15: CASI SEGURO | E15: =CONCATENATE(IF(AND('Matriz Riesgo'!Z6=5,'Matriz Riesgo'!AE6=1)," "&'Matriz Riesgo'!A6&","," "),IF(AND('Matriz Riesgo'!Z7=5,'Matriz Riesgo'!AE7=1)," "&'Matriz Riesgo'!A7&","," "),IF(AND('Matriz Riesgo'!Z8=5,'Matriz Riesgo'!AE8=1)," "&'Matriz Riesgo'!A8&","," "),IF(AND('Matriz Riesgo'!Z9=5,'Matriz Riesgo'!AE9=1)," "&'Matriz Riesgo'!A9&","," "),IF(AND('Matriz Riesgo'!Z10=5,'Matriz Riesgo'!AE10=1)," "&'Matriz Riesgo'!A10&","," "),IF(AND('Matriz Riesgo'!Z11=5,'Matriz Riesgo'!AE11=1)," "&'Matriz Riesgo'!A11&","," "),IF(AND('Matriz Riesgo'!Z12=5,'Matriz Riesgo'!AE12=1)," "&'Matriz Riesgo'!A12&","," "),IF(AND('Matriz Riesgo'!Z13=5,'Matriz Riesgo'!AE13=1)," "&'Matriz Riesgo'!A13&","," "),IF(AND('Matriz Riesgo'!Z14=5,'Matriz Riesgo'!AE14=1)," "&'Matriz Riesgo'!A14&","," "),IF(AND('Matriz Riesgo'!Z15=5,'Matriz Riesgo'!AE15=1)," "&'Matriz Riesgo'!A15&","," "),IF(AND('Matriz Riesgo'!Z16=5,'Matriz Riesgo'!AE16=1)," "&'Matriz Riesgo'!A16&","," "),IF(AND('Matriz Riesgo'!Z17=5,'Matriz Riesgo'!AE17=1)," "&'Matriz Riesgo'!A17&","," "),IF(AND('Matriz Riesgo'!Z18=5,'Matriz Riesgo'!AE18=1)," "&'Matriz Riesgo'!A18&","," "),IF(AND('Matriz Riesgo'!Z19=5,'Matriz Riesgo'!AE19=1)," "&'Matriz Riesgo'!A19&","," "),IF(AND('Matriz Riesgo'!Z20=5,'Matriz Riesgo'!AE20=1)," "&'Matriz Riesgo'!A20&","," "),IF(AND('Matriz Riesgo'!Z21=5,'Matriz Riesgo'!AE21=1)," "&'Matriz Riesgo'!A21&","," "),IF(AND('Matriz Riesgo'!Z22=5,'Matriz Riesgo'!AE22=1)," "&'Matriz Riesgo'!A22&","," "),IF(AND('Matriz Riesgo'!Z23=5,'Matriz Riesgo'!AE23=1)," "&'Matriz Riesgo'!A23&","," "),IF(AND('Matriz Riesgo'!Z24=5,'Matriz Riesgo'!AE24=1)," "&'Matriz Riesgo'!A24&","," "),IF(AND('Matriz Riesgo'!Z25=5,'Matriz Riesgo'!AE25=1)," "&'Matriz Riesgo'!A25&","," "),IF(AND('Matriz Riesgo'!Z26=5,'Matriz Riesgo'!AE26=1)," "&'Matriz Riesgo'!A26," ")) | F15: =CONCATENATE(IF(AND('Matriz Riesgo'!Z6=5,'Matriz Riesgo'!AE6=2)," "&'Matriz Riesgo'!A6&","," "),IF(AND('Matriz Riesgo'!Z7=5,'Matriz Riesgo'!AE7=2)," "&'Matriz Riesgo'!A7&","," "),IF(AND('Matriz Riesgo'!Z8=5,'Matriz Riesgo'!AE8=2)," "&'Matriz Riesgo'!A8&","," "),IF(AND('Matriz Riesgo'!Z9=5,'Matriz Riesgo'!AE9=2)," "&'Matriz Riesgo'!A9&","," "),IF(AND('Matriz Riesgo'!Z10=5,'Matriz Riesgo'!AE10=2)," "&'Matriz Riesgo'!A10&","," "),IF(AND('Matriz Riesgo'!Z11=5,'Matriz Riesgo'!AE11=2)," "&'Matriz Riesgo'!A11&","," "),IF(AND('Matriz Riesgo'!Z12=5,'Matriz Riesgo'!AE12=2)," "&'Matriz Riesgo'!A12&","," "),IF(AND('Matriz Riesgo'!Z13=5,'Matriz Riesgo'!AE13=2)," "&'Matriz Riesgo'!A13&","," "),IF(AND('Matriz Riesgo'!Z14=5,'Matriz Riesgo'!AE14=2)," "&'Matriz Riesgo'!A14&","," "),IF(AND('Matriz Riesgo'!Z15=5,'Matriz Riesgo'!AE15=2)," "&'Matriz Riesgo'!A15&","," "),IF(AND('Matriz Riesgo'!Z16=5,'Matriz Riesgo'!AE16=2)," "&'Matriz Riesgo'!A16&","," "),IF(AND('Matriz Riesgo'!Z17=5,'Matriz Riesgo'!AE17=2)," "&'Matriz Riesgo'!A17&","," "),IF(AND('Matriz Riesgo'!Z18=5,'Matriz Riesgo'!AE18=2)," "&'Matriz Riesgo'!A18&","," "),IF(AND('Matriz Riesgo'!Z19=5,'Matriz Riesgo'!AE19=2)," "&'Matriz Riesgo'!A19&","," "),IF(AND('Matriz Riesgo'!Z20=5,'Matriz Riesgo'!AE20=2)," "&'Matriz Riesgo'!A20&","," "),IF(AND('Matriz Riesgo'!Z21=5,'Matriz Riesgo'!AE21=2)," "&'Matriz Riesgo'!A21&","," "),IF(AND('Matriz Riesgo'!Z22=5,'Matriz Riesgo'!AE22=2)," "&'Matriz Riesgo'!A22&","," "),IF(AND('Matriz Riesgo'!Z23=5,'Matriz Riesgo'!AE23=2)," "&'Matriz Riesgo'!A23&","," "),IF(AND('Matriz Riesgo'!Z24=5,'Matriz Riesgo'!AE24=2)," "&'Matriz Riesgo'!A24&","," "),IF(AND('Matriz Riesgo'!Z25=5,'Matriz Riesgo'!AE25=2)," "&'Matriz Riesgo'!A25&","," "),IF(AND('Matriz Riesgo'!Z26=5,'Matriz Riesgo'!AE26=2)," "&'Matriz Riesgo'!A26," ")) | G15: =CONCATENATE(IF(AND('Matriz Riesgo'!Z6=5,'Matriz Riesgo'!AE6=3)," "&'Matriz Riesgo'!A6&","," "),IF(AND('Matriz Riesgo'!Z7=5,'Matriz Riesgo'!AE7=3)," "&'Matriz Riesgo'!A7&","," "),IF(AND('Matriz Riesgo'!Z8=5,'Matriz Riesgo'!AE8=3)," "&'Matriz Riesgo'!A8&","," "),IF(AND('Matriz Riesgo'!Z9=5,'Matriz Riesgo'!AE9=3)," "&'Matriz Riesgo'!A9&","," "),IF(AND('Matriz Riesgo'!Z10=5,'Matriz Riesgo'!AE10=3)," "&'Matriz Riesgo'!A10&","," "),IF(AND('Matriz Riesgo'!Z11=5,'Matriz Riesgo'!AE11=3)," "&'Matriz Riesgo'!A11&","," "),IF(AND('Matriz Riesgo'!Z12=5,'Matriz Riesgo'!AE12=3)," "&'Matriz Riesgo'!A12&","," "),IF(AND('Matriz Riesgo'!Z13=5,'Matriz Riesgo'!AE13=3)," "&'Matriz Riesgo'!A13&","," "),IF(AND('Matriz Riesgo'!Z14=5,'Matriz Riesgo'!AE14=3)," "&'Matriz Riesgo'!A14&","," "),IF(AND('Matriz Riesgo'!Z15=5,'Matriz Riesgo'!AE15=3)," "&'Matriz Riesgo'!A15&","," "),IF(AND('Matriz Riesgo'!Z16=5,'Matriz Riesgo'!AE16=3)," "&'Matriz Riesgo'!A16&","," "),IF(AND('Matriz Riesgo'!Z17=5,'Matriz Riesgo'!AE17=3)," "&'Matriz Riesgo'!A17&","," "),IF(AND('Matriz Riesgo'!Z18=5,'Matriz Riesgo'!AE18=3)," "&'Matriz Riesgo'!A18&","," "),IF(AND('Matriz Riesgo'!Z19=5,'Matriz Riesgo'!AE19=3)," "&'Matriz Riesgo'!A19&","," "),IF(AND('Matriz Riesgo'!Z20=5,'Matriz Riesgo'!AE20=3)," "&'Matriz Riesgo'!A20&","," "),IF(AND('Matriz Riesgo'!Z21=5,'Matriz Riesgo'!AE21=3)," "&'Matriz Riesgo'!A21&","," "),IF(AND('Matriz Riesgo'!Z22=5,'Matriz Riesgo'!AE22=3)," "&'Matriz Riesgo'!A22&","," "),IF(AND('Matriz Riesgo'!Z23=5,'Matriz Riesgo'!AE23=3)," "&'Matriz Riesgo'!A23&","," "),IF(AND('Matriz Riesgo'!Z24=5,'Matriz Riesgo'!AE24=3)," "&'Matriz Riesgo'!A24&","," "),IF(AND('Matriz Riesgo'!Z25=5,'Matriz Riesgo'!AE25=3)," "&'Matriz Riesgo'!A25&","," "),IF(AND('Matriz Riesgo'!Z26=5,'Matriz Riesgo'!AE26=3)," "&'Matriz Riesgo'!A26," ")) | H15: =CONCATENATE(IF(AND('Matriz Riesgo'!Z6=5,'Matriz Riesgo'!AE6=4)," "&'Matriz Riesgo'!A6&","," "),IF(AND('Matriz Riesgo'!Z7=5,'Matriz Riesgo'!AE7=4)," "&'Matriz Riesgo'!A7&","," "),IF(AND('Matriz Riesgo'!Z8=5,'Matriz Riesgo'!AE8=4)," "&'Matriz Riesgo'!A8&","," "),IF(AND('Matriz Riesgo'!Z9=5,'Matriz Riesgo'!AE9=4)," "&'Matriz Riesgo'!A9&","," "),IF(AND('Matriz Riesgo'!Z10=5,'Matriz Riesgo'!AE10=4)," "&'Matriz Riesgo'!A10&","," "),IF(AND('Matriz Riesgo'!Z11=5,'Matriz Riesgo'!AE11=4)," "&'Matriz Riesgo'!A11&","," "),IF(AND('Matriz Riesgo'!Z12=5,'Matriz Riesgo'!AE12=4)," "&'Matriz Riesgo'!A12&","," "),IF(AND('Matriz Riesgo'!Z13=5,'Matriz Riesgo'!AE13=4)," "&'Matriz Riesgo'!A13&","," "),IF(AND('Matriz Riesgo'!Z14=5,'Matriz Riesgo'!AE14=4)," "&'Matriz Riesgo'!A14&","," "),IF(AND('Matriz Riesgo'!Z15=5,'Matriz Riesgo'!AE15=4)," "&'Matriz Riesgo'!A15&","," "),IF(AND('Matriz Riesgo'!Z16=5,'Matriz Riesgo'!AE16=4)," "&'Matriz Riesgo'!A16&","," "),IF(AND('Matriz Riesgo'!Z17=5,'Matriz Riesgo'!AE17=4)," "&'Matriz Riesgo'!A17&","," "),IF(AND('Matriz Riesgo'!Z18=5,'Matriz Riesgo'!AE18=4)," "&'Matriz Riesgo'!A18&","," "),IF(AND('Matriz Riesgo'!Z19=5,'Matriz Riesgo'!AE19=4)," "&'Matriz Riesgo'!A19&","," "),IF(AND('Matriz Riesgo'!Z20=5,'Matriz Riesgo'!AE20=4)," "&'Matriz Riesgo'!A20&","," "),IF(AND('Matriz Riesgo'!Z21=5,'Matriz Riesgo'!AE21=4)," "&'Matriz Riesgo'!A21&","," "),IF(AND('Matriz Riesgo'!Z22=5,'Matriz Riesgo'!AE22=4)," "&'Matriz Riesgo'!A22&","," "),IF(AND('Matriz Riesgo'!Z23=5,'Matriz Riesgo'!AE23=4)," "&'Matriz Riesgo'!A23&","," "),IF(AND('Matriz Riesgo'!Z24=5,'Matriz Riesgo'!AE24=4)," "&'Matriz Riesgo'!A24&","," "),IF(AND('Matriz Riesgo'!Z25=5,'Matriz Riesgo'!AE25=4)," "&'Matriz Riesgo'!A25&","," "),IF(AND('Matriz Riesgo'!Z26=5,'Matriz Riesgo'!AE26=4)," "&'Matriz Riesgo'!A26," ")) | I15: =CONCATENATE(IF(AND('Matriz Riesgo'!Z6=5,'Matriz Riesgo'!AE6=5)," "&'Matriz Riesgo'!A6&","," "),IF(AND('Matriz Riesgo'!Z7=5,'Matriz Riesgo'!AE7=5)," "&'Matriz Riesgo'!A7&","," "),IF(AND('Matriz Riesgo'!Z8=5,'Matriz Riesgo'!AE8=5)," "&'Matriz Riesgo'!A8&","," "),IF(AND('Matriz Riesgo'!Z9=5,'Matriz Riesgo'!AE9=5)," "&'Matriz Riesgo'!A9&","," "),IF(AND('Matriz Riesgo'!Z10=5,'Matriz Riesgo'!AE10=5)," "&'Matriz Riesgo'!A10&","," "),IF(AND('Matriz Riesgo'!Z11=5,'Matriz Riesgo'!AE11=5)," "&'Matriz Riesgo'!A11&","," "),IF(AND('Matriz Riesgo'!Z12=5,'Matriz Riesgo'!AE12=5)," "&'Matriz Riesgo'!A12&","," "),IF(AND('Matriz Riesgo'!Z13=5,'Matriz Riesgo'!AE13=5)," "&'Matriz Riesgo'!A13&","," "),IF(AND('Matriz Riesgo'!Z14=5,'Matriz Riesgo'!AE14=5)," "&'Matriz Riesgo'!A14&","," "),IF(AND('Matriz Riesgo'!Z15=5,'Matriz Riesgo'!AE15=5)," "&'Matriz Riesgo'!A15&","," "),IF(AND('Matriz Riesgo'!Z16=5,'Matriz Riesgo'!AE16=5)," "&'Matriz Riesgo'!A16&","," "),IF(AND('Matriz Riesgo'!Z17=5,'Matriz Riesgo'!AE17=5)," "&'Matriz Riesgo'!A17&","," "),IF(AND('Matriz Riesgo'!Z18=5,'Matriz Riesgo'!AE18=5)," "&'Matriz Riesgo'!A18&","," "),IF(AND('Matriz Riesgo'!Z19=5,'Matriz Riesgo'!AE19=5)," "&'Matriz Riesgo'!A19&","," "),IF(AND('Matriz Riesgo'!Z20=5,'Matriz Riesgo'!AE20=5)," "&'Matriz Riesgo'!A20&","," "),IF(AND('Matriz Riesgo'!Z21=5,'Matriz Riesgo'!AE21=5)," "&'Matriz Riesgo'!A21&","," "),IF(AND('Matriz Riesgo'!Z22=5,'Matriz Riesgo'!AE22=5)," "&'Matriz Riesgo'!A22&","," "),IF(AND('Matriz Riesgo'!Z23=5,'Matriz Riesgo'!AE23=5)," "&'Matriz Riesgo'!A23&","," "),IF(AND('Matriz Riesgo'!Z24=5,'Matriz Riesgo'!AE24=5)," "&'Matriz Riesgo'!A24&","," "),IF(AND('Matriz Riesgo'!Z25=5,'Matriz Riesgo'!AE25=5)," "&'Matriz Riesgo'!A25&","," "),IF(AND('Matriz Riesgo'!Z26=5,'Matriz Riesgo'!AE26=5)," "&'Matriz Riesgo'!A26," ")) | U15: 4 | V15: 3 | W15: 12
B16: 4 | D16: MUY PROBABLE | E16: =CONCATENATE(IF(AND('Matriz Riesgo'!Z6=4,'Matriz Riesgo'!AE6=1)," "&'Matriz Riesgo'!A6&","," "),IF(AND('Matriz Riesgo'!Z7=4,'Matriz Riesgo'!AE7=1)," "&'Matriz Riesgo'!A7&","," "),IF(AND('Matriz Riesgo'!Z8=4,'Matriz Riesgo'!AE8=1)," "&'Matriz Riesgo'!A8&","," "),IF(AND('Matriz Riesgo'!Z9=4,'Matriz Riesgo'!AE9=1)," "&'Matriz Riesgo'!A9&","," "),IF(AND('Matriz Riesgo'!Z10=4,'Matriz Riesgo'!AE10=1)," "&'Matriz Riesgo'!A10&","," "),IF(AND('Matriz Riesgo'!Z11=4,'Matriz Riesgo'!AE11=1)," "&'Matriz Riesgo'!A11&","," "),IF(AND('Matriz Riesgo'!Z12=4,'Matriz Riesgo'!AE12=1)," "&'Matriz Riesgo'!A12&","," "),IF(AND('Matriz Riesgo'!Z13=4,'Matriz Riesgo'!AE13=1)," "&'Matriz Riesgo'!A13&","," "),IF(AND('Matriz Riesgo'!Z14=4,'Matriz Riesgo'!AE14=1)," "&'Matriz Riesgo'!A14&","," "),IF(AND('Matriz Riesgo'!Z15=4,'Matriz Riesgo'!AE15=1)," "&'Matriz Riesgo'!A15&","," "),IF(AND('Matriz Riesgo'!Z16=4,'Matriz Riesgo'!AE16=1)," "&'Matriz Riesgo'!A16&","," "),IF(AND('Matriz Riesgo'!Z17=4,'Matriz Riesgo'!AE17=1)," "&'Matriz Riesgo'!A17&","," "),IF(AND('Matriz Riesgo'!Z18=4,'Matriz Riesgo'!AE18=1)," "&'Matriz Riesgo'!A18&","," "),IF(AND('Matriz Riesgo'!Z19=4,'Matriz Riesgo'!AE19=1)," "&'Matriz Riesgo'!A19&","," "),IF(AND('Matriz Riesgo'!Z20=4,'Matriz Riesgo'!AE20=1)," "&'Matriz Riesgo'!A20&","," "),IF(AND('Matriz Riesgo'!Z21=4,'Matriz Riesgo'!AE21=1)," "&'Matriz Riesgo'!A21&","," "),IF(AND('Matriz Riesgo'!Z22=4,'Matriz Riesgo'!AE22=1)," "&'Matriz Riesgo'!A22&","," "),IF(AND('Matriz Riesgo'!Z23=4,'Matriz Riesgo'!AE23=1)," "&'Matriz Riesgo'!A23&","," "),IF(AND('Matriz Riesgo'!Z24=4,'Matriz Riesgo'!AE24=1)," "&'Matriz Riesgo'!A24&","," "),IF(AND('Matriz Riesgo'!Z25=4,'Matriz Riesgo'!AE25=1)," "&'Matriz Riesgo'!A25&","," "),IF(AND('Matriz Riesgo'!Z26=4,'Matriz Riesgo'!AE26=1)," "&'Matriz Riesgo'!A26," ")) | F16: =CONCATENATE(IF(AND('Matriz Riesgo'!Z6=4,'Matriz Riesgo'!AE6=2)," "&'Matriz Riesgo'!A6&","," "),IF(AND('Matriz Riesgo'!Z7=4,'Matriz Riesgo'!AE7=2)," "&'Matriz Riesgo'!A7&","," "),IF(AND('Matriz Riesgo'!Z8=4,'Matriz Riesgo'!AE8=2)," "&'Matriz Riesgo'!A8&","," "),IF(AND('Matriz Riesgo'!Z9=4,'Matriz Riesgo'!AE9=2)," "&'Matriz Riesgo'!A9&","," "),IF(AND('Matriz Riesgo'!Z10=4,'Matriz Riesgo'!AE10=2)," "&'Matriz Riesgo'!A10&","," "),IF(AND('Matriz Riesgo'!Z11=4,'Matriz Riesgo'!AE11=2)," "&'Matriz Riesgo'!A11&","," "),IF(AND('Matriz Riesgo'!Z12=4,'Matriz Riesgo'!AE12=2)," "&'Matriz Riesgo'!A12&","," "),IF(AND('Matriz Riesgo'!Z13=4,'Matriz Riesgo'!AE13=2)," "&'Matriz Riesgo'!A13&","," "),IF(AND('Matriz Riesgo'!Z14=4,'Matriz Riesgo'!AE14=2)," "&'Matriz Riesgo'!A14&","," "),IF(AND('Matriz Riesgo'!Z15=4,'Matriz Riesgo'!AE15=2)," "&'Matriz Riesgo'!A15&","," "),IF(AND('Matriz Riesgo'!Z16=4,'Matriz Riesgo'!AE16=2)," "&'Matriz Riesgo'!A16&","," "),IF(AND('Matriz Riesgo'!Z17=4,'Matriz Riesgo'!AE17=2)," "&'Matriz Riesgo'!A17&","," "),IF(AND('Matriz Riesgo'!Z18=4,'Matriz Riesgo'!AE18=2)," "&'Matriz Riesgo'!A18&","," "),IF(AND('Matriz Riesgo'!Z19=4,'Matriz Riesgo'!AE19=2)," "&'Matriz Riesgo'!A19&","," "),IF(AND('Matriz Riesgo'!Z20=4,'Matriz Riesgo'!AE20=2)," "&'Matriz Riesgo'!A20&","," "),IF(AND('Matriz Riesgo'!Z21=4,'Matriz Riesgo'!AE21=2)," "&'Matriz Riesgo'!A21&","," "),IF(AND('Matriz Riesgo'!Z22=4,'Matriz Riesgo'!AE22=2)," "&'Matriz Riesgo'!A22&","," "),IF(AND('Matriz Riesgo'!Z23=4,'Matriz Riesgo'!AE23=2)," "&'Matriz Riesgo'!A23&","," "),IF(AND('Matriz Riesgo'!Z24=4,'Matriz Riesgo'!AE24=2)," "&'Matriz Riesgo'!A24&","," "),IF(AND('Matriz Riesgo'!Z25=4,'Matriz Riesgo'!AE25=2)," "&'Matriz Riesgo'!A25&","," "),IF(AND('Matriz Riesgo'!Z26=4,'Matriz Riesgo'!AE26=2)," "&'Matriz Riesgo'!A26," ")) | G16: =CONCATENATE(IF(AND('Matriz Riesgo'!Z6=4,'Matriz Riesgo'!AE6=3)," "&'Matriz Riesgo'!A6&","," "),IF(AND('Matriz Riesgo'!Z7=4,'Matriz Riesgo'!AE7=3)," "&'Matriz Riesgo'!A7&","," "),IF(AND('Matriz Riesgo'!Z8=4,'Matriz Riesgo'!AE8=3)," "&'Matriz Riesgo'!A8&","," "),IF(AND('Matriz Riesgo'!Z9=4,'Matriz Riesgo'!AE9=3)," "&'Matriz Riesgo'!A9&","," "),IF(AND('Matriz Riesgo'!Z10=4,'Matriz Riesgo'!AE10=3)," "&'Matriz Riesgo'!A10&","," "),IF(AND('Matriz Riesgo'!Z11=4,'Matriz Riesgo'!AE11=3)," "&'Matriz Riesgo'!A11&","," "),IF(AND('Matriz Riesgo'!Z12=4,'Matriz Riesgo'!AE12=3)," "&'Matriz Riesgo'!A12&","," "),IF(AND('Matriz Riesgo'!Z13=4,'Matriz Riesgo'!AE13=3)," "&'Matriz Riesgo'!A13&","," "),IF(AND('Matriz Riesgo'!Z14=4,'Matriz Riesgo'!AE14=3)," "&'Matriz Riesgo'!A14&","," "),IF(AND('Matriz Riesgo'!Z15=4,'Matriz Riesgo'!AE15=3)," "&'Matriz Riesgo'!A15&","," "),IF(AND('Matriz Riesgo'!Z16=4,'Matriz Riesgo'!AE16=3)," "&'Matriz Riesgo'!A16&","," "),IF(AND('Matriz Riesgo'!Z17=4,'Matriz Riesgo'!AE17=3)," "&'Matriz Riesgo'!A17&","," "),IF(AND('Matriz Riesgo'!Z18=4,'Matriz Riesgo'!AE18=3)," "&'Matriz Riesgo'!A18&","," "),IF(AND('Matriz Riesgo'!Z19=4,'Matriz Riesgo'!AE19=3)," "&'Matriz Riesgo'!A19&","," "),IF(AND('Matriz Riesgo'!Z20=4,'Matriz Riesgo'!AE20=3)," "&'Matriz Riesgo'!A20&","," "),IF(AND('Matriz Riesgo'!Z21=4,'Matriz Riesgo'!AE21=3)," "&'Matriz Riesgo'!A21&","," "),IF(AND('Matriz Riesgo'!Z22=4,'Matriz Riesgo'!AE22=3)," "&'Matriz Riesgo'!A22&","," "),IF(AND('Matriz Riesgo'!Z23=4,'Matriz Riesgo'!AE23=3)," "&'Matriz Riesgo'!A23&","," "),IF(AND('Matriz Riesgo'!Z24=4,'Matriz Riesgo'!AE24=3)," "&'Matriz Riesgo'!A24&","," "),IF(AND('Matriz Riesgo'!Z25=4,'Matriz Riesgo'!AE25=3)," "&'Matriz Riesgo'!A25&","," "),IF(AND('Matriz Riesgo'!Z26=4,'Matriz Riesgo'!AE26=3)," "&'Matriz Riesgo'!A26," ")) | H16: =CONCATENATE(IF(AND('Matriz Riesgo'!Z6=4,'Matriz Riesgo'!AE6=4)," "&'Matriz Riesgo'!A6&","," "),IF(AND('Matriz Riesgo'!Z7=4,'Matriz Riesgo'!AE7=4)," "&'Matriz Riesgo'!A7&","," "),IF(AND('Matriz Riesgo'!Z8=4,'Matriz Riesgo'!AE8=4)," "&'Matriz Riesgo'!A8&","," "),IF(AND('Matriz Riesgo'!Z9=4,'Matriz Riesgo'!AE9=4)," "&'Matriz Riesgo'!A9&","," "),IF(AND('Matriz Riesgo'!Z10=4,'Matriz Riesgo'!AE10=4)," "&'Matriz Riesgo'!A10&","," "),IF(AND('Matriz Riesgo'!Z11=4,'Matriz Riesgo'!AE11=4)," "&'Matriz Riesgo'!A11&","," "),IF(AND('Matriz Riesgo'!Z12=4,'Matriz Riesgo'!AE12=4)," "&'Matriz Riesgo'!A12&","," "),IF(AND('Matriz Riesgo'!Z13=4,'Matriz Riesgo'!AE13=4)," "&'Matriz Riesgo'!A13&","," "),IF(AND('Matriz Riesgo'!Z14=4,'Matriz Riesgo'!AE14=4)," "&'Matriz Riesgo'!A14&","," "),IF(AND('Matriz Riesgo'!Z15=4,'Matriz Riesgo'!AE15=4)," "&'Matriz Riesgo'!A15&","," "),IF(AND('Matriz Riesgo'!Z16=4,'Matriz Riesgo'!AE16=4)," "&'Matriz Riesgo'!A16&","," "),IF(AND('Matriz Riesgo'!Z17=4,'Matriz Riesgo'!AE17=4)," "&'Matriz Riesgo'!A17&","," "),IF(AND('Matriz Riesgo'!Z18=4,'Matriz Riesgo'!AE18=4)," "&'Matriz Riesgo'!A18&","," "),IF(AND('Matriz Riesgo'!Z19=4,'Matriz Riesgo'!AE19=4)," "&'Matriz Riesgo'!A19&","," "),IF(AND('Matriz Riesgo'!Z20=4,'Matriz Riesgo'!AE20=4)," "&'Matriz Riesgo'!A20&","," "),IF(AND('Matriz Riesgo'!Z21=4,'Matriz Riesgo'!AE21=4)," "&'Matriz Riesgo'!A21&","," "),IF(AND('Matriz Riesgo'!Z22=4,'Matriz Riesgo'!AE22=4)," "&'Matriz Riesgo'!A22&","," "),IF(AND('Matriz Riesgo'!Z23=4,'Matriz Riesgo'!AE23=4)," "&'Matriz Riesgo'!A23&","," "),IF(AND('Matriz Riesgo'!Z24=4,'Matriz Riesgo'!AE24=4)," "&'Matriz Riesgo'!A24&","," "),IF(AND('Matriz Riesgo'!Z25=4,'Matriz Riesgo'!AE25=4)," "&'Matriz Riesgo'!A25&","," "),IF(AND('Matriz Riesgo'!Z26=4,'Matriz Riesgo'!AE26=4)," "&'Matriz Riesgo'!A26," ")) | I16: =CONCATENATE(IF(AND('Matriz Riesgo'!Z6=4,'Matriz Riesgo'!AE6=5)," "&'Matriz Riesgo'!A6&","," "),IF(AND('Matriz Riesgo'!Z7=4,'Matriz Riesgo'!AE7=5)," "&'Matriz Riesgo'!A7&","," "),IF(AND('Matriz Riesgo'!Z8=4,'Matriz Riesgo'!AE8=5)," "&'Matriz Riesgo'!A8&","," "),IF(AND('Matriz Riesgo'!Z9=4,'Matriz Riesgo'!AE9=5)," "&'Matriz Riesgo'!A9&","," "),IF(AND('Matriz Riesgo'!Z10=4,'Matriz Riesgo'!AE10=5)," "&'Matriz Riesgo'!A10&","," "),IF(AND('Matriz Riesgo'!Z11=4,'Matriz Riesgo'!AE11=5)," "&'Matriz Riesgo'!A11&","," "),IF(AND('Matriz Riesgo'!Z12=4,'Matriz Riesgo'!AE12=5)," "&'Matriz Riesgo'!A12&","," "),IF(AND('Matriz Riesgo'!Z13=4,'Matriz Riesgo'!AE13=5)," "&'Matriz Riesgo'!A13&","," "),IF(AND('Matriz Riesgo'!Z14=4,'Matriz Riesgo'!AE14=5)," "&'Matriz Riesgo'!A14&","," "),IF(AND('Matriz Riesgo'!Z15=4,'Matriz Riesgo'!AE15=5)," "&'Matriz Riesgo'!A15&","," "),IF(AND('Matriz Riesgo'!Z16=4,'Matriz Riesgo'!AE16=5)," "&'Matriz Riesgo'!A16&","," "),IF(AND('Matriz Riesgo'!Z17=4,'Matriz Riesgo'!AE17=5)," "&'Matriz Riesgo'!A17&","," "),IF(AND('Matriz Riesgo'!Z18=4,'Matriz Riesgo'!AE18=5)," "&'Matriz Riesgo'!A18&","," "),IF(AND('Matriz Riesgo'!Z19=4,'Matriz Riesgo'!AE19=5)," "&'Matriz Riesgo'!A19&","," "),IF(AND('Matriz Riesgo'!Z20=4,'Matriz Riesgo'!AE20=5)," "&'Matriz Riesgo'!A20&","," "),IF(AND('Matriz Riesgo'!Z21=4,'Matriz Riesgo'!AE21=5)," "&'Matriz Riesgo'!A21&","," "),IF(AND('Matriz Riesgo'!Z22=4,'Matriz Riesgo'!AE22=5)," "&'Matriz Riesgo'!A22&","," "),IF(AND('Matriz Riesgo'!Z23=4,'Matriz Riesgo'!AE23=5)," "&'Matriz Riesgo'!A23&","," "),IF(AND('Matriz Riesgo'!Z24=4,'Matriz Riesgo'!AE24=5)," "&'Matriz Riesgo'!A24&","," "),IF(AND('Matriz Riesgo'!Z25=4,'Matriz Riesgo'!AE25=5)," "&'Matriz Riesgo'!A25&","," "),IF(AND('Matriz Riesgo'!Z26=4,'Matriz Riesgo'!AE26=5)," "&'Matriz Riesgo'!A26," ")) | U16: 3 | V16: 3 | W16: 9
B17: 3 | D17: POSIBLE | E17: =CONCATENATE(IF(AND('Matriz Riesgo'!Z6=3,'Matriz Riesgo'!AE6=1)," "&'Matriz Riesgo'!A6&","," "),IF(AND('Matriz Riesgo'!Z7=3,'Matriz Riesgo'!AE7=1)," "&'Matriz Riesgo'!A7&","," "),IF(AND('Matriz Riesgo'!Z8=3,'Matriz Riesgo'!AE8=1)," "&'Matriz Riesgo'!A8&","," "),IF(AND('Matriz Riesgo'!Z9=3,'Matriz Riesgo'!AE9=1)," "&'Matriz Riesgo'!A9&","," "),IF(AND('Matriz Riesgo'!Z10=3,'Matriz Riesgo'!AE10=1)," "&'Matriz Riesgo'!A10&","," "),IF(AND('Matriz Riesgo'!Z11=3,'Matriz Riesgo'!AE11=1)," "&'Matriz Riesgo'!A11&","," "),IF(AND('Matriz Riesgo'!Z12=3,'Matriz Riesgo'!AE12=1)," "&'Matriz Riesgo'!A12&","," "),IF(AND('Matriz Riesgo'!Z13=3,'Matriz Riesgo'!AE13=1)," "&'Matriz Riesgo'!A13&","," "),IF(AND('Matriz Riesgo'!Z14=3,'Matriz Riesgo'!AE14=1)," "&'Matriz Riesgo'!A14&","," "),IF(AND('Matriz Riesgo'!Z15=3,'Matriz Riesgo'!AE15=1)," "&'Matriz Riesgo'!A15&","," "),IF(AND('Matriz Riesgo'!Z16=3,'Matriz Riesgo'!AE16=1)," "&'Matriz Riesgo'!A16&","," "),IF(AND('Matriz Riesgo'!Z17=3,'Matriz Riesgo'!AE17=1)," "&'Matriz Riesgo'!A17&","," "),IF(AND('Matriz Riesgo'!Z18=3,'Matriz Riesgo'!AE18=1)," "&'Matriz Riesgo'!A18&","," "),IF(AND('Matriz Riesgo'!Z19=3,'Matriz Riesgo'!AE19=1)," "&'Matriz Riesgo'!A19&","," "),IF(AND('Matriz Riesgo'!Z20=3,'Matriz Riesgo'!AE20=1)," "&'Matriz Riesgo'!A20&","," "),IF(AND('Matriz Riesgo'!Z21=3,'Matriz Riesgo'!AE21=1)," "&'Matriz Riesgo'!A21&","," "),IF(AND('Matriz Riesgo'!Z22=3,'Matriz Riesgo'!AE22=1)," "&'Matriz Riesgo'!A22&","," "),IF(AND('Matriz Riesgo'!Z23=3,'Matriz Riesgo'!AE23=1)," "&'Matriz Riesgo'!A23&","," "),IF(AND('Matriz Riesgo'!Z24=3,'Matriz Riesgo'!AE24=1)," "&'Matriz Riesgo'!A24&","," "),IF(AND('Matriz Riesgo'!Z25=3,'Matriz Riesgo'!AE25=1)," "&'Matriz Riesgo'!A25&","," "),IF(AND('Matriz Riesgo'!Z26=3,'Matriz Riesgo'!AE26=1)," "&'Matriz Riesgo'!A26," ")) | F17: =CONCATENATE(IF(AND('Matriz Riesgo'!Z6=3,'Matriz Riesgo'!AE6=2)," "&'Matriz Riesgo'!A6&","," "),IF(AND('Matriz Riesgo'!Z7=3,'Matriz Riesgo'!AE7=2)," "&'Matriz Riesgo'!A7&","," "),IF(AND('Matriz Riesgo'!Z8=3,'Matriz Riesgo'!AE8=2)," "&'Matriz Riesgo'!A8&","," "),IF(AND('Matriz Riesgo'!Z9=3,'Matriz Riesgo'!AE9=2)," "&'Matriz Riesgo'!A9&","," "),IF(AND('Matriz Riesgo'!Z10=3,'Matriz Riesgo'!AE10=2)," "&'Matriz Riesgo'!A10&","," "),IF(AND('Matriz Riesgo'!Z11=3,'Matriz Riesgo'!AE11=2)," "&'Matriz Riesgo'!A11&","," "),IF(AND('Matriz Riesgo'!Z12=3,'Matriz Riesgo'!AE12=2)," "&'Matriz Riesgo'!A12&","," "),IF(AND('Matriz Riesgo'!Z13=3,'Matriz Riesgo'!AE13=2)," "&'Matriz Riesgo'!A13&","," "),IF(AND('Matriz Riesgo'!Z14=3,'Matriz Riesgo'!AE14=2)," "&'Matriz Riesgo'!A14&","," "),IF(AND('Matriz Riesgo'!Z15=3,'Matriz Riesgo'!AE15=2)," "&'Matriz Riesgo'!A15&","," "),IF(AND('Matriz Riesgo'!Z16=3,'Matriz Riesgo'!AE16=2)," "&'Matriz Riesgo'!A16&","," "),IF(AND('Matriz Riesgo'!Z17=3,'Matriz Riesgo'!AE17=2)," "&'Matriz Riesgo'!A17&","," "),IF(AND('Matriz Riesgo'!Z18=3,'Matriz Riesgo'!AE18=2)," "&'Matriz Riesgo'!A18&","," "),IF(AND('Matriz Riesgo'!Z19=3,'Matriz Riesgo'!AE19=2)," "&'Matriz Riesgo'!A19&","," "),IF(AND('Matriz Riesgo'!Z20=3,'Matriz Riesgo'!AE20=2)," "&'Matriz Riesgo'!A20&","," "),IF(AND('Matriz Riesgo'!Z21=3,'Matriz Riesgo'!AE21=2)," "&'Matriz Riesgo'!A21&","," "),IF(AND('Matriz Riesgo'!Z22=3,'Matriz Riesgo'!AE22=2)," "&'Matriz Riesgo'!A22&","," "),IF(AND('Matriz Riesgo'!Z23=3,'Matriz Riesgo'!AE23=2)," "&'Matriz Riesgo'!A23&","," "),IF(AND('Matriz Riesgo'!Z24=3,'Matriz Riesgo'!AE24=2)," "&'Matriz Riesgo'!A24&","," "),IF(AND('Matriz Riesgo'!Z25=3,'Matriz Riesgo'!AE25=2)," "&'Matriz Riesgo'!A25&","," "),IF(AND('Matriz Riesgo'!Z26=3,'Matriz Riesgo'!AE26=2)," "&'Matriz Riesgo'!A26," ")) -> 8, | G17: =CONCATENATE(IF(AND('Matriz Riesgo'!Z6=3,'Matriz Riesgo'!AE6=3)," "&'Matriz Riesgo'!A6&","," "),IF(AND('Matriz Riesgo'!Z7=3,'Matriz Riesgo'!AE7=3)," "&'Matriz Riesgo'!A7&","," "),IF(AND('Matriz Riesgo'!Z8=3,'Matriz Riesgo'!AE8=3)," "&'Matriz Riesgo'!A8&","," "),IF(AND('Matriz Riesgo'!Z9=3,'Matriz Riesgo'!AE9=3)," "&'Matriz Riesgo'!A9&","," "),IF(AND('Matriz Riesgo'!Z10=3,'Matriz Riesgo'!AE10=3)," "&'Matriz Riesgo'!A10&","," "),IF(AND('Matriz Riesgo'!Z11=3,'Matriz Riesgo'!AE11=3)," "&'Matriz Riesgo'!A11&","," "),IF(AND('Matriz Riesgo'!Z12=3,'Matriz Riesgo'!AE12=3)," "&'Matriz Riesgo'!A12&","," "),IF(AND('Matriz Riesgo'!Z13=3,'Matriz Riesgo'!AE13=3)," "&'Matriz Riesgo'!A13&","," "),IF(AND('Matriz Riesgo'!Z14=3,'Matriz Riesgo'!AE14=3)," "&'Matriz Riesgo'!A14&","," "),IF(AND('Matriz Riesgo'!Z15=3,'Matriz Riesgo'!AE15=3)," "&'Matriz Riesgo'!A15&","," "),IF(AND('Matriz Riesgo'!Z16=3,'Matriz Riesgo'!AE16=3)," "&'Matriz Riesgo'!A16&","," "),IF(AND('Matriz Riesgo'!Z17=3,'Matriz Riesgo'!AE17=3)," "&'Matriz Riesgo'!A17&","," "),IF(AND('Matriz Riesgo'!Z18=3,'Matriz Riesgo'!AE18=3)," "&'Matriz Riesgo'!A18&","," "),IF(AND('Matriz Riesgo'!Z19=3,'Matriz Riesgo'!AE19=3)," "&'Matriz Riesgo'!A19&","," "),IF(AND('Matriz Riesgo'!Z20=3,'Matriz Riesgo'!AE20=3)," "&'Matriz Riesgo'!A20&","," "),IF(AND('Matriz Riesgo'!Z21=3,'Matriz Riesgo'!AE21=3)," "&'Matriz Riesgo'!A21&","," "),IF(AND('Matriz Riesgo'!Z22=3,'Matriz Riesgo'!AE22=3)," "&'Matriz Riesgo'!A22&","," "),IF(AND('Matriz Riesgo'!Z23=3,'Matriz Riesgo'!AE23=3)," "&'Matriz Riesgo'!A23&","," "),IF(AND('Matriz Riesgo'!Z24=3,'Matriz Riesgo'!AE24=3)," "&'Matriz Riesgo'!A24&","," "),IF(AND('Matriz Riesgo'!Z25=3,'Matriz Riesgo'!AE25=3)," "&'Matriz Riesgo'!A25&","," "),IF(AND('Matriz Riesgo'!Z26=3,'Matriz Riesgo'!AE26=3)," "&'Matriz Riesgo'!A26," ")) | H17: =CONCATENATE(IF(AND('Matriz Riesgo'!Z6=3,'Matriz Riesgo'!AE6=4)," "&'Matriz Riesgo'!A6&","," "),IF(AND('Matriz Riesgo'!Z7=3,'Matriz Riesgo'!AE7=4)," "&'Matriz Riesgo'!A7&","," "),IF(AND('Matriz Riesgo'!Z8=3,'Matriz Riesgo'!AE8=4)," "&'Matriz Riesgo'!A8&","," "),IF(AND('Matriz Riesgo'!Z9=3,'Matriz Riesgo'!AE9=4)," "&'Matriz Riesgo'!A9&","," "),IF(AND('Matriz Riesgo'!Z10=3,'Matriz Riesgo'!AE10=4)," "&'Matriz Riesgo'!A10&","," "),IF(AND('Matriz Riesgo'!Z11=3,'Matriz Riesgo'!AE11=4)," "&'Matriz Riesgo'!A11&","," "),IF(AND('Matriz Riesgo'!Z12=3,'Matriz Riesgo'!AE12=4)," "&'Matriz Riesgo'!A12&","," "),IF(AND('Matriz Riesgo'!Z13=3,'Matriz Riesgo'!AE13=4)," "&'Matriz Riesgo'!A13&","," "),IF(AND('Matriz Riesgo'!Z14=3,'Matriz Riesgo'!AE14=4)," "&'Matriz Riesgo'!A14&","," "),IF(AND('Matriz Riesgo'!Z15=3,'Matriz Riesgo'!AE15=4)," "&'Matriz Riesgo'!A15&","," "),IF(AND('Matriz Riesgo'!Z16=3,'Matriz Riesgo'!AE16=4)," "&'Matriz Riesgo'!A16&","," "),IF(AND('Matriz Riesgo'!Z17=3,'Matriz Riesgo'!AE17=4)," "&'Matriz Riesgo'!A17&","," "),IF(AND('Matriz Riesgo'!Z18=3,'Matriz Riesgo'!AE18=4)," "&'Matriz Riesgo'!A18&","," "),IF(AND('Matriz Riesgo'!Z19=3,'Matriz Riesgo'!AE19=4)," "&'Matriz Riesgo'!A19&","," "),IF(AND('Matriz Riesgo'!Z20=3,'Matriz Riesgo'!AE20=4)," "&'Matriz Riesgo'!A20&","," "),IF(AND('Matriz Riesgo'!Z21=3,'Matriz Riesgo'!AE21=4)," "&'Matriz Riesgo'!A21&","," "),IF(AND('Matriz Riesgo'!Z22=3,'Matriz Riesgo'!AE22=4)," "&'Matriz Riesgo'!A22&","," "),IF(AND('Matriz Riesgo'!Z23=3,'Matriz Riesgo'!AE23=4)," "&'Matriz Riesgo'!A23&","," "),IF(AND('Matriz Riesgo'!Z24=3,'Matriz Riesgo'!AE24=4)," "&'Matriz Riesgo'!A24&","," "),IF(AND('Matriz Riesgo'!Z25=3,'Matriz Riesgo'!AE25=4)," "&'Matriz Riesgo'!A25&","," "),IF(AND('Matriz Riesgo'!Z26=3,'Matriz Riesgo'!AE26=4)," "&'Matriz Riesgo'!A26," ")) | I17: =CONCATENATE(IF(AND('Matriz Riesgo'!Z6=3,'Matriz Riesgo'!AE6=5)," "&'Matriz Riesgo'!A6&","," "),IF(AND('Matriz Riesgo'!Z7=3,'Matriz Riesgo'!AE7=5)," "&'Matriz Riesgo'!A7&","," "),IF(AND('Matriz Riesgo'!Z8=3,'Matriz Riesgo'!AE8=5)," "&'Matriz Riesgo'!A8&","," "),IF(AND('Matriz Riesgo'!Z9=3,'Matriz Riesgo'!AE9=5)," "&'Matriz Riesgo'!A9&","," "),IF(AND('Matriz Riesgo'!Z10=3,'Matriz Riesgo'!AE10=5)," "&'Matriz Riesgo'!A10&","," "),IF(AND('Matriz Riesgo'!Z11=3,'Matriz Riesgo'!AE11=5)," "&'Matriz Riesgo'!A11&","," "),IF(AND('Matriz Riesgo'!Z12=3,'Matriz Riesgo'!AE12=5)," "&'Matriz Riesgo'!A12&","," "),IF(AND('Matriz Riesgo'!Z13=3,'Matriz Riesgo'!AE13=5)," "&'Matriz Riesgo'!A13&","," "),IF(AND('Matriz Riesgo'!Z14=3,'Matriz Riesgo'!AE14=5)," "&'Matriz Riesgo'!A14&","," "),IF(AND('Matriz Riesgo'!Z15=3,'Matriz Riesgo'!AE15=5)," "&'Matriz Riesgo'!A15&","," "),IF(AND('Matriz Riesgo'!Z16=3,'Matriz Riesgo'!AE16=5)," "&'Matriz Riesgo'!A16&","," "),IF(AND('Matriz Riesgo'!Z17=3,'Matriz Riesgo'!AE17=5)," "&'Matriz Riesgo'!A17&","," "),IF(AND('Matriz Riesgo'!Z18=3,'Matriz Riesgo'!AE18=5)," "&'Matriz Riesgo'!A18&","," "),IF(AND('Matriz Riesgo'!Z19=3,'Matriz Riesgo'!AE19=5)," "&'Matriz Riesgo'!A19&","," "),IF(AND('Matriz Riesgo'!Z20=3,'Matriz Riesgo'!AE20=5)," "&'Matriz Riesgo'!A20&","," "),IF(AND('Matriz Riesgo'!Z21=3,'Matriz Riesgo'!AE21=5)," "&'Matriz Riesgo'!A21&","," "),IF(AND('Matriz Riesgo'!Z22=3,'Matriz Riesgo'!AE22=5)," "&'Matriz Riesgo'!A22&","," "),IF(AND('Matriz Riesgo'!Z23=3,'Matriz Riesgo'!AE23=5)," "&'Matriz Riesgo'!A23&","," "),IF(AND('Matriz Riesgo'!Z24=3,'Matriz Riesgo'!AE24=5)," "&'Matriz Riesgo'!A24&","," "),IF(AND('Matriz Riesgo'!Z25=3,'Matriz Riesgo'!AE25=5)," "&'Matriz Riesgo'!A25&","," "),IF(AND('Matriz Riesgo'!Z26=3,'Matriz Riesgo'!AE26=5)," "&'Matriz Riesgo'!A26," ")) | U17: 2 | V17: 3 | W17: 6
B18: 2 | D18: POCO PROBABLE | E18: =CONCATENATE(IF(AND('Matriz Riesgo'!Z6=2,'Matriz Riesgo'!AE6=1)," "&'Matriz Riesgo'!A6&","," "),IF(AND('Matriz Riesgo'!Z7=2,'Matriz Riesgo'!AE7=1)," "&'Matriz Riesgo'!A7&","," "),IF(AND('Matriz Riesgo'!Z8=2,'Matriz Riesgo'!AE8=1)," "&'Matriz Riesgo'!A8&","," "),IF(AND('Matriz Riesgo'!Z9=2,'Matriz Riesgo'!AE9=1)," "&'Matriz Riesgo'!A9&","," "),IF(AND('Matriz Riesgo'!Z10=2,'Matriz Riesgo'!AE10=1)," "&'Matriz Riesgo'!A10&","," "),IF(AND('Matriz Riesgo'!Z11=2,'Matriz Riesgo'!AE11=1)," "&'Matriz Riesgo'!A11&","," "),IF(AND('Matriz Riesgo'!Z12=2,'Matriz Riesgo'!AE12=1)," "&'Matriz Riesgo'!A12&","," "),IF(AND('Matriz Riesgo'!Z13=2,'Matriz Riesgo'!AE13=1)," "&'Matriz Riesgo'!A13&","," "),IF(AND('Matriz Riesgo'!Z14=2,'Matriz Riesgo'!AE14=1)," "&'Matriz Riesgo'!A14&","," "),IF(AND('Matriz Riesgo'!Z15=2,'Matriz Riesgo'!AE15=1)," "&'Matriz Riesgo'!A15&","," "),IF(AND('Matriz Riesgo'!Z16=2,'Matriz Riesgo'!AE16=1)," "&'Matriz Riesgo'!A16&","," "),IF(AND('Matriz Riesgo'!Z17=2,'Matriz Riesgo'!AE17=1)," "&'Matriz Riesgo'!A17&","," "),IF(AND('Matriz Riesgo'!Z18=2,'Matriz Riesgo'!AE18=1)," "&'Matriz Riesgo'!A18&","," "),IF(AND('Matriz Riesgo'!Z19=2,'Matriz Riesgo'!AE19=1)," "&'Matriz Riesgo'!A19&","," "),IF(AND('Matriz Riesgo'!Z20=2,'Matriz Riesgo'!AE20=1)," "&'Matriz Riesgo'!A20&","," "),IF(AND('Matriz Riesgo'!Z21=2,'Matriz Riesgo'!AE21=1)," "&'Matriz Riesgo'!A21&","," "),IF(AND('Matriz Riesgo'!Z22=2,'Matriz Riesgo'!AE22=1)," "&'Matriz Riesgo'!A22&","," "),IF(AND('Matriz Riesgo'!Z23=2,'Matriz Riesgo'!AE23=1)," "&'Matriz Riesgo'!A23&","," "),IF(AND('Matriz Riesgo'!Z24=2,'Matriz Riesgo'!AE24=1)," "&'Matriz Riesgo'!A24&","," "),IF(AND('Matriz Riesgo'!Z25=2,'Matriz Riesgo'!AE25=1)," "&'Matriz Riesgo'!A25&","," "),IF(AND('Matriz Riesgo'!Z26=2,'Matriz Riesgo'!AE26=1)," "&'Matriz Riesgo'!A26," ")) | F18: =CONCATENATE(IF(AND('Matriz Riesgo'!Z6=2,'Matriz Riesgo'!AE6=2)," "&'Matriz Riesgo'!A6&","," "),IF(AND('Matriz Riesgo'!Z7=2,'Matriz Riesgo'!AE7=2)," "&'Matriz Riesgo'!A7&","," "),IF(AND('Matriz Riesgo'!Z8=2,'Matriz Riesgo'!AE8=2)," "&'Matriz Riesgo'!A8&","," "),IF(AND('Matriz Riesgo'!Z9=2,'Matriz Riesgo'!AE9=2)," "&'Matriz Riesgo'!A9&","," "),IF(AND('Matriz Riesgo'!Z10=2,'Matriz Riesgo'!AE10=2)," "&'Matriz Riesgo'!A10&","," "),IF(AND('Matriz Riesgo'!Z11=2,'Matriz Riesgo'!AE11=2)," "&'Matriz Riesgo'!A11&","," "),IF(AND('Matriz Riesgo'!Z12=2,'Matriz Riesgo'!AE12=2)," "&'Matriz Riesgo'!A12&","," "),IF(AND('Matriz Riesgo'!Z13=2,'Matriz Riesgo'!AE13=2)," "&'Matriz Riesgo'!A13&","," "),IF(AND('Matriz Riesgo'!Z14=2,'Matriz Riesgo'!AE14=2)," "&'Matriz Riesgo'!A14&","," "),IF(AND('Matriz Riesgo'!Z15=2,'Matriz Riesgo'!AE15=2)," "&'Matriz Riesgo'!A15&","," "),IF(AND('Matriz Riesgo'!Z16=2,'Matriz Riesgo'!AE16=2)," "&'Matriz Riesgo'!A16&","," "),IF(AND('Matriz Riesgo'!Z17=2,'Matriz Riesgo'!AE17=2)," "&'Matriz Riesgo'!A17&","," "),IF(AND('Matriz Riesgo'!Z18=2,'Matriz Riesgo'!AE18=2)," "&'Matriz Riesgo'!A18&","," "),IF(AND('Matriz Riesgo'!Z19=2,'Matriz Riesgo'!AE19=2)," "&'Matriz Riesgo'!A19&","," "),IF(AND('Matriz Riesgo'!Z20=2,'Matriz Riesgo'!AE20=2)," "&'Matriz Riesgo'!A20&","," "),IF(AND('Matriz Riesgo'!Z21=2,'Matriz Riesgo'!AE21=2)," "&'Matriz Riesgo'!A21&","," "),IF(AND('Matriz Riesgo'!Z22=2,'Matriz Riesgo'!AE22=2)," "&'Matriz Riesgo'!A22&","," "),IF(AND('Matriz Riesgo'!Z23=2,'Matriz Riesgo'!AE23=2)," "&'Matriz Riesgo'!A23&","," "),IF(AND('Matriz Riesgo'!Z24=2,'Matriz Riesgo'!AE24=2)," "&'Matriz Riesgo'!A24&","," "),IF(AND('Matriz Riesgo'!Z25=2,'Matriz Riesgo'!AE25=2)," "&'Matriz Riesgo'!A25&","," "),IF(AND('Matriz Riesgo'!Z26=2,'Matriz Riesgo'!AE26=2)," "&'Matriz Riesgo'!A26," ")) -> 4, 6, 7, 10, | G18: =CONCATENATE(IF(AND('Matriz Riesgo'!Z6=2,'Matriz Riesgo'!AE6=3)," "&'Matriz Riesgo'!A6&","," "),IF(AND('Matriz Riesgo'!Z7=2,'Matriz Riesgo'!AE7=3)," "&'Matriz Riesgo'!A7&","," "),IF(AND('Matriz Riesgo'!Z8=2,'Matriz Riesgo'!AE8=3)," "&'Matriz Riesgo'!A8&","," "),IF(AND('Matriz Riesgo'!Z9=2,'Matriz Riesgo'!AE9=3)," "&'Matriz Riesgo'!A9&","," "),IF(AND('Matriz Riesgo'!Z10=2,'Matriz Riesgo'!AE10=3)," "&'Matriz Riesgo'!A10&","," "),IF(AND('Matriz Riesgo'!Z11=2,'Matriz Riesgo'!AE11=3)," "&'Matriz Riesgo'!A11&","," "),IF(AND('Matriz Riesgo'!Z12=2,'Matriz Riesgo'!AE12=3)," "&'Matriz Riesgo'!A12&","," "),IF(AND('Matriz Riesgo'!Z13=2,'Matriz Riesgo'!AE13=3)," "&'Matriz Riesgo'!A13&","," "),IF(AND('Matriz Riesgo'!Z14=2,'Matriz Riesgo'!AE14=3)," "&'Matriz Riesgo'!A14&","," "),IF(AND('Matriz Riesgo'!Z15=2,'Matriz Riesgo'!AE15=3)," "&'Matriz Riesgo'!A15&","," "),IF(AND('Matriz Riesgo'!Z16=2,'Matriz Riesgo'!AE16=3)," "&'Matriz Riesgo'!A16&","," "),IF(AND('Matriz Riesgo'!Z17=2,'Matriz Riesgo'!AE17=3)," "&'Matriz Riesgo'!A17&","," "),IF(AND('Matriz Riesgo'!Z18=2,'Matriz Riesgo'!AE18=3)," "&'Matriz Riesgo'!A18&","," "),IF(AND('Matriz Riesgo'!Z19=2,'Matriz Riesgo'!AE19=3)," "&'Matriz Riesgo'!A19&","," "),IF(AND('Matriz Riesgo'!Z20=2,'Matriz Riesgo'!AE20=3)," "&'Matriz Riesgo'!A20&","," "),IF(AND('Matriz Riesgo'!Z21=2,'Matriz Riesgo'!AE21=3)," "&'Matriz Riesgo'!A21&","," "),IF(AND('Matriz Riesgo'!Z22=2,'Matriz Riesgo'!AE22=3)," "&'Matriz Riesgo'!A22&","," "),IF(AND('Matriz Riesgo'!Z23=2,'Matriz Riesgo'!AE23=3)," "&'Matriz Riesgo'!A23&","," "),IF(AND('Matriz Riesgo'!Z24=2,'Matriz Riesgo'!AE24=3)," "&'Matriz Riesgo'!A24&","," "),IF(AND('Matriz Riesgo'!Z25=2,'Matriz Riesgo'!AE25=3)," "&'Matriz Riesgo'!A25&","," "),IF(AND('Matriz Riesgo'!Z26=2,'Matriz Riesgo'!AE26=3)," "&'Matriz Riesgo'!A26," ")) -> 5, 15, | H18: =CONCATENATE(IF(AND('Matriz Riesgo'!Z6=2,'Matriz Riesgo'!AE6=4)," "&'Matriz Riesgo'!A6&","," "),IF(AND('Matriz Riesgo'!Z7=2,'Matriz Riesgo'!AE7=4)," "&'Matriz Riesgo'!A7&","," "),IF(AND('Matriz Riesgo'!Z8=2,'Matriz Riesgo'!AE8=4)," "&'Matriz Riesgo'!A8&","," "),IF(AND('Matriz Riesgo'!Z9=2,'Matriz Riesgo'!AE9=4)," "&'Matriz Riesgo'!A9&","," "),IF(AND('Matriz Riesgo'!Z10=2,'Matriz Riesgo'!AE10=4)," "&'Matriz Riesgo'!A10&","," "),IF(AND('Matriz Riesgo'!Z11=2,'Matriz Riesgo'!AE11=4)," "&'Matriz Riesgo'!A11&","," "),IF(AND('Matriz Riesgo'!Z12=2,'Matriz Riesgo'!AE12=4)," "&'Matriz Riesgo'!A12&","," "),IF(AND('Matriz Riesgo'!Z13=2,'Matriz Riesgo'!AE13=4)," "&'Matriz Riesgo'!A13&","," "),IF(AND('Matriz Riesgo'!Z14=2,'Matriz Riesgo'!AE14=4)," "&'Matriz Riesgo'!A14&","," "),IF(AND('Matriz Riesgo'!Z15=2,'Matriz Riesgo'!AE15=4)," "&'Matriz Riesgo'!A15&","," "),IF(AND('Matriz Riesgo'!Z16=2,'Matriz Riesgo'!AE16=4)," "&'Matriz Riesgo'!A16&","," "),IF(AND('Matriz Riesgo'!Z17=2,'Matriz Riesgo'!AE17=4)," "&'Matriz Riesgo'!A17&","," "),IF(AND('Matriz Riesgo'!Z18=2,'Matriz Riesgo'!AE18=4)," "&'Matriz Riesgo'!A18&","," "),IF(AND('Matriz Riesgo'!Z19=2,'Matriz Riesgo'!AE19=4)," "&'Matriz Riesgo'!A19&","," "),IF(AND('Matriz Riesgo'!Z20=2,'Matriz Riesgo'!AE20=4)," "&'Matriz Riesgo'!A20&","," "),IF(AND('Matriz Riesgo'!Z21=2,'Matriz Riesgo'!AE21=4)," "&'Matriz Riesgo'!A21&","," "),IF(AND('Matriz Riesgo'!Z22=2,'Matriz Riesgo'!AE22=4)," "&'Matriz Riesgo'!A22&","," "),IF(AND('Matriz Riesgo'!Z23=2,'Matriz Riesgo'!AE23=4)," "&'Matriz Riesgo'!A23&","," "),IF(AND('Matriz Riesgo'!Z24=2,'Matriz Riesgo'!AE24=4)," "&'Matriz Riesgo'!A24&","," "),IF(AND('Matriz Riesgo'!Z25=2,'Matriz Riesgo'!AE25=4)," "&'Matriz Riesgo'!A25&","," "),IF(AND('Matriz Riesgo'!Z26=2,'Matriz Riesgo'!AE26=4)," "&'Matriz Riesgo'!A26," ")) | I18: =CONCATENATE(IF(AND('Matriz Riesgo'!Z6=2,'Matriz Riesgo'!AE6=5)," "&'Matriz Riesgo'!A6&","," "),IF(AND('Matriz Riesgo'!Z7=2,'Matriz Riesgo'!AE7=5)," "&'Matriz Riesgo'!A7&","," "),IF(AND('Matriz Riesgo'!Z8=2,'Matriz Riesgo'!AE8=5)," "&'Matriz Riesgo'!A8&","," "),IF(AND('Matriz Riesgo'!Z9=2,'Matriz Riesgo'!AE9=5)," "&'Matriz Riesgo'!A9&","," "),IF(AND('Matriz Riesgo'!Z10=2,'Matriz Riesgo'!AE10=5)," "&'Matriz Riesgo'!A10&","," "),IF(AND('Matriz Riesgo'!Z11=2,'Matriz Riesgo'!AE11=5)," "&'Matriz Riesgo'!A11&","," "),IF(AND('Matriz Riesgo'!Z12=2,'Matriz Riesgo'!AE12=5)," "&'Matriz Riesgo'!A12&","," "),IF(AND('Matriz Riesgo'!Z13=2,'Matriz Riesgo'!AE13=5)," "&'Matriz Riesgo'!A13&","," "),IF(AND('Matriz Riesgo'!Z14=2,'Matriz Riesgo'!AE14=5)," "&'Matriz Riesgo'!A14&","," "),IF(AND('Matriz Riesgo'!Z15=2,'Matriz Riesgo'!AE15=5)," "&'Matriz Riesgo'!A15&","," "),IF(AND('Matriz Riesgo'!Z16=2,'Matriz Riesgo'!AE16=5)," "&'Matriz Riesgo'!A16&","," "),IF(AND('Matriz Riesgo'!Z17=2,'Matriz Riesgo'!AE17=5)," "&'Matriz Riesgo'!A17&","," "),IF(AND('Matriz Riesgo'!Z18=2,'Matriz Riesgo'!AE18=5)," "&'Matriz Riesgo'!A18&","," "),IF(AND('Matriz Riesgo'!Z19=2,'Matriz Riesgo'!AE19=5)," "&'Matriz Riesgo'!A19&","," "),IF(AND('Matriz Riesgo'!Z20=2,'Matriz Riesgo'!AE20=5)," "&'Matriz Riesgo'!A20&","," "),IF(AND('Matriz Riesgo'!Z21=2,'Matriz Riesgo'!AE21=5)," "&'Matriz Riesgo'!A21&","," "),IF(AND('Matriz Riesgo'!Z22=2,'Matriz Riesgo'!AE22=5)," "&'Matriz Riesgo'!A22&","," "),IF(AND('Matriz Riesgo'!Z23=2,'Matriz Riesgo'!AE23=5)," "&'Matriz Riesgo'!A23&","," "),IF(AND('Matriz Riesgo'!Z24=2,'Matriz Riesgo'!AE24=5)," "&'Matriz Riesgo'!A24&","," "),IF(AND('Matriz Riesgo'!Z25=2,'Matriz Riesgo'!AE25=5)," "&'Matriz Riesgo'!A25&","," "),IF(AND('Matriz Riesgo'!Z26=2,'Matriz Riesgo'!AE26=5)," "&'Matriz Riesgo'!A26," ")) | U18: 1 | V18: 3 | W18: 3
B19: 1 | D19: RARO | E19: =CONCATENATE(IF(AND('Matriz Riesgo'!Z6=1,'Matriz Riesgo'!AE6=1)," "&'Matriz Riesgo'!A6&","," "),IF(AND('Matriz Riesgo'!Z7=1,'Matriz Riesgo'!AE7=1)," "&'Matriz Riesgo'!A7&","," "),IF(AND('Matriz Riesgo'!Z8=1,'Matriz Riesgo'!AE8=1)," "&'Matriz Riesgo'!A8&","," "),IF(AND('Matriz Riesgo'!Z9=1,'Matriz Riesgo'!AE9=1)," "&'Matriz Riesgo'!A9&","," "),IF(AND('Matriz Riesgo'!Z10=1,'Matriz Riesgo'!AE10=1)," "&'Matriz Riesgo'!A10&","," "),IF(AND('Matriz Riesgo'!Z11=1,'Matriz Riesgo'!AE11=1)," "&'Matriz Riesgo'!A11&","," "),IF(AND('Matriz Riesgo'!Z12=1,'Matriz Riesgo'!AE12=1)," "&'Matriz Riesgo'!A12&","," "),IF(AND('Matriz Riesgo'!Z13=1,'Matriz Riesgo'!AE13=1)," "&'Matriz Riesgo'!A13&","," "),IF(AND('Matriz Riesgo'!Z14=1,'Matriz Riesgo'!AE14=1)," "&'Matriz Riesgo'!A14&","," "),IF(AND('Matriz Riesgo'!Z15=1,'Matriz Riesgo'!AE15=1)," "&'Matriz Riesgo'!A15&","," "),IF(AND('Matriz Riesgo'!Z16=1,'Matriz Riesgo'!AE16=1)," "&'Matriz Riesgo'!A16&","," "),IF(AND('Matriz Riesgo'!Z17=1,'Matriz Riesgo'!AE17=1)," "&'Matriz Riesgo'!A17&","," "),IF(AND('Matriz Riesgo'!Z18=1,'Matriz Riesgo'!AE18=1)," "&'Matriz Riesgo'!A18&","," "),IF(AND('Matriz Riesgo'!Z19=1,'Matriz Riesgo'!AE19=1)," "&'Matriz Riesgo'!A19&","," "),IF(AND('Matriz Riesgo'!Z20=1,'Matriz Riesgo'!AE20=1)," "&'Matriz Riesgo'!A20&","," "),IF(AND('Matriz Riesgo'!Z21=1,'Matriz Riesgo'!AE21=1)," "&'Matriz Riesgo'!A21&","," "),IF(AND('Matriz Riesgo'!Z22=1,'Matriz Riesgo'!AE22=1)," "&'Matriz Riesgo'!A22&","," "),IF(AND('Matriz Riesgo'!Z23=1,'Matriz Riesgo'!AE23=1)," "&'Matriz Riesgo'!A23&","," "),IF(AND('Matriz Riesgo'!Z24=1,'Matriz Riesgo'!AE24=1)," "&'Matriz Riesgo'!A24&","," "),IF(AND('Matriz Riesgo'!Z25=1,'Matriz Riesgo'!AE25=1)," "&'Matriz Riesgo'!A25&","," "),IF(AND('Matriz Riesgo'!Z26=1,'Matriz Riesgo'!AE26=1)," "&'Matriz Riesgo'!A26," ")) | F19: =CONCATENATE(IF(AND('Matriz Riesgo'!Z6=1,'Matriz Riesgo'!AE6=2)," "&'Matriz Riesgo'!A6&","," "),IF(AND('Matriz Riesgo'!Z7=1,'Matriz Riesgo'!AE7=2)," "&'Matriz Riesgo'!A7&","," "),IF(AND('Matriz Riesgo'!Z8=1,'Matriz Riesgo'!AE8=2)," "&'Matriz Riesgo'!A8&","," "),IF(AND('Matriz Riesgo'!Z9=1,'Matriz Riesgo'!AE9=2)," "&'Matriz Riesgo'!A9&","," "),IF(AND('Matriz Riesgo'!Z10=1,'Matriz Riesgo'!AE10=2)," "&'Matriz Riesgo'!A10&","," "),IF(AND('Matriz Riesgo'!Z11=1,'Matriz Riesgo'!AE11=2)," "&'Matriz Riesgo'!A11&","," "),IF(AND('Matriz Riesgo'!Z12=1,'Matriz Riesgo'!AE12=2)," "&'Matriz Riesgo'!A12&","," "),IF(AND('Matriz Riesgo'!Z13=1,'Matriz Riesgo'!AE13=2)," "&'Matriz Riesgo'!A13&","," "),IF(AND('Matriz Riesgo'!Z14=1,'Matriz Riesgo'!AE14=2)," "&'Matriz Riesgo'!A14&","," "),IF(AND('Matriz Riesgo'!Z15=1,'Matriz Riesgo'!AE15=2)," "&'Matriz Riesgo'!A15&","," "),IF(AND('Matriz Riesgo'!Z16=1,'Matriz Riesgo'!AE16=2)," "&'Matriz Riesgo'!A16&","," "),IF(AND('Matriz Riesgo'!Z17=1,'Matriz Riesgo'!AE17=2)," "&'Matriz Riesgo'!A17&","," "),IF(AND('Matriz Riesgo'!Z18=1,'Matriz Riesgo'!AE18=2)," "&'Matriz Riesgo'!A18&","," "),IF(AND('Matriz Riesgo'!Z19=1,'Matriz Riesgo'!AE19=2)," "&'Matriz Riesgo'!A19&","," "),IF(AND('Matriz Riesgo'!Z20=1,'Matriz Riesgo'!AE20=2)," "&'Matriz Riesgo'!A20&","," "),IF(AND('Matriz Riesgo'!Z21=1,'Matriz Riesgo'!AE21=2)," "&'Matriz Riesgo'!A21&","," "),IF(AND('Matriz Riesgo'!Z22=1,'Matriz Riesgo'!AE22=2)," "&'Matriz Riesgo'!A22&","," "),IF(AND('Matriz Riesgo'!Z23=1,'Matriz Riesgo'!AE23=2)," "&'Matriz Riesgo'!A23&","," "),IF(AND('Matriz Riesgo'!Z24=1,'Matriz Riesgo'!AE24=2)," "&'Matriz Riesgo'!A24&","," "),IF(AND('Matriz Riesgo'!Z25=1,'Matriz Riesgo'!AE25=2)," "&'Matriz Riesgo'!A25&","," "),IF(AND('Matriz Riesgo'!Z26=1,'Matriz Riesgo'!AE26=2)," "&'Matriz Riesgo'!A26," ")) -> 1, 2, 9, 11, 13, 18, | G19: =CONCATENATE(IF(AND('Matriz Riesgo'!Z6=1,'Matriz Riesgo'!AE6=3)," "&'Matriz Riesgo'!A6&","," "),IF(AND('Matriz Riesgo'!Z7=1,'Matriz Riesgo'!AE7=3)," "&'Matriz Riesgo'!A7&","," "),IF(AND('Matriz Riesgo'!Z8=1,'Matriz Riesgo'!AE8=3)," "&'Matriz Riesgo'!A8&","," "),IF(AND('Matriz Riesgo'!Z9=1,'Matriz Riesgo'!AE9=3)," "&'Matriz Riesgo'!A9&","," "),IF(AND('Matriz Riesgo'!Z10=1,'Matriz Riesgo'!AE10=3)," "&'Matriz Riesgo'!A10&","," "),IF(AND('Matriz Riesgo'!Z11=1,'Matriz Riesgo'!AE11=3)," "&'Matriz Riesgo'!A11&","," "),IF(AND('Matriz Riesgo'!Z12=1,'Matriz Riesgo'!AE12=3)," "&'Matriz Riesgo'!A12&","," "),IF(AND('Matriz Riesgo'!Z13=1,'Matriz Riesgo'!AE13=3)," "&'Matriz Riesgo'!A13&","," "),IF(AND('Matriz Riesgo'!Z14=1,'Matriz Riesgo'!AE14=3)," "&'Matriz Riesgo'!A14&","," "),IF(AND('Matriz Riesgo'!Z15=1,'Matriz Riesgo'!AE15=3)," "&'Matriz Riesgo'!A15&","," "),IF(AND('Matriz Riesgo'!Z16=1,'Matriz Riesgo'!AE16=3)," "&'Matriz Riesgo'!A16&","," "),IF(AND('Matriz Riesgo'!Z17=1,'Matriz Riesgo'!AE17=3)," "&'Matriz Riesgo'!A17&","," "),IF(AND('Matriz Riesgo'!Z18=1,'Matriz Riesgo'!AE18=3)," "&'Matriz Riesgo'!A18&","," "),IF(AND('Matriz Riesgo'!Z19=1,'Matriz Riesgo'!AE19=3)," "&'Matriz Riesgo'!A19&","," "),IF(AND('Matriz Riesgo'!Z20=1,'Matriz Riesgo'!AE20=3)," "&'Matriz Riesgo'!A20&","," "),IF(AND('Matriz Riesgo'!Z21=1,'Matriz Riesgo'!AE21=3)," "&'Matriz Riesgo'!A21&","," "),IF(AND('Matriz Riesgo'!Z22=1,'Matriz Riesgo'!AE22=3)," "&'Matriz Riesgo'!A22&","," "),IF(AND('Matriz Riesgo'!Z23=1,'Matriz Riesgo'!AE23=3)," "&'Matriz Riesgo'!A23&","," "),IF(AND('Matriz Riesgo'!Z24=1,'Matriz Riesgo'!AE24=3)," "&'Matriz Riesgo'!A24&","," "),IF(AND('Matriz Riesgo'!Z25=1,'Matriz Riesgo'!AE25=3)," "&'Matriz Riesgo'!A25&","," "),IF(AND('Matriz Riesgo'!Z26=1,'Matriz Riesgo'!AE26=3)," "&'Matriz Riesgo'!A26," ")) -> 3, 12, 14, 16, 17, | H19: =CONCATENATE(IF(AND('Matriz Riesgo'!Z6=1,'Matriz Riesgo'!AE6=4)," "&'Matriz Riesgo'!A6&","," "),IF(AND('Matriz Riesgo'!Z7=1,'Matriz Riesgo'!AE7=4)," "&'Matriz Riesgo'!A7&","," "),IF(AND('Matriz Riesgo'!Z8=1,'Matriz Riesgo'!AE8=4)," "&'Matriz Riesgo'!A8&","," "),IF(AND('Matriz Riesgo'!Z9=1,'Matriz Riesgo'!AE9=4)," "&'Matriz Riesgo'!A9&","," "),IF(AND('Matriz Riesgo'!Z10=1,'Matriz Riesgo'!AE10=4)," "&'Matriz Riesgo'!A10&","," "),IF(AND('Matriz Riesgo'!Z11=1,'Matriz Riesgo'!AE11=4)," "&'Matriz Riesgo'!A11&","," "),IF(AND('Matriz Riesgo'!Z12=1,'Matriz Riesgo'!AE12=4)," "&'Matriz Riesgo'!A12&","," "),IF(AND('Matriz Riesgo'!Z13=1,'Matriz Riesgo'!AE13=4)," "&'Matriz Riesgo'!A13&","," "),IF(AND('Matriz Riesgo'!Z14=1,'Matriz Riesgo'!AE14=4)," "&'Matriz Riesgo'!A14&","," "),IF(AND('Matriz Riesgo'!Z15=1,'Matriz Riesgo'!AE15=4)," "&'Matriz Riesgo'!A15&","," "),IF(AND('Matriz Riesgo'!Z16=1,'Matriz Riesgo'!AE16=4)," "&'Matriz Riesgo'!A16&","," "),IF(AND('Matriz Riesgo'!Z17=1,'Matriz Riesgo'!AE17=4)," "&'Matriz Riesgo'!A17&","," "),IF(AND('Matriz Riesgo'!Z18=1,'Matriz Riesgo'!AE18=4)," "&'Matriz Riesgo'!A18&","," "),IF(AND('Matriz Riesgo'!Z19=1,'Matriz Riesgo'!AE19=4)," "&'Matriz Riesgo'!A19&","," "),IF(AND('Matriz Riesgo'!Z20=1,'Matriz Riesgo'!AE20=4)," "&'Matriz Riesgo'!A20&","," "),IF(AND('Matriz Riesgo'!Z21=1,'Matriz Riesgo'!AE21=4)," "&'Matriz Riesgo'!A21&","," "),IF(AND('Matriz Riesgo'!Z22=1,'Matriz Riesgo'!AE22=4)," "&'Matriz Riesgo'!A22&","," "),IF(AND('Matriz Riesgo'!Z23=1,'Matriz Riesgo'!AE23=4)," "&'Matriz Riesgo'!A23&","," "),IF(AND('Matriz Riesgo'!Z24=1,'Matriz Riesgo'!AE24=4)," "&'Matriz Riesgo'!A24&","," "),IF(AND('Matriz Riesgo'!Z25=1,'Matriz Riesgo'!AE25=4)," "&'Matriz Riesgo'!A25&","," "),IF(AND('Matriz Riesgo'!Z26=1,'Matriz Riesgo'!AE26=4)," "&'Matriz Riesgo'!A26," ")) -> 19, | I19: =CONCATENATE(IF(AND('Matriz Riesgo'!Z6=1,'Matriz Riesgo'!AE6=5)," "&'Matriz Riesgo'!A6&","," "),IF(AND('Matriz Riesgo'!Z7=1,'Matriz Riesgo'!AE7=5)," "&'Matriz Riesgo'!A7&","," "),IF(AND('Matriz Riesgo'!Z8=1,'Matriz Riesgo'!AE8=5)," "&'Matriz Riesgo'!A8&","," "),IF(AND('Matriz Riesgo'!Z9=1,'Matriz Riesgo'!AE9=5)," "&'Matriz Riesgo'!A9&","," "),IF(AND('Matriz Riesgo'!Z10=1,'Matriz Riesgo'!AE10=5)," "&'Matriz Riesgo'!A10&","," "),IF(AND('Matriz Riesgo'!Z11=1,'Matriz Riesgo'!AE11=5)," "&'Matriz Riesgo'!A11&","," "),IF(AND('Matriz Riesgo'!Z12=1,'Matriz Riesgo'!AE12=5)," "&'Matriz Riesgo'!A12&","," "),IF(AND('Matriz Riesgo'!Z13=1,'Matriz Riesgo'!AE13=5)," "&'Matriz Riesgo'!A13&","," "),IF(AND('Matriz Riesgo'!Z14=1,'Matriz Riesgo'!AE14=5)," "&'Matriz Riesgo'!A14&","," "),IF(AND('Matriz Riesgo'!Z15=1,'Matriz Riesgo'!AE15=5)," "&'Matriz Riesgo'!A15&","," "),IF(AND('Matriz Riesgo'!Z16=1,'Matriz Riesgo'!AE16=5)," "&'Matriz Riesgo'!A16&","," "),IF(AND('Matriz Riesgo'!Z17=1,'Matriz Riesgo'!AE17=5)," "&'Matriz Riesgo'!A17&","," "),IF(AND('Matriz Riesgo'!Z18=1,'Matriz Riesgo'!AE18=5)," "&'Matriz Riesgo'!A18&","," "),IF(AND('Matriz Riesgo'!Z19=1,'Matriz Riesgo'!AE19=5)," "&'Matriz Riesgo'!A19&","," "),IF(AND('Matriz Riesgo'!Z20=1,'Matriz Riesgo'!AE20=5)," "&'Matriz Riesgo'!A20&","," "),IF(AND('Matriz Riesgo'!Z21=1,'Matriz Riesgo'!AE21=5)," "&'Matriz Riesgo'!A21&","," "),IF(AND('Matriz Riesgo'!Z22=1,'Matriz Riesgo'!AE22=5)," "&'Matriz Riesgo'!A22&","," "),IF(AND('Matriz Riesgo'!Z23=1,'Matriz Riesgo'!AE23=5)," "&'Matriz Riesgo'!A23&","," "),IF(AND('Matriz Riesgo'!Z24=1,'Matriz Riesgo'!AE24=5)," "&'Matriz Riesgo'!A24&","," "),IF(AND('Matriz Riesgo'!Z25=1,'Matriz Riesgo'!AE25=5)," "&'Matriz Riesgo'!A25&","," "),IF(AND('Matriz Riesgo'!Z26=1,'Matriz Riesgo'!AE26=5)," "&'Matriz Riesgo'!A26," ")) | U19: 5 | V19: 2 | W19: 10
E20: MUY BAJO | F20: BAJO | G20: MEDIO | H20: ALTO | I20: MUY ALTO | U20: 4 | V20: 2 | W20: 8
E21: IMPACTO | U21: 3 | V21: 2 | W21: 6
E22: 1 | F22: 2 | G22: 3 | H22: 4 | I22: 5 | U22: 2 | V22: 2 | W22: 4
U23: 1 | V23: 2 | W23: 2
U24: 5 | V24: 1 | W24: 5
U25: 4 | V25: 1 | W25: 4
U26: 3 | V26: 1 | W26: 3
U27: 2 | V27: 1 | W27: 2
U28: 1 | V28: 1 | W28: 1

Sheet Entradas
A1: Proceso o Area | B1: Riesgo | C1: CAUSAS DE RIESGO | D1: RIESGOS contraparte | E1: FACTOR DEL RIESGO | F1: PROBABILIDAD | G1: IMPACTO | H1: DESCRIPCION DEL CONTROL | I1: DISMINUYE | O1: 43800 | P1: 43983 | Q1: 44013
A2: Gerencia Comercial | B2: Operaciones con clientes ubicados en zonas de alto riesgo Lavado de Activos, Financiación del Terrorismo y proliferación de Armas | C2: Deficiencias en identificación de cliente/contraparte. | D2: Legal | E2: Accionistas | H2: Validación Formato | N2: Riesgo Inherente | O2: 8 | P2: 6.8 | Q2: 6.02
A3: Gestión Humana | B3: Realizar operaciones con documentos falsos | C3: Deficiente estructuración del sistema de prevención de Lavado de Activos, Financiación del Terrorismo y proliferación de Armas. | D3: Contagio | E3: contraparte / cliente | F3: Casi seguro | G3: Muy Alto | H3: Validación telefónica | I3: PROBABILIDAD
A4: Gerencia Financiera y Contable | B4: Recibir aportes de dinero proveniente de actividades ilícitas | C4: Deficiente evaluación o estudio de proveedores de bienes o servicios en relación a vulnerabilidad en comisión de delitos conexos o subyacentes al Lavado de Activos, Financiación del Terrorismo y proliferación de Armas. | D4: Reputacional | E4: Canales | F4: Muy Probable | G4: Alto | H4: Validación Listas | I4: IMPACTO
A5: Gerencia General | B5: Recibir Multas o sanciones por parte de las compañìaes de control | C5: Falta de recursos económicos, físicos, tecnológicos y humanos. | D5: Operacional | E5: Jurisdicción | F5: Posible | G5: Medio | H5: Visita Entrevista | I5: PROBABILIDAD E IMPACTO | O5: 43800 | P5: 43983 | Q5: 44013
A6: Gerencia de Postventa | B6: Recibir pagos de clientes y/o Terceros incumpliendo la política de efectivo | C6: Inadecuada adopción de políticas de buen gobierno corporativo en prevención de Lavado de Activos, Financiación del Terrorismo y proliferación de Armas. | E6: Proveedores | F6: Poco Probable | G6: Bajo | H6: Entidad Financiera | N6: Riesgo Residual | O6: 3 | P6: 2.75 | Q6: 2.1
B7: Relación con compañías Fachada | C7: Inadecuada o inexistente capacitación de funcionarios en prevención de Lavado de Activos, Financiación del Terrorismo y proliferación de Armas. | F7: Raro | G7: Muy Bajo | H7: Capacitación SAGRILAFT
B8: Tener en La compañìa un empleado/colaborador involucrado en actividades de Lavado de Activos, Financiación del Terrorismo y proliferación de Armas | C8: Inadecuado estudio financiero, contractual y seguimiento del comportamiento de contrapartes clientes y proveedores. | H8: Declaración de Origen de Fondos
B9: Usar los canales de distribución con fines ilícitos | C9: Inadecuados o inexistentes procedimientos de validación de listas Restrictivas. | H9: Actualización Información
B10: Vinculación de contrapartes con identidad falsa | C10: No existen políticas ni procedimientos para la prevención de Lavado de Activos, Financiación del Terrorismo y proliferación de Armas. | H10: Monitoreo de Transacciones | O10: 43800 | P10: 43983 | Q10: 44013
B11: Vinculación de clientes relacionados en delitos de Lavado de Activos, Financiación del Terrorismo y proliferación de Armas | C11: Inadecuados procedimientos de validación de antecedentes de vehículos | H11: Conocimiento Pep | N11: Riesgo Inherente | O11: 8 | P11: 6.8 | Q11: 6.02
B12: Clientes que separan vehiculos con abonos en efectivo y no regresan o regresan despues a deshacer el negocio | C12: Inadecuadas polìticas de separación de vehículos | H12: Respuesta Requerimientos | N12: Riesgo Residual | O12: 3 | P12: 2.75 | Q12: 2.1
B13: Retoma de vehículos con procedencia de delitos de lavado de activos o financiación del terrorismo | C13: Inadecuadas políticas de recepción de efectivo | H13: Envio de Reportes
B14: Beneficiarios finales de contrapartes y uniones temporales involucrados en delitos del LAFT | C14: Estructuras societarias complejas o imposibilidad de establecer el beneficiario final. | H14: Reporte Inusuales
B15: Vinculación de clientes definidos de Riesgo Alto de LAFT | C15: Inadecuados procesos de debida diligencia de ONG, UT, ESAL Gobierno Venezolano | H15: Contratos Funcionarios
H16: Vinculación Proveedores
H17: Políticas SAGRILAFT
H18: Manual SAGRILAFT
H19: Consulta RUNT
H20: Formato de Vinculación
